Workbook

Sheet Sommaire
A2: Rapport sur les finances communales - exercice 2021
B4: Sommaire
A6: 1 | B6: Population
A7: 1.1 | B7: Population | C7: Population
A9: 2 | B9: Compte de résultat
A10: 2.1 | B10: Compte de résultats par nature par commune | C10: Compte de résultats
A11: 2.2 | B11: Compte de résultats pas nature en Fr. par habitant | C11: Compte de résultats en Fr. par habitant
A12: 2.3 | B12: Compte de résultats par nature en Fr. par habitant par commune | C12: Compte de résultats en Fr. par commune
A13: 2.4 | B13: Vue d'ensemble | C13: Vue d'ensemble
A14: 2.5 | B14: Vue d'ensemble par commune | C14: Vue d'ensemble par commune
A15: 2.6 | B15: Résultats à 3 niveaux | C15: Résultats à 3 niveaux
A16: 2.7 | B16: Résultats à 3 nivaux par commune | C16: Résultats à 3 niveaux par commune
A17: 2.8 | B17: Autofinancement | C17: Autofinancement
A18: 2.9 | B18: Autofinancement par commune | C18: Autofinancement par commune
A19: 2.1 | B19: Compte de résultats par fonction | C19: Compte de résultats par fonction
A20: 2.11 | B20: Compte de résultats par fonction par commune | C20: Compte de résultats fonctionnel par commune
A22: 3 | B22: Bilan
A23: 3.2 | B23: Bilan de l'ensemble des communes | C23: Bilan de l'ensemble des communes
A24: 3.3 | B24: Bilan par commune | C24: Bilan par commune
A25: 3.4 | B25: Tableau du bilan | C25: Tableau du bilan
A26: 3.5 | B26: Tableau de l'endettement | C26: Endettement
A27: 3.6 | B27: Tableau de l'endettement par commune | C27: Endettement par commune
A29: 4 | B29: Comptes des investissements
A30: 4.1 | B30: Investissements de l'ensemble des communes | C30: Investissements
A31: 4.2 | B31: Investissements par commune | C31: Investissements par commune
A33: 5 | B33: Indicateurs financiers
A34: 5.1 | B34: Définition des indicateurs financiers | C34: Définition des indicateurs financiers
A35: 5.2 | B35: Quotient de l'endettement net et degré d'autofinancement | C35: Degré d'autofinancement
A36: 5.3 | B36: Quotité de la charge des intérêts et dette brute par rapport aux revenus | C36: Dette brute par rapport aux revenus
A37: 5.4 | B37: Quotité d'investissement et quotité de la charge financière | C37: Quotités d'investissement et charges financière
A38: 5.5 | B38: Quotité d'autofinancement et quotité de la charge des intérêts nets | C38: Quotité d''autofinancement
A39: 5.6 | B39: Quotient de l'excédent au bilan | C39: Quotient excédent du bilan
A40: 5.7 | B40: Récapitulatif de l'ensemble des communes | C40: Récapitulatif
A41: 5.8 | B41: Récapitulatif par commune | C41: Récapitulatif par commune

Sheet Base de données pop.
A1: N° | B1: Communes | C1: 2021 | M1: N° | N1: Communes | O1: 2021
A2: 1 | B2: Boécourt | C2: 947 | G2: Ne pas effectuer de tri avec cette feuille, c'est la base de donnée. | M2: 1 | N2: Alle | O2: =C34 -> 1891
A3: 2 | B3: Bourrignon | C3: 265 | M3: 2 | N3: Basse-Allaine | O3: =C36 -> 1225
A4: 3 | B4: Châtillon | C4: 469 | M4: 3 | N4: Beurnevésin | O4: =C37 -> 117
A5: 4 | B5: Courchapoix | C5: 439 | F5: Population par district | M5: 4 | N5: Boécourt | O5: =C2 -> 947
A6: 5 | B6: Courrendlin | C6: 3728 | F6: Delémont | H6: =SUM(C2:C20) -> 39125 | M6: 5 | N6: Boncourt | O6: =C38 -> 1185
A7: 6 | B7: Courroux | C7: 3345 | F7: Franches-Montagnes | H7: =SUM(C21:C33) -> 10478 | M7: 6 | N7: Bonfol | O7: =C39 -> 642
A8: 7 | B8: Courtételle | C8: 2652 | F8: Porrentruy | H8: =SUM(C34:C54) -> 24195 | M8: 7 | N8: Bourrignon | O8: =C3 -> 265
A9: 8 | B9: Delémont | C9: 12479 | H9: =SUM(H6:H8) -> 73798 | M9: 8 | N9: Bure | O9: =C40 -> 633
A10: 9 | B10: Develier | C10: 1359 | M10: 9 | N10: Châtillon | O10: =C4 -> 469
A11: 10 | B11: Ederswiler | C11: 117 | M11: 10 | N11: Clos du Doubs | O11: =C41 -> 1284
A12: 11 | B12: Haute-Sorne | C12: 7261 | M12: 11 | N12: Coeuve | O12: =C42 -> 731
A13: 12 | B13: Mervelier | C13: 538 | M13: 12 | N13: Cornol | O13: =C43 -> 1016
A14: 13 | B14: Mettembert | C14: 111 | M14: 13 | N14: Courchapoix | O14: =C5 -> 439
A15: 14 | B15: Movelier | C15: 421 | M15: 14 | N15: Courchavon | O15: =C44 -> 304
A16: 15 | B16: Pleigne | C16: 346 | M16: 15 | N16: Courgenay | O16: =C45 -> 2412
A17: 16 | B17: Rossemaison | C17: 710 | M17: 16 | N17: Courrendlin | O17: =C6 -> 3728
A18: 17 | B18: Saulcy | C18: 269 | M18: 17 | N18: Courroux | O18: =C7 -> 3345
A19: 18 | B19: Soyhières | C19: 440 | M19: 18 | N19: Courtedoux | O19: =C46 -> 735
A20: 19 | B20: Val Terbi | C20: 3229 | M20: 19 | N20: Courtételle | O20: =C8 -> 2652
A21: 20 | B21: Le Bémont | C21: 310 | M21: 20 | N21: Damphreux | O21: =C47 -> 185
A22: 21 | B22: Les Bois | C22: 1270 | M22: 21 | N22: Delémont | O22: =C9 -> 12479
A23: 22 | B23: Les Breuleux | C23: 1506 | M23: 22 | N23: Develier | O23: =C10 -> 1359
A24: 23 | B24: La Chaux-B. | C24: 96 | M24: 23 | N24: Ederswiler | O24: =C11 -> 117
A25: 24 | B25: Les Enfers | C25: 148 | M25: 24 | N25: Fahy | O25: =C48 -> 340
A26: 25 | B26: Les Genevez | C26: 518 | M26: 25 | N26: Fontenais | O26: =C49 -> 1697
A27: 26 | B27: Lajoux | C27: 701 | M27: 26 | N27: Grandfontaine | O27: =C50 -> 390
A28: 27 | B28: Montfaucon | C28: 564 | M28: 27 | N28: Haute-Ajoie | O28: =C51 -> 1073
A29: 28 | B29: Muriaux | C29: 525 | M29: 28 | N29: Haute-Sorne | O29: =C12 -> 7261
A30: 29 | B30: Le Noirmont | C30: 1909 | M30: 29 | N30: La Baroche | O30: =C35 -> 1126
A31: 30 | B31: Saignelégier | C31: 2580 | M31: 30 | N31: La Chaux-B. | O31: =C24 -> 96
A32: 31 | B32: Saint-Brais | C32: 222 | M32: 31 | N32: Lajoux | O32: =C27 -> 701
A33: 32 | B33: Soubey | C33: 129 | M33: 32 | N33: Le Bémont | O33: =C21 -> 310
A34: 33 | B34: Alle | C34: 1891 | M34: 33 | N34: Le Noirmont | O34: =C30 -> 1909
A35: 34 | B35: La Baroche | C35: 1126 | M35: 34 | N35: Les Bois | O35: =C22 -> 1270
A36: 35 | B36: Basse-Allaine | C36: 1225 | M36: 35 | N36: Les Breuleux | O36: =C23 -> 1506
A37: 36 | B37: Beurnevésin | C37: 117 | M37: 36 | N37: Les Enfers | O37: =C25 -> 148
A38: 37 | B38: Boncourt | C38: 1185 | M38: 37 | N38: Les Genevez | O38: =C26 -> 518
A39: 38 | B39: Bonfol | C39: 642 | M39: 38 | N39: Lugnez | O39: =C52 -> 184
A40: 39 | B40: Bure | C40: 633 | M40: 39 | N40: Mervelier | O40: =C13 -> 538
A41: 40 | B41: Clos du Doubs | C41: 1284 | M41: 40 | N41: Mettembert | O41: =C14 -> 111
A42: 41 | B42: Coeuve | C42: 731 | M42: 41 | N42: Montfaucon | O42: =C28 -> 564
A43: 42 | B43: Cornol | C43: 1016 | M43: 42 | N43: Movelier | O43: =C15 -> 421
A44: 43 | B44: Courchavon | C44: 304 | M44: 43 | N44: Muriaux | O44: =C29 -> 525
A45: 44 | B45: Courgenay | C45: 2412 | M45: 44 | N45: Pleigne | O45: =C16 -> 346
A46: 45 | B46: Courtedoux | C46: 735 | M46: 45 | N46: Porrentruy | O46: =C53 -> 6466
A47: 46 | B47: Damphreux | C47: 185 | M47: 46 | N47: Rossemaison | O47: =C17 -> 710
A48: 47 | B48: Fahy | C48: 340 | M48: 47 | N48: Saignelégier | O48: =C31 -> 2580
A49: 48 | B49: Fontenais | C49: 1697 | M49: 48 | N49: Saint-Brais | O49: =C32 -> 222
A50: 49 | B50: Grandfontaine | C50: 390 | M50: 49 | N50: Saulcy | O50: =C18 -> 269
A51: 50 | B51: Haute-Ajoie | C51: 1073 | M51: 50 | N51: Soubey | O51: =C33 -> 129
A52: 51 | B52: Lugnez | C52: 184 | M52: 51 | N52: Soyhières | O52: =C19 -> 440
A53: 52 | B53: Porrentruy | C53: 6466 | M53: 52 | N53: Val Terbi | O53: =C20 -> 3229
A54: 53 | B54: Vendlincourt | C54: 559 | M54: 53 | N54: Vendlincourt | O54: =C54 -> 559
B55: Total | C55: =SUM(C2:C54) -> 73798 | D55: Ok, contrôlé le 28.02.2023 | N55: Total | O55: =SUM(O2:O54) -> 73798

Sheet Population
B3: moins de 200 habitants | E3: 201 à 500 habitants | G3: 501 à 1'000 habitants | J3: 1'001 à 2'000 habitants | M3: 2001 à 3'000 habitant | P3: plus de 3'000 habitant
A5: 1 | B5: La Chaux | C5: ='Base de données pop.'!C24 -> 96 | D5: 9 | E5: Saint-Brais | F5: ='Base de données pop.'!C32 -> 222 | G5: 21 | H5: Les Genevez | I5: ='Base de données pop.'!C26 -> 518 | J5: 33 | K5: Cornol | L5: ='Base de données pop.'!C43 -> 1016 | M5: 45 | N5: Courgenay | O5: ='Base de données pop.'!C45 -> 2412 | P5: 48 | Q5: Val Terbi | R5: ='Base de données pop.'!C20 -> 3229
A6: 2 | B6: Mettembert | C6: ='Base de données pop.'!C14 -> 111 | D6: 10 | E6: Bourrignon | F6: ='Base de données pop.'!C3 -> 265 | G6: 22 | H6: Muriaux | I6: ='Base de données pop.'!C29 -> 525 | J6: 34 | K6: Haute-Ajoie | L6: ='Base de données pop.'!C51 -> 1073 | M6: 46 | N6: Saignelégier | O6: ='Base de données pop.'!C31 -> 2580 | P6: 49 | Q6: Courroux | R6: ='Base de données pop.'!C7 -> 3345
A7: 3 | B7: Ederswiler | C7: ='Base de données pop.'!C11 -> 117 | D7: 11 | E7: Saulcy | F7: ='Base de données pop.'!C18 -> 269 | G7: 23 | H7: Mervelier | I7: ='Base de données pop.'!C13 -> 538 | J7: 35 | K7: La Baroche | L7: ='Base de données pop.'!C35 -> 1126 | M7: 47 | N7: Courtételle | O7: ='Base de données pop.'!C8 -> 2652 | P7: 50 | Q7: Courrendlin | R7: ='Base de données pop.'!C6 -> 3728
A8: 4 | B8: Beurnevésin | C8: ='Base de données pop.'!C37 -> 117 | D8: 12 | E8: Courchavon | F8: ='Base de données pop.'!C44 -> 304 | G8: 24 | H8: Vendlincourt | I8: ='Base de données pop.'!C54 -> 559 | J8: 36 | K8: Boncourt | L8: ='Base de données pop.'!C38 -> 1185 | O8: =SUM(O5:O7) -> 7644 | P8: 51 | Q8: Porrentruy | R8: ='Base de données pop.'!C53 -> 6466
A9: 5 | B9: Soubey | C9: ='Base de données pop.'!C33 -> 129 | D9: 13 | E9: Le Bémont | F9: ='Base de données pop.'!C21 -> 310 | G9: 25 | H9: Montfaucon | I9: ='Base de données pop.'!C28 -> 564 | J9: 37 | K9: Basse-Allaine | L9: ='Base de données pop.'!C36 -> 1225 | N9: moyenne | O9: =O8/5 -> 1528.8 | P9: 52 | Q9: Haute-Sorne | R9: ='Base de données pop.'!C12 -> 7261
A10: 6 | B10: Les Enfers | C10: ='Base de données pop.'!C25 -> 148 | D10: 14 | E10: Fahy | F10: ='Base de données pop.'!C48 -> 340 | G10: 26 | H10: Bure | I10: ='Base de données pop.'!C40 -> 633 | J10: 38 | K10: Les Bois | L10: ='Base de données pop.'!C22 -> 1270 | P10: 53 | Q10: Delémont | R10: ='Base de données pop.'!C9 -> 12479
A11: 7 | B11: Lugnez | C11: ='Base de données pop.'!C52 -> 184 | D11: 15 | E11: Pleigne | F11: ='Base de données pop.'!C16 -> 346 | G11: 27 | H11: Bonfol | I11: ='Base de données pop.'!C39 -> 642 | J11: 39 | K11: Clos du Doubs | L11: ='Base de données pop.'!C41 -> 1284 | R11: =SUM(R5:R10) -> 36508
A12: 8 | B12: Damphreux | C12: ='Base de données pop.'!C47 -> 185 | D12: 16 | E12: Grandfontaine | F12: ='Base de données pop.'!C50 -> 390 | G12: 28 | H12: Lajoux | I12: ='Base de données pop.'!C27 -> 701 | J12: 40 | K12: Develier | L12: ='Base de données pop.'!C10 -> 1359 | Q12: moyenne | R12: =R11/4 -> 9127
C13: =SUM(C5:C12) -> 1087 | D13: 17 | E13: Movelier | F13: ='Base de données pop.'!C15 -> 421 | G13: 29 | H13: Rossemaison | I13: ='Base de données pop.'!C17 -> 710 | J13: 41 | K13: Les Breuleux | L13: ='Base de données pop.'!C23 -> 1506
B14: moyenne | C14: =C13/8 -> 135.875 | D14: 18 | E14: Courchapoix | F14: ='Base de données pop.'!C5 -> 439 | G14: 30 | H14: Coeuve | I14: ='Base de données pop.'!C42 -> 731 | J14: 42 | K14: Fontenais | L14: ='Base de données pop.'!C49 -> 1697 | S14: =C13+F17+I17+L17+O8+R11 -> 73798
D15: 19 | E15: Soyhières | F15: ='Base de données pop.'!C19 -> 440 | G15: 31 | H15: Courdedoux | I15: ='Base de données pop.'!C46 -> 735 | J15: 43 | K15: Alle | L15: ='Base de données pop.'!C34 -> 1891 | S15: =S14/53 -> 1392.4151
D16: 20 | E16: Châtillon | F16: ='Base de données pop.'!C4 -> 469 | G16: 32 | H16: Boécourt | I16: ='Base de données pop.'!C2 -> 947 | J16: 44 | K16: Le Noirmont | L16: ='Base de données pop.'!C30 -> 1909 | U16: MOINS DE 1000 HABITANTS
F17: =SUM(F5:F16) -> 4215 | I17: =SUM(I5:I16) -> 7803 | L17: =SUM(L5:L16) -> 16541 | U17: =C13+F17+I17 -> 13105
E18: moyenne | F18: =F17/13 -> 324.23077 | H18: moyenne | I18: =I17/11 -> 709.36364 | K18: moyenne | L18: =L17/12 -> 1378.4167
B21: =C13+F17+I17+L17+O8+R11 -> 73798
K23: Par Disctrict | L23: Delémont | O23: 39125
B24: 8 communes de moins 200 habitants | C24: =C13 -> 1087 | E24: =C24*100/B21 -> 1.4729396 | L24: Franches-Montagnes | O24: 10478
B25: 13 communes de 200 à 500 habitants | C25: =F17 -> 4215 | E25: =C25*100/B21 -> 5.7115369 | F25: =E24+E25 -> 7.1844765 | L25: Porrentruy | O25: 24195
B26: 11 communes de 501 à 1'000 habitants | C26: =I17 -> 7803 | E26: =C26*100/B21 -> 10.573457 | L26: Total | O26: =SUM(O23:O25) -> 73798
B27: 12 communes de 1'001 à 2'000 habitants | C27: =L17 -> 16541 | E27: =C27*100/B21 -> 22.413887
B28: 3 communes de 2'001 à 3'000 habitants | C28: =O8 -> 7644 | E28: =C28*100/B21 -> 10.358004
B29: 6 communes de plus 3'000 habitants | C29: =R11 -> 36508 | E29: =C29*100/B21 -> 49.470175
C30: =SUM(C24:C29) -> 73798 | E30: =C30*100/B21 -> 100

Sheet 4.1 Comptes 2021 natures
A1: Comptes de résultats par natures 2021
A2: Comptes consolidés de l'ensemble des communes et par district | E2: ='Base de données pop.'!C2 -> 947 | F2: ='Base de données pop.'!C3 -> 265 | G2: ='Base de données pop.'!C4 -> 469 | H2: ='Base de données pop.'!C5 -> 439 | I2: ='Base de données pop.'!C6 -> 3728 | J2: ='Base de données pop.'!C7 -> 3345 | K2: ='Base de données pop.'!C8 -> 2652 | L2: ='Base de données pop.'!C9 -> 12479 | M2: ='Base de données pop.'!C10 -> 1359 | N2: ='Base de données pop.'!C11 -> 117 | O2: ='Base de données pop.'!C12 -> 7261 | P2: ='Base de données pop.'!C13 -> 538 | Q2: ='Base de données pop.'!C14 -> 111 | R2: ='Base de données pop.'!C15 -> 421 | S2: ='Base de données pop.'!C16 -> 346 | T2: ='Base de données pop.'!C17 -> 710 | U2: ='Base de données pop.'!C18 -> 269 | V2: ='Base de données pop.'!C19 -> 440 | W2: ='Base de données pop.'!C20 -> 3229 | X2: ='Base de données pop.'!C21 -> 310 | Y2: ='Base de données pop.'!C22 -> 1270 | Z2: ='Base de données pop.'!C23 -> 1506 | AA2: ='Base de données pop.'!C24 -> 96 | AB2: ='Base de données pop.'!C25 -> 148 | AC2: ='Base de données pop.'!C26 -> 518 | AD2: ='Base de données pop.'!C27 -> 701 | AE2: ='Base de données pop.'!C28 -> 564 | AF2: ='Base de données pop.'!C29 -> 525 | AG2: ='Base de données pop.'!C30 -> 1909 | AH2: ='Base de données pop.'!C31 -> 2580 | AI2: ='Base de données pop.'!C32 -> 222 | AJ2: ='Base de données pop.'!C33 -> 129 | AK2: ='Base de données pop.'!C34 -> 1891 | AL2: ='Base de données pop.'!C35 -> 1126 | AM2: ='Base de données pop.'!C36 -> 1225 | AN2: ='Base de données pop.'!C37 -> 117 | AO2: ='Base de données pop.'!C38 -> 1185 | AP2: ='Base de données pop.'!C39 -> 642 | AQ2: ='Base de données pop.'!C40 -> 633 | AR2: ='Base de données pop.'!C41 -> 1284 | AS2: ='Base de données pop.'!C42 -> 731 | AT2: ='Base de données pop.'!C43 -> 1016 | AU2: ='Base de données pop.'!C44 -> 304 | AV2: ='Base de données pop.'!C45 -> 2412 | AW2: ='Base de données pop.'!C46 -> 735 | AX2: ='Base de données pop.'!C47 -> 185 | AY2: ='Base de données pop.'!C48 -> 340 | AZ2: ='Base de données pop.'!C49 -> 1697 | BA2: ='Base de données pop.'!C50 -> 390 | BB2: ='Base de données pop.'!C51 -> 1073 | BC2: ='Base de données pop.'!C52 -> 184 | BD2: ='Base de données pop.'!C53 -> 6466 | BE2: ='Base de données pop.'!C54 -> 559 | BF2: =SUM(E2:BE2) -> 73798 | BG2: ct | BH2: =SUM(X2:AJ2) -> 10478 | BI2: =SUM(AK2:BE2) -> 24195
E3: Boécourt | F3: Bourrignon | G3: Châtillon | H3: Courchapoix | I3: Courrendlin | J3: Courroux | K3: Courtételle | L3: Delémont | M3: Develier | N3: Ederswiler | O3: Haute-Sorne | P3: Mervelier | Q3: Mettembert | R3: Movelier | S3: Pleigne | T3: Rossemaison | U3: Saulcy | V3: Soyhières | W3: Val Terbi | X3: Le Bémont | Y3: Les Bois | Z3: Les Breuleux | AA3: La Chaux-B. | AB3: Les Enfers | AC3: Les Genevez | AD3: Lajoux | AE3: Montfaucon | AF3: Muriaux | AG3: Le Noirmont | AH3: Saignelégier | AI3: Saint-Brais | AJ3: Soubey | AK3: Alle | AL3: La Baroche | AM3: Basse-Allaine | AN3: Beurnevésin | AO3: Boncourt | AP3: Bonfol | AQ3: Bure | AR3: Clos du Doubs | AS3: Coeuve | AT3: Cornol | AU3: Courchavon | AV3: Courgenay | AW3: Courtedoux | AX3: Damphreux | AY3: Fahy | AZ3: Fontenais | BA3: Grandfontaine | BB3: Haute-Ajoie | BC3: Lugnez | BD3: Porrentruy | BE3: Vendlincourt | BF3: Total | BG3: Delémont | BH3: Franches-Montagnes | BI3: Porrentruy
A4: 3 | D4: Charges | E4: =E5+E15+E27+E31+E39+E43+E53+E56+E64 -> 3547928.1 | F4: =F5+F15+F27+F31+F39+F43+F53+F56+F64 -> 1104222.6 | G4: =G5+G15+G27+G31+G39+G43+G53+G56+G64 -> 1636998.7 | H4: =H5+H15+H27+H31+H39+H43+H53+H56+H64 -> 1871483.2 | I4: =I5+I15+I27+I31+I39+I43+I53+I56+I64 -> 15364623 | J4: =J5+J15+J27+J31+J39+J43+J53+J56+J64 -> 13172922 | K4: =K5+K15+K27+K31+K39+K43+K53+K56+K64 -> 10016816 | L4: =L5+L15+L27+L31+L39+L43+L53+L56+L64 -> 1.0080055e+08 | ... BI4: =BI5+BI15+BI27+BI31+BI39+BI43+BI53+BI56+BI64 -> 1.2322271e+08
B5: 30 | D5: Charges du personnel | E5: =E6+E7+E8+E9+E10+E11+E12+E13 -> 450690.3 | F5: =F6+F7+F8+F9+F10+F11+F12+F13 -> 53889.4 | G5: =G6+G7+G8+G9+G10+G11+G12+G13 -> 132393.1 | H5: =H6+H7+H8+H9+H10+H11+H12+H13 -> 258390.4 | I5: =I6+I7+I8+I9+I10+I11+I12+I13 -> 2657324.5 | J5: =J6+J7+J8+J9+J10+J11+J12+J13 -> 3047621.8 | K5: =K6+K7+K8+K9+K10+K11+K12+K13 -> 1079335.8 | L5: =L6+L7+L8+L9+L10+L11+L12+L13 -> 24161377 | ... BI5: =BI6+BI7+BI8+BI9+BI10+BI11+BI12+BI13 -> 21512718
C6: 300 | D6: Autorités et commissions | E6: 40562 | F6: 21005.75 | G6: 29595.6 | H6: 39883.85 | I6: 172990 | J6: 142933.5 | K6: 116958.8 | L6: 752043.75 | M6: 71414.5 | N6: 18321.8 | O6: 272874.05 | P6: 45464 | Q6: 14415 | R6: 19474.5 | S6: 23616.85 | T6: 61213.15 | U6: 14759.65 | V6: 61385.6 | W6: 109637.35 | X6: 31797.65 | Y6: 61360.15 | Z6: 50425.05 | AA6: 5259.5 | AB6: 11716.25 | AC6: 26451.75 | AD6: 29656.85 | AE6: 36113.75 | AF6: 26743.85 | AG6: 86800 | AH6: 60781.9 | AI6: 23237.6 | AJ6: 12759.6 | AK6: 136457.6 | AL6: 52951 | AM6: 45054.15 | AN6: 18986.3 | AO6: 90947.6 | AP6: 28573.05 | AQ6: 41365.75 | AR6: 88093.75 | AS6: 32627.4 | AT6: 40182.5 | AU6: 11720 | AV6: 56978.75 | AW6: 47462.5 | AX6: 12087.05 | AY6: 13348.9 | AZ6: 55190 | BA6: 19842.5 | BB6: 55844.2 | BC6: 12139 | BD6: 237727.8 | BE6: 27030.9 | BF6: =SUM(E6:BE6) -> 3616264.3 | BG6: =SUM(E6:W6) -> 2028549.7 | BH6: =SUM(X6:AJ6) -> 463103.9 | BI6: =SUM(AK6:BE6) -> 1124610.7
C7: 301 | D7: Personnel administratif et d'exploitation | E7: 342108.95 | F7: 29533.75 | G7: 87870.4 | H7: 188391.97 | I7: 2008127.1 | J7: 2314297.5 | K7: 755542.5 | L7: 19164611 | M7: 999556.45 | N7: 29117.4 | O7: 2811709 | P7: 100165.6 | Q7: 45432 | R7: 167946.95 | S7: 96056.69 | T7: 170246.6 | U7: 88447.75 | V7: 239954 | W7: 1811636.9 | X7: 51637.8 | Y7: 1056793.8 | Z7: 1382599.8 | AA7: 66183.25 | AB7: 49974.4 | AC7: 291625.55 | AD7: 448573.65 | AE7: 243358.35 | AF7: 267634.7 | AG7: 719854.6 | AH7: 1431118.6 | AI7: 73228.1 | AJ7: 43348.95 | AK7: 518396.06 | AL7: 491992.55 | AM7: 365025.55 | AN7: 39666.65 | AO7: 1064893.2 | AP7: 627781.25 | AQ7: 141588.95 | AR7: 926921 | AS7: 306853.85 | AT7: 360221.45 | AU7: 80999.4 | AV7: 766066.1 | AW7: 325406.06 | AX7: 65065.9 | AY7: 111916.5 | AZ7: 654344.15 | BA7: 90578.7 | BB7: 1029591.9 | BC7: 50061.4 | BD7: 8532628.6 | BE7: 239400.55 | BF7: =SUM(E7:BE7) -> 54366084 | BG7: =SUM(E7:W7) -> 31450753 | BH7: =SUM(X7:AJ7) -> 6125931.5 | BI7: =SUM(AK7:BE7) -> 16789400
C8: 302 | D8: Enseignants | E8: 0 | F8: 0 | G8: 0 | H8: 0 | I8: 0 | J8: 0 | K8: 0 | L8: 0 | M8: 0 | N8: 0 | O8: 0 | P8: 0 | Q8: 0 | R8: 0 | S8: 0 | T8: 0 | U8: 0 | V8: 0 | W8: 0 | X8: 0 | Y8: 0 | Z8: 0 | AA8: 0 | AB8: 0 | AC8: 0 | AD8: 0 | AE8: 0 | AF8: 0 | AG8: 2685 | AH8: 0 | AI8: 0 | AJ8: 0 | AK8: 0 | AL8: 0 | AM8: 0 | AN8: 0 | AO8: 0 | AP8: 0 | AQ8: 0 | AR8: 0 | AS8: 0 | AT8: 0 | AU8: 0 | AV8: 0 | AW8: 0 | AX8: 0 | AY8: 0 | AZ8: 0 | BA8: 0 | BB8: 0 | BC8: 0 | BD8: 0 | BE8: 0 | BF8: =SUM(E8:BE8) -> 2685 | BG8: =SUM(E8:W8) -> 0 | BH8: =SUM(X8:AJ8) -> 2685 | BI8: =SUM(AK8:BE8) -> 0
C9: 303 | D9: Personnel temporaire administratif et d'exploitation | E9: 0 | F9: 0 | G9: 0 | H9: 0 | I9: 0 | J9: 0 | K9: 0 | L9: 0 | M9: 4430.9 | N9: 0 | O9: 0 | P9: 0 | Q9: 0 | R9: 0 | S9: 0 | T9: 0 | U9: 0 | V9: 0 | W9: 0 | X9: 0 | Y9: 0 | Z9: 0 | AA9: 0 | AB9: 0 | AC9: 0 | AD9: 0 | AE9: 0 | AF9: 0 | AG9: 0 | AH9: 0 | AI9: 0 | AJ9: 0 | AK9: 0 | AL9: 0 | AM9: 1400 | AN9: 0 | AO9: 0 | AP9: 0 | AQ9: 0 | AR9: 0 | AS9: 0 | AT9: 0 | AU9: 0 | AV9: 0 | AW9: 165 | AX9: 0 | AY9: 0 | AZ9: 0 | BA9: 0 | BB9: 0 | BC9: 0 | BD9: 0 | BE9: 0 | BF9: =SUM(E9:BE9) -> 5995.9 | BG9: =SUM(E9:W9) -> 4430.9 | BH9: =SUM(X9:AJ9) -> 0 | BI9: =SUM(AK9:BE9) -> 1565
C10: 304 | D10: Allocations et indemnités | E10: 0 | F10: 0 | G10: 0 | H10: 0 | I10: 0 | J10: 22262.9 | K10: 0 | L10: 0 | M10: 0 | N10: 0 | O10: 0 | P10: 0 | Q10: 0 | R10: 0 | S10: 0 | T10: 0 | U10: 0 | V10: 0 | W10: 0 | X10: 0 | Y10: 0 | Z10: 0 | AA10: 0 | AB10: 0 | AC10: 0 | AD10: 0 | AE10: 0 | AF10: 0 | AG10: 2000 | AH10: 15000 | AI10: 0 | AJ10: 0 | AK10: 0 | AL10: 0 | AM10: 0 | AN10: 0 | AO10: 0 | AP10: 0 | AQ10: 0 | AR10: 0 | AS10: 0 | AT10: 0 | AU10: 0.15 | AV10: 0 | AW10: 0 | AX10: 0 | AY10: 0 | AZ10: 0 | BA10: 0 | BB10: 0 | BC10: 0 | BD10: 0 | BE10: 0 | BF10: =SUM(E10:BE10) -> 39263.05 | BG10: =SUM(E10:W10) -> 22262.9 | BH10: =SUM(X10:AJ10) -> 17000 | BI10: =SUM(AK10:BE10) -> 0.15
C11: 305 | D11: Charges de l'employeur | E11: 67257.35 | F11: 3301.8 | G11: 14825.1 | H11: 30114.58 | I11: 460421.25 | J11: 548303 | K11: 195838.15 | L11: 4015822.8 | M11: 177678.75 | N11: 5353.5 | O11: 630800.7 | P11: 22505.95 | Q11: 7699.65 | R11: 46526.4 | S11: 19951.85 | T11: 26389.1 | U11: 12895 | V11: 49844.3 | W11: 357174.65 | X11: 7461.2 | Y11: 188679.2 | Z11: 258211.85 | AA11: 10187.55 | AB11: 5972.75 | AC11: 56239.15 | AD11: 85676.9 | AE11: 48596.75 | AF11: 24287.7 | AG11: 173682.65 | AH11: 267452 | AI11: 16898.3 | AJ11: 8391.05 | AK11: 104839.1 | AL11: 111922.65 | AM11: 73454 | AN11: 11540.5 | AO11: 191508.9 | AP11: 121435.8 | AQ11: 31268.4 | AR11: 162248.9 | AS11: 67179.85 | AT11: 64362.25 | AU11: 16596.5 | AV11: 176376.2 | AW11: 65014.95 | AX11: 11879.15 | AY11: 19925.1 | AZ11: 145209.1 | BA11: 19370.87 | BB11: 197632 | BC11: 10334.78 | BD11: 1753581.4 | BE11: 48051.45 | BF11: =SUM(E11:BE11) -> 11248173 | BG11: =SUM(E11:W11) -> 6692703.9 | BH11: =SUM(X11:AJ11) -> 1151737.1 | BI11: =SUM(AK11:BE11) -> 3403731.8
C12: 306 | D12: Prestations sociales de l'employeur | E12: 0 | F12: 0 | G12: 0 | H12: 0 | I12: 3029.75 | J12: 0 | K12: 0 | L12: 51641.7 | M12: 0 | N12: 0 | O12: 0 | P12: 0 | Q12: 0 | R12: 0 | S12: 0 | T12: 0 | U12: 0 | V12: 0 | W12: 0 | X12: 0 | Y12: 0 | Z12: 500 | AA12: 0 | AB12: 0 | AC12: 0 | AD12: 0 | AE12: 4600 | AF12: 0 | AG12: 0 | AH12: 0 | AI12: 0 | AJ12: 0 | AK12: 0 | AL12: 0 | AM12: 2140 | AN12: 0 | AO12: 0 | AP12: 0 | AQ12: 0 | AR12: 0 | AS12: 0 | AT12: 0 | AU12: 0 | AV12: 0 | AW12: 0 | AX12: 0 | AY12: 0 | AZ12: 0 | BA12: 0 | BB12: 0 | BC12: 0 | BD12: 0 | BE12: 0 | BF12: =SUM(E12:BE12) -> 61911.45 | BG12: =SUM(E12:W12) -> 54671.45 | BH12: =SUM(X12:AJ12) -> 5100 | BI12: =SUM(AK12:BE12) -> 2140
C13: 309 | D13: Autres charges du personnel | E13: 762 | F13: 48.1 | G13: 102 | H13: 0 | I13: 12756.45 | J13: 19824.89 | K13: 10996.4 | L13: 177257.81 | M13: 10355.65 | N13: 1540 | O13: 35391.6 | P13: 3731.6 | Q13: 1694.85 | R13: 1537.7 | S13: 6489 | T13: 141.05 | U13: 3800 | V13: 1009.55 | W13: 18902.75 | X13: 1100 | Y13: 7555.15 | Z13: 13002.15 | AA13: 0 | AB13: 0 | AC13: 6396.5 | AD13: 13675.8 | AE13: 4571.55 | AF13: 1447.45 | AG13: 11082.7 | AH13: 12057.1 | AI13: 0 | AJ13: 0 | AK13: 3412.57 | AL13: 800 | AM13: 934.7 | AN13: 16.88 | AO13: 19418.2 | AP13: 4763.35 | AQ13: 1568.95 | AR13: 8202.35 | AS13: 1640.9 | AT13: 13559.65 | AU13: 2789.25 | AV13: 10459.6 | AW13: 17803.3 | AX13: 757.3 | AY13: 663.4 | AZ13: 4319.8 | BA13: 4323.15 | BB13: 13330.4 | BC13: 770.7 | BD13: 81317.04 | BE13: 419.25 | BF13: =SUM(E13:BE13) -> 568500.54 | BG13: =SUM(E13:W13) -> 306341.4 | BH13: =SUM(X13:AJ13) -> 70888.4 | BI13: =SUM(AK13:BE13) -> 191270.74
B15: 31 | D15: Charges de biens et de services et autres charges d'exploitation | E15: =E16+E17+E18+E19+E20+E21+E22+E23+E24+E25 -> 549823.39 | F15: =F16+F17+F18+F19+F20+F21+F22+F23+F24+F25 -> 254518.51 | G15: =G16+G17+G18+G19+G20+G21+G22+G23+G24+G25 -> 248418.09 | H15: =H16+H17+H18+H19+H20+H21+H22+H23+H24+H25 -> 410875.58 | I15: =I16+I17+I18+I19+I20+I21+I22+I23+I24+I25 -> 3068964.7 | J15: =J16+J17+J18+J19+J20+J21+J22+J23+J24+J25 -> 2179901.4 | K15: =K16+K17+K18+K19+K20+K21+K22+K23+K24+K25 -> 1530298.9 | L15: =L16+L17+L18+L19+L20+L21+L22+L23+L24+L25 -> 22441749 | ... BI15: =BI16+BI17+BI18+BI19+BI20+BI21+BI22+BI23+BI24+BI25 -> 21697487
C16: 310 | D16: Charges de matériel et de marchandises | E16: 82979.55 | F16: 19047.05 | G16: 25065.15 | H16: 35886.98 | I16: 337414.18 | J16: 254165.25 | K16: 175073.9 | L16: 2147342.6 | M16: 182333.93 | N16: 7351.5 | O16: 606605.28 | P16: 53799.2 | Q16: 7538.4 | R16: 32526.53 | S16: 26487.7 | T16: 54091.2 | U16: 22012.83 | V16: 50891.7 | W16: 249252.38 | X16: 89156.73 | Y16: 127757.31 | Z16: 274114.47 | AA16: 2542.87 | AB16: 29304.8 | AC16: 83868.71 | AD16: 68239.55 | AE16: 70888.55 | AF16: 110453.09 | AG16: 241070.54 | AH16: 402435.73 | AI16: 9298 | AJ16: 21306.06 | AK16: 185162.2 | AL16: 73270.21 | AM16: 74404.35 | AN16: 36500.6 | AO16: 215960.23 | AP16: 62854.41 | AQ16: 12612.5 | AR16: 106599.35 | AS16: 57012.89 | AT16: 97158.5 | AU16: 35814.33 | AV16: 165759.4 | AW16: 27154.99 | AX16: 12544.87 | AY16: 42437.24 | AZ16: 75672.8 | BA16: 21916.96 | BB16: 116141.95 | BC16: 14176.3 | BD16: 726095.01 | BE16: 71492.9 | BF16: =SUM(E16:BE16) -> 8131043.8 | BG16: =SUM(E16:W16) -> 4369865.4 | BH16: =SUM(X16:AJ16) -> 1530436.4 | BI16: =SUM(AK16:BE16) -> 2230742
C17: 311 | D17: Immobilisations ne pouvant être portées à l'actif | E17: 30604.4 | F17: 6200 | G17: 11514.27 | H17: 25459.75 | I17: 99929.9 | J17: 42789.81 | K17: 38038.8 | L17: 678473.94 | M17: 81693.55 | N17: 7770 | O17: 124453.09 | P17: 15915.75 | Q17: 3477.55 | R17: 3241.75 | S17: 0 | T17: 31017 | U17: 1975.5 | V17: 19442.45 | W17: 90048.86 | X17: 4562.65 | Y17: 20903.54 | Z17: 29561.43 | AA17: 0 | AB17: 204 | AC17: 4484.9 | AD17: 69052.2 | AE17: 25874.15 | AF17: 38442.9 | AG17: 84407.85 | AH17: 38599.46 | AI17: 1160.15 | AJ17: 1200 | AK17: 114822.04 | AL17: 6096.25 | AM17: 61001.25 | AN17: 9332.3 | AO17: 33239.38 | AP17: 27187.41 | AQ17: 4819.5 | AR17: 65549.35 | AS17: 26290.25 | AT17: 59680.65 | AU17: 10963.25 | AV17: 144659.65 | AW17: 30313.5 | AX17: 3231 | AY17: 8824.85 | AZ17: 80701.3 | BA17: 11617.85 | BB17: 62094.95 | BC17: 5655.45 | BD17: 234073.66 | BE17: 15891.1 | BF17: =SUM(E17:BE17) -> 2646544.5 | BG17: =SUM(E17:W17) -> 1312046.4 | BH17: =SUM(X17:AJ17) -> 318453.23 | BI17: =SUM(AK17:BE17) -> 1016044.9
C18: 312 | D18: Alimentations et éliminations des biens-fonds du PA | E18: 83786.7 | F18: 46861.55 | G18: 27368.35 | H18: 96086.75 | I18: 966970.76 | J18: 780872.75 | K18: 359895.85 | L18: 12689084 | M18: 1009509.9 | N18: 11952.5 | O18: 508076.12 | P18: 46806.95 | Q18: 9231 | R18: 38594.45 | S18: 43939.8 | T18: 152658.2 | U18: 63697.2 | V18: 54596.65 | W18: 260411.61 | X18: 130486.85 | Y18: 233323.85 | Z18: 407199.7 | AA18: 69552.45 | AB18: 38317.9 | AC18: 121498.9 | AD18: 138783.93 | AE18: 190650.7 | AF18: 132343.35 | AG18: 300663.8 | AH18: 509629.85 | AI18: 104161.06 | AJ18: 28975.25 | AK18: 132058.15 | AL18: 91307.45 | AM18: 199487.45 | AN18: 25219.35 | AO18: 344639.17 | AP18: 258727.8 | AQ18: 95458.3 | AR18: 187709.6 | AS18: 143332.55 | AT18: 165087.85 | AU18: 57967.37 | AV18: 192889.75 | AW18: 53712.5 | AX18: 38981.2 | AY18: 69689.25 | AZ18: 269781.65 | BA18: 60095.65 | BB18: 245733.37 | BC18: 34471.45 | BD18: 578983.5 | BE18: 27528.1 | BF18: =SUM(E18:BE18) -> 22928851 | BG18: =SUM(E18:W18) -> 17250401 | BH18: =SUM(X18:AJ18) -> 2405587.6 | BI18: =SUM(AK18:BE18) -> 3272861.5
C19: 313 | D19: Prestations de services et honoraires | E19: 137664.14 | F19: 93116.79 | G19: 81140.05 | H19: 74728.79 | I19: 771419.03 | J19: 630922.47 | K19: 439838.14 | L19: 3323080.9 | M19: 272838.94 | N19: 23964.35 | O19: 1384442 | P19: 117802.74 | Q19: 65068.65 | R19: 77036.83 | S19: 122758.88 | T19: 210164.41 | U19: 56677.05 | V19: 240483.46 | W19: 603821.59 | X19: 157058.36 | Y19: 377982.21 | Z19: 1001409.6 | AA19: 37401.05 | AB19: 83257.25 | AC19: 281732.53 | AD19: 334014.81 | AE19: 374701.66 | AF19: 392392.56 | AG19: 611202.68 | AH19: 742466.99 | AI19: 175318.37 | AJ19: 71141.7 | AK19: 276924.92 | AL19: 510530.73 | AM19: 425474.84 | AN19: 54424.29 | AO19: 482947.17 | AP19: 99916.84 | AQ19: 125449.52 | AR19: 579495.7 | AS19: 157245.86 | AT19: 222706.9 | AU19: 130538.8 | AV19: 449871.9 | AW19: 251352.95 | AX19: 26436.24 | AY19: 65755.87 | AZ19: 352709.8 | BA19: 147512.11 | BB19: 346963.05 | BC19: 23313.71 | BD19: 2336153.1 | BE19: 148225.19 | BF19: =SUM(E19:BE19) -> 20580998 | BG19: =SUM(E19:W19) -> 8726969.2 | BH19: =SUM(X19:AJ19) -> 4640079.7 | BI19: =SUM(AK19:BE19) -> 7213949.5
C20: 314 | D20: Gros entretien et entretien courtant du PA | E20: 183317 | F20: 55885.55 | G20: 73430.06 | H20: 72823.45 | I20: 377076.77 | J20: 227851.4 | K20: 316912.85 | L20: 1274166.1 | M20: 251241.6 | N20: 17281.5 | O20: 750356.55 | P20: 85692.7 | Q20: 4773.3 | R20: 47676.05 | S20: 50901.35 | T20: 101750.13 | U20: 54321.02 | V20: 135678.9 | W20: 287933.27 | X20: 71318.25 | Y20: 184292.05 | Z20: 580511.31 | AA20: 36102 | AB20: 31018.55 | AC20: 203923.73 | AD20: 169814.25 | AE20: 197657.5 | AF20: 239800.91 | AG20: 490143.43 | AH20: 563142.82 | AI20: 76545.4 | AJ20: 36224.15 | AK20: 196303.7 | AL20: 229581.9 | AM20: 192658.5 | AN20: 14409.05 | AO20: 580494.04 | AP20: 112368.58 | AQ20: 97571.75 | AR20: 313805.15 | AS20: 99973.1 | AT20: 101067.95 | AU20: 68887.95 | AV20: 244913.75 | AW20: 132041.85 | AX20: 10011.8 | AY20: 111634.28 | AZ20: 190687.4 | BA20: 61013.49 | BB20: 228956.21 | BC20: 34759.55 | BD20: 910040.11 | BE20: 57146.35 | BF20: =SUM(E20:BE20) -> 11237890 | BG20: =SUM(E20:W20) -> 4369069.6 | BH20: =SUM(X20:AJ20) -> 2880494.3 | BI20: =SUM(AK20:BE20) -> 3988326.5
C21: 315 | D21: Entretien des biens mobiliers et des immobilisations corporelles du PA | E21: 49935.55 | F21: 14158.25 | G21: 7399.1 | H21: 20877.15 | I21: 136852.59 | J21: 16607.45 | K21: 96871.63 | L21: 921142.08 | M21: 77186.65 | N21: 0 | O21: 265572.3 | P21: 12984.4 | Q21: 1660.1 | R21: 25540.75 | S21: 10108.6 | T21: 13549.7 | U21: 12099.25 | V21: 42300.75 | W21: 113471.7 | X21: 0 | Y21: 93021.28 | Z21: 89596.95 | AA21: 6130.8 | AB21: 11027.4 | AC21: 29801.75 | AD21: 67070.8 | AE21: 63777.95 | AF21: 6538.53 | AG21: 113961.71 | AH21: 40618.85 | AI21: 10824.85 | AJ21: 15749.55 | AK21: 28737.45 | AL21: 124531.64 | AM21: 60055.35 | AN21: 949.35 | AO21: 126514.3 | AP21: 33238.9 | AQ21: 36130.75 | AR21: 93012.5 | AS21: 25187.05 | AT21: 23289.05 | AU21: 8930.55 | AV21: 49514.35 | AW21: 38493.7 | AX21: 5687.6 | AY21: 23335.75 | AZ21: 29540.1 | BA21: 12720.7 | BB21: 87038.5 | BC21: 5535.85 | BD21: 452998.88 | BE21: 41709.5 | BF21: =SUM(E21:BE21) -> 3693590.2 | BG21: =SUM(E21:W21) -> 1838318 | BH21: =SUM(X21:AJ21) -> 548120.42 | BI21: =SUM(AK21:BE21) -> 1307151.8
C22: 316 | D22: Loyers - crédits-bails (leasing) - baux à fermes - taxes d'utilisation | E22: 3877.2 | F22: 2981.4 | G22: 710.7 | H22: 71392.55 | I22: 77392.1 | J22: 35405.5 | K22: 33077.9 | L22: 844355.6 | M22: 28402.5 | N22: 1200 | O22: 117014.1 | P22: 0 | Q22: 850 | R22: 0 | S22: 0 | T22: 788.5 | U22: 0 | V22: 4800 | W22: 117749.35 | X22: 22093.6 | Y22: 30970 | Z22: 72793.3 | AA22: 0 | AB22: 800 | AC22: 3187.95 | AD22: 41120.6 | AE22: 5443.7 | AF22: 0 | AG22: 2221.5 | AH22: 134060.35 | AI22: 2100 | AJ22: 0 | AK22: 0 | AL22: 12847.9 | AM22: 13629.5 | AN22: 600 | AO22: 39700 | AP22: 37823.4 | AQ22: 0 | AR22: 41161.3 | AS22: 24470.85 | AT22: 0 | AU22: 0 | AV22: 9200 | AW22: 21605.7 | AX22: 0 | AY22: 3573.45 | AZ22: 33624.35 | BA22: 0 | BB22: 3684.4 | BC22: 0 | BD22: 749292.2 | BE22: 600 | BF22: =SUM(E22:BE22) -> 2646601.5 | BG22: =SUM(E22:W22) -> 1339997.4 | BH22: =SUM(X22:AJ22) -> 314791 | BI22: =SUM(AK22:BE22) -> 991813.05
C23: 317 | D23: Indemnités et dédommagements | E23: 23606.65 | F23: 2177.6 | G23: 1364 | H23: 2580.4 | I23: 40021.85 | J23: 37193.95 | K23: 23077.05 | L23: 76479.25 | M23: 16667.5 | N23: 16.8 | O23: 60402.7 | P23: 3538.2 | Q23: 628.75 | R23: 1262.8 | S23: 7404.35 | T23: 51953.45 | U23: 705.9 | V23: 2531.65 | W23: 25629.95 | X23: 20127.25 | Y23: 8215.7 | Z23: 34873.7 | AA23: 512.65 | AB23: 782.9 | AC23: 4787.8 | AD23: 11138.8 | AE23: 5898.95 | AF23: 87.35 | AG23: 25618.05 | AH23: 28922.7 | AI23: 961.9 | AJ23: 508.9 | AK23: 23066 | AL23: 11440.05 | AM23: 9913.45 | AN23: 436.8 | AO23: 15506.3 | AP23: 3534.2 | AQ23: 519.35 | AR23: 21214.25 | AS23: 9496.65 | AT23: 10311 | AU23: 404.9 | AV23: 23399.55 | AW23: 3569.3 | AX23: 487.2 | AY23: 2876.65 | AZ23: 20093.85 | BA23: 1482.3 | BB23: 17934.7 | BC23: 182 | BD23: 28154.1 | BE23: 3546.8 | BF23: =SUM(E23:BE23) -> 727248.85 | BG23: =SUM(E23:W23) -> 377242.8 | BH23: =SUM(X23:AJ23) -> 142436.65 | BI23: =SUM(AK23:BE23) -> 207569.4
C24: 318 | D24: Réévaluations de créances | E24: -46864.3 | F24: 12688.92 | G24: 14365.11 | H24: 5876.46 | I24: 207963.42 | J24: 129749.7 | K24: 32397.02 | L24: 322665.22 | M24: 28228.79 | N24: 10138.58 | O24: 230302.48 | P24: 15615.69 | Q24: 427.5 | R24: 0 | S24: -4049.8 | T24: 39284.79 | U24: 10296.85 | V24: 80363.21 | W24: 185284.18 | X24: -11260.26 | Y24: 29567.28 | Z24: 47059.03 | AA24: 6433.57 | AB24: 8276.43 | AC24: 69743.78 | AD24: 58333.1 | AE24: 15004.16 | AF24: -945.06 | AG24: 40619.35 | AH24: 66170.44 | AI24: 3656.29 | AJ24: -8056.84 | AK24: 3715.45 | AL24: 60436 | AM24: 88167.63 | AN24: 26355.39 | AO24: 45247.95 | AP24: 36323.63 | AQ24: 36848.65 | AR24: 51355.29 | AS24: 6963.69 | AT24: 59284.26 | AU24: 13495.81 | AV24: 74336.32 | AW24: 43275.63 | AX24: 12156.5 | AY24: 43613.34 | AZ24: 99589.08 | BA24: 61555.47 | BB24: 23557.95 | BC24: 13984.49 | BD24: 356907.26 | BE24: 39212.88 | BF24: =SUM(E24:BE24) -> 2795717.8 | BG24: =SUM(E24:W24) -> 1274733.8 | BH24: =SUM(X24:AJ24) -> 324601.27 | BI24: =SUM(AK24:BE24) -> 1196382.7
C25: 319 | D25: Divers charges d'exploitation | E25: 916.5 | F25: 1401.4 | G25: 6061.3 | H25: 5163.3 | I25: 53924.12 | J25: 24343.1 | K25: 15115.75 | L25: 164958.45 | M25: 52744 | N25: 972 | O25: 24888.05 | P25: 1652 | Q25: 3886.98 | R25: 0 | S25: 933.35 | T25: 8197 | U25: 1510.25 | V25: 2001.5 | W25: 3639.1 | X25: 1175.95 | Y25: 14805.75 | Z25: 14636.3 | AA25: 797 | AB25: 637.95 | AC25: 3405.25 | AD25: 10507.95 | AE25: 1199.3 | AF25: 925.05 | AG25: 21493.35 | AH25: 15572.1 | AI25: 1008.3 | AJ25: 1388.05 | AK25: 0 | AL25: 19021.61 | AM25: 689.55 | AN25: 0 | AO25: 24793.55 | AP25: 1362.25 | AQ25: 756.65 | AR25: 17808.8 | AS25: 1699.9 | AT25: 10802.6 | AU25: 1575.25 | AV25: 21000 | AW25: 8000 | AX25: 877.3 | AY25: 0 | AZ25: 7978.9 | BA25: 0 | BB25: 7676.56 | BC25: 1254.1 | BD25: 143566.3 | BE25: 3782 | BF25: =SUM(E25:BE25) -> 732505.77 | BG25: =SUM(E25:W25) -> 372308.15 | BH25: =SUM(X25:AJ25) -> 87552.3 | BI25: =SUM(AK25:BE25) -> 272645.32
B27: 33 | D27: Amortissements du patrimoine administratif | E27: =E28+E29 -> 282130.74 | F27: =F28+F29 -> 82434 | G27: =G28+G29 -> 75868.4 | H27: =H28+H29 -> 97710 | I27: =I28+I29 -> 967279.79 | J27: =J28+J29 -> 1031388.3 | K27: =K28+K29 -> 507798.55 | L27: =L28+L29 -> 5626924.5 | ... BI27: =BI28+BI29 -> 7914177.8
C28: 330 | D28: Amortissements des immobilisations corporelles du PA | E28: 282130.74 | F28: 70754 | G28: 74121.9 | H28: 97710 | I28: 949055.79 | J28: 1017897.2 | K28: 505810.85 | L28: 5532820.3 | M28: 229350 | N28: 50797.67 | O28: 1190961.7 | P28: 117103 | Q28: 12561 | R28: 94900 | S28: 107211 | T28: 116736.9 | U28: 33089.7 | V28: 137784.85 | W28: 901548.95 | X28: 40515.25 | Y28: 269737.3 | Z28: 354358.34 | AA28: 48600 | AB28: 700 | AC28: 88682.95 | AD28: 189752.77 | AE28: 146039.14 | AF28: 86837.65 | AG28: 616217.3 | AH28: 722655.65 | AI28: 53527 | AJ28: 54670.8 | AK28: 702484 | AL28: 408999.5 | AM28: 242650 | AN28: 34064 | AO28: 588905.21 | AP28: 85150 | AQ28: 220972.56 | AR28: 145910 | AS28: 0 | AT28: 247227 | AU28: 76788.1 | AV28: 449875.98 | AW28: 132346.02 | AX28: 33410 | AY28: 180965 | AZ28: 529017 | BA28: 31528.48 | BB28: 381525.81 | BC28: 13961 | BD28: 2841897.4 | BE28: 101119 | BF28: =SUM(E28:BE28) -> 21643436 | BG28: =SUM(E28:W28) -> 11522346 | BH28: =SUM(X28:AJ28) -> 2672294.1 | BI28: =SUM(AK28:BE28) -> 7448796.1
C29: 332 | D29: Amortissements des immobilisations incorporelles du PA | E29: 0 | F29: 11680 | G29: 1746.5 | H29: 0 | I29: 18224 | J29: 13491.09 | K29: 1987.7 | L29: 94104.23 | M29: 6730 | N29: 0 | O29: 24486.4 | P29: 0 | Q29: 0 | R29: 0 | S29: 0 | T29: 0 | U29: 0 | V29: 17900 | W29: 38500.02 | X29: 0 | Y29: 0 | Z29: 0 | AA29: 0 | AB29: 0 | AC29: 0 | AD29: 0 | AE29: 0 | AF29: 0 | AG29: 0 | AH29: 46076.35 | AI29: 0 | AJ29: 0 | AK29: 0 | AL29: 0 | AM29: 19750 | AN29: 0 | AO29: 10400 | AP29: 0 | AQ29: 0 | AR29: 34700 | AS29: 178081.75 | AT29: 960 | AU29: 0 | AV29: 16036.55 | AW29: 0 | AX29: 0 | AY29: 4500 | AZ29: 54125 | BA29: 359.7 | BB29: 0 | BC29: 0 | BD29: 146468.7 | BE29: 0 | BF29: =SUM(E29:BE29) -> 740307.99 | BG29: =SUM(E29:W29) -> 228849.94 | BH29: =SUM(X29:AJ29) -> 46076.35 | BI29: =SUM(AK29:BE29) -> 465381.7
B31: 34 | D31: Charges financières | E31: =E32+E33+E34+E35+E36+E37 -> 38934.65 | F31: =F32+F33+F34+F35+F36+F37 -> 47203.63 | G31: =G32+G33+G34+G35+G36+G37 -> 100058.82 | H31: =H32+H33+H34+H35+H36+H37 -> 72918.87 | I31: =I32+I33+I34+I35+I36+I37 -> 575915.76 | J31: =J32+J33+J34+J35+J36+J37 -> 311634.11 | K31: =K32+K33+K34+K35+K36+K37 -> 212656.85 | L31: =L32+L33+L34+L35+L36+L37 -> 1762202.1 | ... BI31: =BI32+BI33+BI34+BI35+BI36+BI37 -> 3386181.1
C32: 340 | D32: Charges d'intérets | E32: 38934.65 | F32: 37718.33 | G32: 63703.07 | H32: 50695.97 | I32: 441586.42 | J32: 256881.91 | K32: 135437.13 | L32: 1605830.9 | M32: 44645.69 | N32: 8121.91 | O32: 277293.21 | P32: 37908.54 | Q32: 8389.03 | R32: 45100.37 | S32: 64989.99 | T32: 48118.02 | U32: 8827.43 | V32: 42480.34 | W32: 185337.29 | X32: 6978.81 | Y32: 158659.09 | Z32: 10036.21 | AA32: 3455.77 | AB32: 3976.82 | AC32: 51756.65 | AD32: 79274.83 | AE32: 38264.15 | AF32: 8911.5 | AG32: 55215 | AH32: 172314.82 | AI32: 29078.26 | AJ32: 6010.75 | AK32: 144522.82 | AL32: 139519.01 | AM32: 136276.35 | AN32: 19639.76 | AO32: 67994.08 | AP32: 60019.84 | AQ32: 62320.54 | AR32: 81690.24 | AS32: 80902.12 | AT32: 131647.58 | AU32: 22674.73 | AV32: 301752.61 | AW32: 56642.14 | AX32: 7339.96 | AY32: 15749.32 | AZ32: 306670.73 | BA32: 11746.61 | BB32: 79671.94 | BC32: 60.65 | BD32: 763187.49 | BE32: 39123.85 | BF32: =SUM(E32:BE32) -> 6555085.2 | BG32: =SUM(E32:W32) -> 3402000.2 | BH32: =SUM(X32:AJ32) -> 623932.66 | BI32: =SUM(AK32:BE32) -> 2529152.4
C33: 341 | D33: Pertes sur les placements financiers et les immobilisations du PF | E33: 0 | F33: 0 | G33: 0 | H33: 0 | I33: 0 | J33: 0 | K33: 0 | L33: 0 | M33: 0 | N33: 0 | O33: 0 | P33: 0 | Q33: 0 | R33: 0 | S33: 0 | T33: 0 | U33: 0 | V33: 0 | W33: 0 | X33: 0 | Y33: 0 | Z33: 0 | AA33: 0 | AB33: 0 | AC33: 0 | AD33: 0 | AE33: 0 | AF33: 0 | AG33: 0 | AH33: 0 | AI33: 0 | AJ33: 0 | AK33: 0 | AL33: 204.65 | AM33: 0 | AN33: 0 | AO33: 234597.92 | AP33: 0 | AQ33: 0 | AR33: 0 | AS33: 0 | AT33: 0 | AU33: 0 | AV33: 0 | AW33: 0 | AX33: 0 | AY33: 0 | AZ33: 0 | BA33: 0 | BB33: 0 | BC33: 0 | BD33: 20609.19 | BE33: 0 | BF33: =SUM(E33:BE33) -> 255411.76 | BG33: =SUM(E33:W33) -> 0 | BH33: =SUM(X33:AJ33) -> 0 | BI33: =SUM(AK33:BE33) -> 255411.76
C34: 342 | D34: Frais d'acquisitions des capitaux et frais administratifs | E34: 0 | F34: 0 | G34: 0 | H34: 0 | I34: 0 | J34: 0 | K34: 20 | L34: 0 | M34: 0 | N34: 0 | O34: 0 | P34: 0 | Q34: 0 | R34: 0 | S34: 0 | T34: 0 | U34: 0 | V34: 0 | W34: 0 | X34: 0 | Y34: 0 | Z34: 0 | AA34: 0 | AB34: 0 | AC34: 0 | AD34: 0 | AE34: 0 | AF34: 0 | AG34: 0 | AH34: 0 | AI34: 0 | AJ34: 0 | AK34: 0 | AL34: 0 | AM34: 0 | AN34: 0 | AO34: 0 | AP34: 0 | AQ34: 0 | AR34: 0 | AS34: 0 | AT34: 0 | AU34: 0 | AV34: 0 | AW34: 0 | AX34: 0 | AY34: 0 | AZ34: 0 | BA34: 0 | BB34: 0 | BC34: 0 | BD34: 0 | BE34: 0 | BF34: =SUM(E34:BE34) -> 20 | BG34: =SUM(E34:W34) -> 20 | BH34: =SUM(X34:AJ34) -> 0 | BI34: =SUM(AK34:BE34) -> 0
C35: 343 | D35: Charges pour les biens-fonds du PF | E35: 0 | F35: 9485.3 | G35: 36355.75 | H35: 22222.9 | I35: 129733.34 | J35: 54752.2 | K35: 72909.3 | L35: 156371.2 | M35: 23006.85 | N35: 0 | O35: 86665.25 | P35: 9633.75 | Q35: 557.45 | R35: 8353.45 | S35: 4394.45 | T35: 14851.05 | U35: 5684.25 | V35: 9647.65 | W35: 17216.74 | X35: 3718.35 | Y35: 0 | Z35: 8592.35 | AA35: 104.4 | AB35: 10376.2 | AC35: 24782.2 | AD35: 37301.9 | AE35: 0 | AF35: 67387.95 | AG35: 51127.45 | AH35: 20120.95 | AI35: 0 | AJ35: 19868 | AK35: 90114.75 | AL35: 54586.5 | AM35: 36001.9 | AN35: 0 | AO35: 0 | AP35: 9162.85 | AQ35: 0 | AR35: 163156 | AS35: 4973.92 | AT35: 24198.65 | AU35: 0 | AV35: 184.85 | AW35: 16519.8 | AX35: 0 | AY35: 0 | AZ35: 17594.6 | BA35: 14455.45 | BB35: 49581.17 | BC35: 310.45 | BD35: 90710.25 | BE35: 16172.75 | BF35: =SUM(E35:BE35) -> 1492944.5 | BG35: =SUM(E35:W35) -> 661840.88 | BH35: =SUM(X35:AJ35) -> 243379.75 | BI35: =SUM(AK35:BE35) -> 587723.89
C36: 344 | D36: Réévaluations des immobilisations du PF | E36: 0 | F36: 0 | G36: 0 | H36: 0 | I36: 4596 | J36: 0 | K36: 4290.42 | L36: 0 | M36: 0 | N36: 0 | O36: 0 | P36: 0 | Q36: 0 | R36: 0 | S36: 0 | T36: 3356.65 | U36: 0 | V36: 0 | W36: 0 | X36: 0 | Y36: 0 | Z36: 0 | AA36: 0 | AB36: 0 | AC36: 0 | AD36: 2 | AE36: 0 | AF36: 0 | AG36: 0 | AH36: 0 | AI36: -11588.55 | AJ36: 0 | AK36: 0 | AL36: 0 | AM36: 0 | AN36: 0 | AO36: 0 | AP36: 0 | AQ36: 0 | AR36: 0 | AS36: 0 | AT36: 0 | AU36: 0 | AV36: 0 | AW36: 0 | AX36: 0 | AY36: 0 | AZ36: 0 | BA36: 0 | BB36: 300 | BC36: 0 | BD36: 0 | BE36: 0 | BF36: =SUM(E36:BE36) -> 956.52 | BG36: =SUM(E36:W36) -> 12243.07 | BH36: =SUM(X36:AJ36) -> -11586.55 | BI36: =SUM(AK36:BE36) -> 300
C37: 349 | D37: Autres charges financières | E37: 0 | F37: 0 | G37: 0 | H37: 0 | I37: 0 | J37: 0 | K37: 0 | L37: 0 | M37: 14.53 | N37: 0 | O37: 0 | P37: 0 | Q37: 0 | R37: 0 | S37: 0 | T37: 0 | U37: 0 | V37: 0 | W37: 0 | X37: 3378.89 | Y37: 0 | Z37: 0 | AA37: 0 | AB37: 1753.64 | AC37: 0 | AD37: 0 | AE37: 0 | AF37: 0 | AG37: 0 | AH37: 0 | AI37: 0 | AJ37: 0 | AK37: 0 | AL37: 5325.54 | AM37: 0 | AN37: 1154.05 | AO37: 0 | AP37: 3521.11 | AQ37: 0 | AR37: 0 | AS37: 77.95 | AT37: 0 | AU37: 0 | AV37: 0 | AW37: 892.8 | AX37: 714.2 | AY37: 0 | AZ37: 0 | BA37: 0 | BB37: 0 | BC37: 0 | BD37: 0 | BE37: 1907.4 | BF37: =SUM(E37:BE37) -> 18740.11 | BG37: =SUM(E37:W37) -> 14.53 | BH37: =SUM(X37:AJ37) -> 5132.53 | BI37: =SUM(AK37:BE37) -> 13593.05
B39: 35 | D39: Attributions aux financements spéciaux des capitaux de tiers | E39: =E40+E41 -> 16978.75 | F39: =F40+F41 -> 15022.35 | G39: =G40+G41 -> 4842.95 | H39: =H40+H41 -> 0 | I39: =I40+I41 -> 112388.8 | J39: =J40+J41 -> 8283.21 | K39: =K40+K41 -> 30083.4 | L39: =L40+L41 -> 0 | ... BI39: =BI40+BI41 -> 813358.14
C40: 350 | D40: Attributions aux financements spéciaux des capitaux de tiers | E40: 0 | F40: 0 | G40: 0 | H40: 0 | I40: 13700.35 | J40: 0 | K40: 0 | L40: 0 | M40: 0 | N40: 9500 | O40: 0 | P40: 0 | Q40: 0 | R40: 0 | S40: 0 | T40: 0 | U40: 0 | V40: 0 | W40: 0 | X40: 0 | Y40: 0 | Z40: 0 | AA40: 0 | AB40: 0 | AC40: 0 | AD40: 0 | AE40: 1005.75 | AF40: 0 | AG40: 0 | AH40: 0 | AI40: 4708.75 | AJ40: 0 | AK40: 0 | AL40: 0 | AM40: 0 | AN40: 0 | AO40: 0 | AP40: 0 | AQ40: 0 | AR40: 0 | AS40: 0.43 | AT40: 10.3 | AU40: 0 | AV40: 9624.65 | AW40: 0 | AX40: 0 | AY40: 0 | AZ40: 0 | BA40: 0 | BB40: 0 | BC40: 0 | BD40: 0 | BE40: 0 | BF40: =SUM(E40:BE40) -> 38550.23 | BG40: =SUM(E40:W40) -> 23200.35 | BH40: =SUM(X40:AJ40) -> 5714.5 | BI40: =SUM(AK40:BE40) -> 9635.38
C41: 351 | D41: Attributions aux financements spéciaux du capital propres | E41: 16978.75 | F41: 15022.35 | G41: 4842.95 | H41: 0 | I41: 98688.45 | J41: 8283.21 | K41: 30083.4 | L41: 0 | M41: 108697.49 | N41: 0 | O41: 738557.5 | P41: 0 | Q41: 0 | R41: -45.4 | S41: 29000 | T41: 0 | U41: 14808.4 | V41: 0 | W41: 0 | X41: 74767.85 | Y41: 1646.6 | Z41: 64419 | AA41: 0 | AB41: 8123.55 | AC41: 5397.7 | AD41: 3500 | AE41: 4373.5 | AF41: 6081.76 | AG41: 57650.95 | AH41: 24180.25 | AI41: 10897.2 | AJ41: 3000 | AK41: 60056.55 | AL41: 5884.53 | AM41: 44358.37 | AN41: 0 | AO41: 0 | AP41: 9464.78 | AQ41: 13192.7 | AR41: 112767.45 | AS41: 99539.57 | AT41: 196044.14 | AU41: 1484.3 | AV41: 157760.01 | AW41: 13512 | AX41: 35.86 | AY41: -310 | AZ41: 10462.5 | BA41: 5123.95 | BB41: 39690.97 | BC41: 5104 | BD41: 10234.45 | BE41: 19316.63 | BF41: =SUM(E41:BE41) -> 2132678.2 | BG41: =SUM(E41:W41) -> 1064917.1 | BH41: =SUM(X41:AJ41) -> 264038.36 | BI41: =SUM(AK41:BE41) -> 803722.76
B43: 36 | D43: Charges de transferts | E43: =E44+E45+E46+E47+E48+E49+E50+E51 -> 2209370.2 | F43: =F44+F45+F46+F47+F48+F49+F50+F51 -> 627387.05 | G43: =G44+G45+G46+G47+G48+G49+G50+G51 -> 1067999.6 | H43: =H44+H45+H46+H47+H48+H49+H50+H51 -> 993032.24 | I43: =I44+I45+I46+I47+I48+I49+I50+I51 -> 7195314.7 | J43: =J44+J45+J46+J47+J48+J49+J50+J51 -> 6522316 | K43: =K44+K45+K46+K47+K48+K49+K50+K51 -> 6360565.8 | L43: =L44+L45+L46+L47+L48+L49+L50+L51 -> 41645194 | ... BI43: =BI44+BI45+BI46+BI47+BI48+BI49+BI50+BI51 -> 63967380
C44: 360 | D44: Parts de revenus destinés à des collectivités publiques | E44: 4379.6 | F44: 1560 | G44: 1440 | H44: 1000 | I44: 16200.7 | J44: 118930.7 | K44: 39560 | L44: 26242.15 | M44: 2880 | N44: 660 | O44: 86349.55 | P44: 1260 | Q44: 240 | R44: 1380 | S44: 1040 | T44: 2870.5 | U44: 940 | V44: 1420 | W44: 7300 | X44: 2535 | Y44: 7757.25 | Z44: 0 | AA44: 525 | AB44: 1330 | AC44: 4490 | AD44: 10716.35 | AE44: 5640 | AF44: 4480 | AG44: 18105 | AH44: 23049.98 | AI44: 2220 | AJ44: 3371 | AK44: 5889 | AL44: 4420 | AM44: 5370 | AN44: 740 | AO44: 2205 | AP44: 527.2 | AQ44: 2000 | AR44: 7185 | AS44: 2480 | AT44: 2800 | AU44: 1735 | AV44: 9865 | AW44: 1660 | AX44: 0 | AY44: 140 | AZ44: 5245 | BA44: 3005 | BB44: 4865 | BC44: 309.8 | BD44: 15985 | BE44: 2220 | BF44: =SUM(E44:BE44) -> 478518.78 | BG44: =SUM(E44:W44) -> 315653.2 | BH44: =SUM(X44:AJ44) -> 84219.58 | BI44: =SUM(AK44:BE44) -> 78646
C45: 361 | D45: Dédommagements aux collectivités publiques | E45: 1642996.4 | F45: 426368.55 | G45: 870822.43 | H45: 727515 | I45: 4562345.7 | J45: 4166628 | K45: 4728107.2 | L45: 17598891 | M45: 2579016.7 | N45: 142621.8 | O45: 11520361 | P45: 824706.83 | Q45: 190499.47 | R45: 654801.9 | S45: 526071.5 | T45: 1078168.8 | U45: 398712.5 | V45: 803298.46 | W45: 4186782 | X45: 463776.45 | Y45: 2122765.7 | Z45: 2386302.6 | AA45: 146610.85 | AB45: 324583.4 | AC45: 990991 | AD45: 1039219.1 | AE45: 833630 | AF45: 916735.67 | AG45: 3242852.4 | AH45: 3203278.8 | AI45: 391709.65 | AJ45: 234108.95 | AK45: 3879098 | AL45: 1891880.6 | AM45: 2320298.8 | AN45: 168329.5 | AO45: 1397618.5 | AP45: 1371415.4 | AQ45: 1034573.6 | AR45: 2168914.3 | AS45: 1396047.5 | AT45: 1852728.5 | AU45: 559225.52 | AV45: 5038855.5 | AW45: 1310763.2 | AX45: 296070.14 | AY45: 494081.62 | AZ45: 3020900.2 | BA45: 833538.46 | BB45: 1879788 | BC45: 351335.54 | BD45: 8597748.8 | BE45: 1048753.6 | BF45: =SUM(E45:BE45) -> 1.1483725e+08 | BG45: =SUM(E45:W45) -> 57628715 | BH45: =SUM(X45:AJ45) -> 16296565 | BI45: =SUM(AK45:BE45) -> 40911965
C46: 362 | D46: Péréquation financière et compensation de charges | E46: 22114 | F46: 6240 | G46: 0 | H46: 0 | I46: 140230 | J46: 130811 | K46: 128164 | L46: 929100.5 | M46: 96891 | N46: 48680.34 | O46: 224405 | P46: 0 | Q46: 3347 | R46: 0 | S46: 0 | T46: 29695.95 | U46: 0 | V46: 52463 | W46: 0 | X46: 0 | Y46: 0 | Z46: 1844217 | AA46: 0 | AB46: 0 | AC46: 12380 | AD46: 0 | AE46: 0 | AF46: 1331 | AG46: 289157 | AH46: 0 | AI46: 0 | AJ46: 0 | AK46: 0 | AL46: 105139 | AM46: 0 | AN46: 0 | AO46: 1491774 | AP46: 8591 | AQ46: 17577 | AR46: 0 | AS46: 19558 | AT46: 0 | AU46: 89804 | AV46: 64315 | AW46: 0 | AX46: 0 | AY46: 0 | AZ46: 45951 | BA46: 5113 | BB46: 39223 | BC46: 0 | BD46: 467838 | BE46: 0 | BF46: =SUM(E46:BE46) -> 6314109.8 | BG46: =SUM(E46:W46) -> 1812141.8 | BH46: =SUM(X46:AJ46) -> 2147085 | BI46: =SUM(AK46:BE46) -> 2354883
C47: 363 | D47: Subventions à des collectivités publiques et des tiers | E47: 531555.2 | F47: 191274.5 | G47: 195737.2 | H47: 233517.97 | I47: 2476538.3 | J47: 2076831.3 | K47: 1464734.6 | L47: 18483918 | M47: 813424 | N47: 140659 | O47: 4555166.7 | P47: 241403.45 | Q47: 43156.65 | R47: 189197.25 | S47: 168293.45 | T47: 259329.5 | U47: 142189.45 | V47: 418431.5 | W47: 1720116.4 | X47: 188458.45 | Y47: 743844.61 | Z47: 912495.5 | AA47: 41847.3 | AB47: 83737.35 | AC47: 335630.8 | AD47: 405362.92 | AE47: 390552.2 | AF47: 285532.45 | AG47: 1354558.1 | AH47: 2595589.5 | AI47: 102702.8 | AJ47: 115946.65 | AK47: 1011327.2 | AL47: 667769.2 | AM47: 767074.4 | AN47: 139293.37 | AO47: 1289123.7 | AP47: 586416.54 | AQ47: 306131.96 | AR47: 831679.4 | AS47: 402059.25 | AT47: 770551.47 | AU47: 210312.15 | AV47: 1214835.3 | AW47: 372615.65 | AX47: 157927.6 | AY47: 183855.7 | AZ47: 928286.3 | BA47: 196180.45 | BB47: 603340.25 | BC47: 108977.75 | BD47: 9441132.7 | BE47: 387396.4 | BF47: =SUM(E47:BE47) -> 62478020 | BG47: =SUM(E47:W47) -> 34345475 | BH47: =SUM(X47:AJ47) -> 7556258.6 | BI47: =SUM(AK47:BE47) -> 20576287
C48: 364 | D48: Réévaluations des prets du PA | E48: 0 | F48: 0 | G48: 0 | H48: 0 | I48: 0 | J48: 0 | K48: 0 | L48: 0 | M48: 0 | N48: 0 | O48: 0 | P48: 0 | Q48: 0 | R48: 0 | S48: 0 | T48: 0 | U48: 0 | V48: 0 | W48: 0 | X48: 0 | Y48: 0 | Z48: 0 | AA48: 0 | AB48: 0 | AC48: 0 | AD48: 0 | AE48: 0 | AF48: 0 | AG48: 0 | AH48: 0 | AI48: 0 | AJ48: 0 | AK48: 0 | AL48: 0 | AM48: 0 | AN48: 0 | AO48: 0 | AP48: 0 | AQ48: 0 | AR48: 0 | AS48: 0 | AT48: 0 | AU48: 0 | AV48: 0 | AW48: 0 | AX48: 0 | AY48: 0 | AZ48: 0 | BA48: 0 | BB48: 0 | BC48: 0 | BD48: 0 | BE48: 0 | BF48: =SUM(E48:BE48) -> 0 | BG48: =SUM(E48:W48) -> 0 | BH48: =SUM(X48:AJ48) -> 0 | BI48: =SUM(AK48:BE48) -> 0
C49: 365 | D49: Réévaluations des participations du PA | E49: 0 | F49: 0 | G49: 0 | H49: 0 | I49: 0 | J49: 0 | K49: 0 | L49: 0 | M49: 0 | N49: 0 | O49: 0 | P49: 0 | Q49: 0 | R49: 0 | S49: 0 | T49: 0 | U49: 7400 | V49: 0 | W49: 0 | X49: 0 | Y49: 0 | Z49: 0 | AA49: 0 | AB49: 0 | AC49: 0 | AD49: 0 | AE49: 0 | AF49: 0 | AG49: 0 | AH49: 0 | AI49: 0 | AJ49: 0 | AK49: 0 | AL49: 0 | AM49: 0 | AN49: 0 | AO49: 0 | AP49: 0 | AQ49: 0 | AR49: 0 | AS49: 0 | AT49: 0 | AU49: 0 | AV49: 0 | AW49: 0 | AX49: 0 | AY49: 0 | AZ49: 13420 | BA49: 0 | BB49: 0 | BC49: 0 | BD49: 0 | BE49: 0 | BF49: =SUM(E49:BE49) -> 20820 | BG49: =SUM(E49:W49) -> 7400 | BH49: =SUM(X49:AJ49) -> 0 | BI49: =SUM(AK49:BE49) -> 13420
C50: 366 | D50: Amortissements des subventions des investissements | E50: 0 | F50: 0 | G50: 0 | H50: 0 | I50: 0 | J50: 0 | K50: 0 | L50: 0 | M50: 0 | N50: 0 | O50: 15250 | P50: 0 | Q50: 0 | R50: 0 | S50: 0 | T50: 0 | U50: 0 | V50: 0 | W50: 0 | X50: 0 | Y50: 5000 | Z50: 0 | AA50: 0 | AB50: 0 | AC50: 0 | AD50: 0 | AE50: 0 | AF50: 0 | AG50: 0 | AH50: 0 | AI50: 4800 | AJ50: 0 | AK50: 0 | AL50: 0 | AM50: 0 | AN50: 0 | AO50: 0 | AP50: 0 | AQ50: 0 | AR50: 0 | AS50: 0 | AT50: 0 | AU50: 0 | AV50: 0 | AW50: 0 | AX50: 0 | AY50: 0 | AZ50: 0 | BA50: 0 | BB50: 0 | BC50: 0 | BD50: 0 | BE50: 0 | BF50: =SUM(E50:BE50) -> 25050 | BG50: =SUM(E50:W50) -> 15250 | BH50: =SUM(X50:AJ50) -> 9800 | BI50: =SUM(AK50:BE50) -> 0
C51: 369 | D51: Différentes charges de transfert à des collectivités publiques et tiers | E51: 8325 | F51: 1944 | G51: 0 | H51: 30999.27 | I51: 0 | J51: 29115 | K51: 0 | L51: 4607041.6 | M51: 219133.66 | N51: 0 | O51: 18773.2 | P51: 0 | Q51: 0 | R51: 3582 | S51: 0 | T51: 0 | U51: 2052 | V51: 3960 | W51: 0 | X51: 0 | Y51: 7812 | Z51: 13014 | AA51: 0 | AB51: 0 | AC51: 0 | AD51: 17370.95 | AE51: 3789 | AF51: 7447.5 | AG51: 15120 | AH51: 21582 | AI51: 1161 | AJ51: 0 | AK51: 0 | AL51: 0 | AM51: 1854 | AN51: 0 | AO51: 0 | AP51: 0 | AQ51: 6019.35 | AR51: 6705 | AS51: 6408 | AT51: 0 | AU51: 60 | AV51: 0 | AW51: 0 | AX51: 1575 | AY51: 2925 | AZ51: 0 | BA51: 0 | BB51: 0 | BC51: 1629 | BD51: 0 | BE51: 5004 | BF51: =SUM(E51:BE51) -> 5044401.5 | BG51: =SUM(E51:W51) -> 4924925.7 | BH51: =SUM(X51:AJ51) -> 87296.45 | BI51: =SUM(AK51:BE51) -> 32179.35
B53: 37 | D53: Subventions à redistribuer | E53: =E54 -> 0 | F53: =F54 -> 0 | G53: =G54 -> 0 | H53: =H54 -> 0 | I53: =I54 -> 0 | J53: =J54 -> 0 | K53: =K54 -> 0 | L53: =L54 -> 0 | ... BI53: =BI54 -> 139007.65
C54: 370 | D54: Subventions à redistribuer à des collectivités publiques et des tiers | E54: 0 | F54: 0 | G54: 0 | H54: 0 | I54: 0 | J54: 0 | K54: 0 | L54: 0 | M54: 0 | N54: 0 | O54: 0 | P54: 0 | Q54: 0 | R54: 0 | S54: 0 | T54: 0 | U54: 0 | V54: 0 | W54: 0 | X54: 419365.9 | Y54: 0 | Z54: 429137 | AA54: 145651.5 | AB54: 176860.15 | AC54: 188161.95 | AD54: 0 | AE54: 238357.4 | AF54: 591726.85 | AG54: 419088.2 | AH54: 0 | AI54: 4182.35 | AJ54: 0 | AK54: 10000 | AL54: 0 | AM54: 18999.8 | AN54: 0 | AO54: 0 | AP54: 1027.5 | AQ54: 0 | AR54: 56776.35 | AS54: 0 | AT54: 0 | AU54: 0 | AV54: 42544 | AW54: 9660 | AX54: 0 | AY54: 0 | AZ54: 0 | BA54: 0 | BB54: 0 | BC54: 0 | BD54: 0 | BE54: 0 | BF54: =SUM(E54:BE54) -> 2751539 | BG54: =SUM(E54:W54) -> 0 | BH54: =SUM(X54:AJ54) -> 2612531.3 | BI54: =SUM(AK54:BE54) -> 139007.65
B56: 38 | D56: Charges extraordinaires | E56: =E57+E58+E59+E60+E61+E62 -> 0 | F56: =F57+F58+F59+F60+F61+F62 -> 0 | G56: =G57+G58+G59+G60+G61+G62 -> 0 | H56: =H57+H58+H59+H60+H61+H62 -> 339.5 | I56: =I57+I58+I59+I60+I61+I62 -> 470135.1 | J56: =J57+J58+J59+J60+J61+J62 -> 0 | K56: =K57+K58+K59+K60+K61+K62 -> 100000 | L56: =L57+L58+L59+L60+L61+L62 -> 0 | ... BI56: =BI57+BI58+BI59+BI60+BI61+BI62 -> 3025299.4
C57: 380 | D57: Charges extraordinaires du personnel administratif et d'exploitation | E57: 0 | F57: 0 | G57: 0 | H57: 0 | I57: 0 | J57: 0 | K57: 0 | L57: 0 | M57: 0 | N57: 0 | O57: 0 | P57: 0 | Q57: 0 | R57: 0 | S57: 0 | T57: 0 | U57: 0 | V57: 0 | W57: 0 | X57: 0 | Y57: 0 | Z57: 0 | AA57: 0 | AB57: 0 | AC57: 0 | AD57: 0 | AE57: 0 | AF57: 0 | AG57: 0 | AH57: 0 | AI57: 0 | AJ57: 0 | AK57: 0 | AL57: 11 | AM57: 0 | AN57: 0 | AO57: 0 | AP57: 0 | AQ57: 0 | AR57: 0 | AS57: 0 | AT57: 0 | AU57: 0 | AV57: 0 | AW57: 0 | AX57: 0 | AY57: 0 | AZ57: 0 | BA57: 0 | BB57: 0 | BC57: 0 | BD57: 0 | BE57: 0 | BF57: =SUM(E57:BE57) -> 11 | BG57: =SUM(E57:W57) -> 0 | BH57: =SUM(X57:AJ57) -> 0 | BI57: =SUM(AK57:BE57) -> 11
C58: 381 | D58: charges extraordinaires de biens et de services d'exploitation | E58: 0 | F58: 0 | G58: 0 | H58: 339.5 | I58: 0 | J58: 0 | K58: 0 | L58: 0 | M58: 0 | N58: 0 | O58: 1157.5 | P58: 0 | Q58: 0 | R58: 0 | S58: 0 | T58: 0 | U58: 0 | V58: 0 | W58: 0 | X58: 0 | Y58: 0 | Z58: 0 | AA58: 0 | AB58: 0 | AC58: 0 | AD58: 15900 | AE58: 0 | AF58: 0 | AG58: 0 | AH58: 0 | AI58: 0 | AJ58: 0 | AK58: 0 | AL58: 0 | AM58: 0 | AN58: 0 | AO58: 0 | AP58: 0 | AQ58: 0 | AR58: 0 | AS58: 0 | AT58: 0 | AU58: 0 | AV58: 0 | AW58: 10490 | AX58: 0 | AY58: 0 | AZ58: 0 | BA58: 0 | BB58: 0 | BC58: 0 | BD58: 0 | BE58: 0 | BF58: =SUM(E58:BE58) -> 27887 | BG58: =SUM(E58:W58) -> 1497 | BH58: =SUM(X58:AJ58) -> 15900 | BI58: =SUM(AK58:BE58) -> 10490
C59: 384 | D59: Charges extraordinaires financières et comptables | E59: 0 | F59: 0 | G59: 0 | H59: 0 | I59: 135.1 | J59: 0 | K59: 0 | L59: 0 | M59: 0 | N59: 0 | O59: 0 | P59: 0 | Q59: 0 | R59: 0 | S59: 0 | T59: 0 | U59: 0 | V59: 0 | W59: 0 | X59: 0 | Y59: 0 | Z59: 0 | AA59: 0 | AB59: 0 | AC59: 0 | AD59: 0 | AE59: 0 | AF59: 0 | AG59: 0 | AH59: 0 | AI59: 0 | AJ59: 0 | AK59: 0 | AL59: 0 | AM59: 0 | AN59: 764.24 | AO59: 0 | AP59: 0 | AQ59: 0 | AR59: 0 | AS59: 0 | AT59: 0 | AU59: 0 | AV59: 0 | AW59: 0 | AX59: 0 | AY59: 0 | AZ59: 0 | BA59: 0 | BB59: 0 | BC59: 0 | BD59: 155.2 | BE59: 0 | BF59: =SUM(E59:BE59) -> 1054.54 | BG59: =SUM(E59:W59) -> 135.1 | BH59: =SUM(X59:AJ59) -> 0 | BI59: =SUM(AK59:BE59) -> 919.44
C60: 385 | D60: Attributions extraordinaires aux financements spéciaux | E60: 0 | F60: 0 | G60: 0 | H60: 0 | I60: 0 | J60: 0 | K60: 0 | L60: 0 | M60: 0 | N60: 0 | O60: 0 | P60: 0 | Q60: 0 | R60: 0 | S60: 0 | T60: 0 | U60: 0 | V60: 0 | W60: 0 | X60: 0 | Y60: 0 | Z60: 0 | AA60: 0 | AB60: 0 | AC60: 0 | AD60: 0 | AE60: 0 | AF60: 0 | AG60: 0 | AH60: 0 | AI60: 0 | AJ60: 0 | AK60: 0 | AL60: 0 | AM60: 0 | AN60: 0 | AO60: 0 | AP60: 0 | AQ60: 0 | AR60: 0 | AS60: 0 | AT60: 0 | AU60: 0 | AV60: 0 | AW60: 0 | AX60: 0 | AY60: 0 | AZ60: 0 | BA60: 0 | BB60: 0 | BC60: 3640 | BD60: 0 | BE60: 0 | BF60: =SUM(E60:BE60) -> 3640 | BG60: =SUM(E60:W60) -> 0 | BH60: =SUM(X60:AJ60) -> 0 | BI60: =SUM(AK60:BE60) -> 3640
C61: 386 | D61: Charges de transfert extraordinaires au collectivités et aux tiers | E61: 0 | F61: 0 | G61: 0 | H61: 0 | I61: 0 | J61: 0 | K61: 0 | L61: 0 | M61: 0 | N61: 0 | O61: 0 | P61: 0 | Q61: 0 | R61: 0 | S61: 0 | T61: 0 | U61: 0 | V61: 0 | W61: 0 | X61: 0 | Y61: 0 | Z61: 0 | AA61: 0 | AB61: 0 | AC61: 0 | AD61: 3670 | AE61: 0 | AF61: 0 | AG61: 0 | AH61: 0 | AI61: 0 | AJ61: 0 | AK61: 0 | AL61: 0 | AM61: 0 | AN61: 0 | AO61: 0 | AP61: 0 | AQ61: 0 | AR61: 0 | AS61: 0 | AT61: 0 | AU61: 0 | AV61: 0 | AW61: 0 | AX61: 0 | AY61: 0 | AZ61: 0 | BA61: 0 | BB61: 0 | BC61: 0 | BD61: 0 | BE61: 0 | BF61: =SUM(E61:BE61) -> 3670 | BG61: =SUM(E61:W61) -> 0 | BH61: =SUM(X61:AJ61) -> 3670 | BI61: =SUM(AK61:BE61) -> 0
C62: 389 | D62: Attributions au capital propre | E62: 0 | F62: 0 | G62: 0 | H62: 0 | I62: 470000 | J62: 0 | K62: 100000 | L62: 0 | M62: 0 | N62: 0 | O62: 0 | P62: 0 | Q62: 0 | R62: 0 | S62: 23651.4 | T62: 0 | U62: 0 | V62: 0 | W62: 787113.6 | X62: 21795.38 | Y62: 0 | Z62: 51438.41 | AA62: 0 | AB62: 0 | AC62: 0 | AD62: 0 | AE62: 0 | AF62: 0 | AG62: 200000 | AH62: 650000 | AI62: 40000 | AJ62: 0 | AK62: 401659.89 | AL62: 493741.35 | AM62: 100000 | AN62: 2106.63 | AO62: 800000 | AP62: 0 | AQ62: 0 | AR62: 270000 | AS62: 275000 | AT62: 0 | AU62: 0 | AV62: 100000 | AW62: 248757.85 | AX62: 0 | AY62: 0 | AZ62: 200000 | BA62: 0 | BB62: 58973.21 | BC62: 0 | BD62: 0 | BE62: 60000 | BF62: =SUM(E62:BE62) -> 5354237.7 | BG62: =SUM(E62:W62) -> 1380765 | BH62: =SUM(X62:AJ62) -> 963233.79 | BI62: =SUM(AK62:BE62) -> 3010238.9
B64: 39 | D64: Imputations internes | E64: =E65+E66+E67+E68+E69+E70+E71+E72 -> 0 | F64: =F65+F66+F67+F68+F69+F70+F71+F72 -> 23767.65 | G64: =G65+G66+G67+G68+G69+G70+G71+G72 -> 7417.7 | H64: =H65+H66+H67+H68+H69+H70+H71+H72 -> 38216.6 | I64: =I65+I66+I67+I68+I69+I70+I71+I72 -> 317300 | J64: =J65+J66+J67+J68+J69+J70+J71+J72 -> 71777 | K64: =K65+K66+K67+K68+K69+K70+K71+K72 -> 196076.65 | L64: =L65+L66+L67+L68+L69+L70+L71+L72 -> 5163108.5 | ... BI64: =BI65+BI66+BI67+BI68+BI69+BI70+BI71+BI72 -> 767100.32
C65: 390 | D65: Approvisionnement en matériel et en marchandises | E65: 0 | F65: 200 | G65: 0 | H65: 0 | I65: 0 | J65: 0 | K65: 0 | L65: 40000 | M65: 1200 | N65: 0 | O65: 0 | P65: 0 | Q65: 0 | R65: 0 | S65: 0 | T65: 10105.5 | U65: 0 | V65: 0 | W65: 13000 | X65: 0 | Y65: 0 | Z65: 0 | AA65: 0 | AB65: 0 | AC65: 0 | AD65: 1150 | AE65: 0 | AF65: 0 | AG65: 4614.8 | AH65: 0 | AI65: 0 | AJ65: 0 | AK65: 0 | AL65: 0 | AM65: 0 | AN65: 0 | AO65: 0 | AP65: 1500 | AQ65: 0 | AR65: 0 | AS65: 0 | AT65: 0 | AU65: 0 | AV65: 0 | AW65: 0 | AX65: 0 | AY65: 0 | AZ65: 0 | BA65: 0 | BB65: 0 | BC65: 0 | BD65: 0 | BE65: 0 | BF65: =SUM(E65:BE65) -> 71770.3 | BG65: =SUM(E65:W65) -> 64505.5 | BH65: =SUM(X65:AJ65) -> 5764.8 | BI65: =SUM(AK65:BE65) -> 1500
C66: 391 | D66: Prestations de services | E66: 0 | F66: 2645.2 | G66: 4400 | H66: 37860.6 | I66: 8500 | J66: 71777 | K66: 129750 | L66: 994584.25 | M66: 58141 | N66: 0 | O66: 0 | P66: 33302 | Q66: 0 | R66: 44727 | S66: 0 | T66: 0 | U66: 0 | V66: 56708.3 | W66: 90400 | X66: 0 | Y66: 0 | Z66: 0 | AA66: 15100 | AB66: 0 | AC66: 0 | AD66: 56860.8 | AE66: 77935.65 | AF66: 69667.45 | AG66: 1750.55 | AH66: 23800 | AI66: 0 | AJ66: 0 | AK66: 93000 | AL66: 0 | AM66: 3190 | AN66: 240 | AO66: 36096.8 | AP66: 59424.8 | AQ66: 0 | AR66: 0 | AS66: 49191.05 | AT66: 0 | AU66: 0 | AV66: 81719.25 | AW66: 0 | AX66: 0 | AY66: 0 | AZ66: 95691.1 | BA66: 0 | BB66: 153317.13 | BC66: 0 | BD66: 0 | BE66: 15500 | BF66: =SUM(E66:BE66) -> 2365279.9 | BG66: =SUM(E66:W66) -> 1532795.4 | BH66: =SUM(X66:AJ66) -> 245114.45 | BI66: =SUM(AK66:BE66) -> 587370.13
C67: 392 | D67: Loyer, baux à ferme et frais d'utilisation | E67: 0 | F67: 0 | G67: 0 | H67: 0 | I67: 0 | J67: 0 | K67: 0 | L67: 110000 | M67: 0 | N67: 0 | O67: 0 | P67: 0 | Q67: 0 | R67: 0 | S67: 0 | T67: 0 | U67: 0 | V67: 0 | W67: 0 | X67: 0 | Y67: 0 | Z67: 84000 | AA67: 0 | AB67: 0 | AC67: 0 | AD67: 0 | AE67: 0 | AF67: 0 | AG67: 0 | AH67: 0 | AI67: 0 | AJ67: 0 | AK67: 0 | AL67: 0 | AM67: 0 | AN67: 0 | AO67: 0 | AP67: 0 | AQ67: 0 | AR67: 0 | AS67: 0 | AT67: 0 | AU67: 0 | AV67: 0 | AW67: 0 | AX67: 0 | AY67: 0 | AZ67: 0 | BA67: 0 | BB67: 0 | BC67: 0 | BD67: 0 | BE67: 0 | BF67: =SUM(E67:BE67) -> 194000 | BG67: =SUM(E67:W67) -> 110000 | BH67: =SUM(X67:AJ67) -> 84000 | BI67: =SUM(AK67:BE67) -> 0
C68: 393 | D68: Frais administratifs et d'exploitation | E68: 0 | F68: 0 | G68: 0 | H68: 0 | I68: 0 | J68: 0 | K68: 9627.8 | L68: 0 | M68: 0 | N68: 0 | O68: 0 | P68: 0 | Q68: 0 | R68: 0 | S68: 0 | T68: 0 | U68: 0 | V68: 0 | W68: 6000 | X68: 0 | Y68: 0 | Z68: 0 | AA68: 0 | AB68: 0 | AC68: 0 | AD68: 0 | AE68: 0 | AF68: 0 | AG68: 0 | AH68: 0 | AI68: 0 | AJ68: 0 | AK68: 0 | AL68: 0 | AM68: 0 | AN68: 0 | AO68: 0 | AP68: 0 | AQ68: 0 | AR68: 0 | AS68: 16481.89 | AT68: 0 | AU68: 0 | AV68: 0 | AW68: 0 | AX68: 0 | AY68: 0 | AZ68: 0 | BA68: 0 | BB68: 0 | BC68: 0 | BD68: 0 | BE68: 0 | BF68: =SUM(E68:BE68) -> 32109.69 | BG68: =SUM(E68:W68) -> 15627.8 | BH68: =SUM(X68:AJ68) -> 0 | BI68: =SUM(AK68:BE68) -> 16481.89
C69: 394 | D69: Intérêts et charges financières théoriques | E69: 0 | F69: 20922.45 | G69: 3017.7 | H69: 0 | I69: 308800 | J69: 0 | K69: 56698.85 | L69: 554500 | M69: 33877.26 | N69: 0 | O69: 62019 | P69: 0 | Q69: 0 | R69: 0 | S69: 0 | T69: 0 | U69: 0 | V69: 0 | W69: 146095.8 | X69: 0 | Y69: 0 | Z69: 0 | AA69: 0 | AB69: 0 | AC69: 0 | AD69: 0 | AE69: 0 | AF69: 0 | AG69: 0 | AH69: 0 | AI69: 0 | AJ69: 692.85 | AK69: 0 | AL69: 59347.1 | AM69: 0 | AN69: 0 | AO69: 0 | AP69: 28463.05 | AQ69: 0 | AR69: 0 | AS69: 63147.1 | AT69: 0 | AU69: 0 | AV69: 0 | AW69: 0 | AX69: 7276.95 | AY69: 0 | AZ69: 0 | BA69: 0 | BB69: 0 | BC69: 2514.1 | BD69: 0 | BE69: 0 | BF69: =SUM(E69:BE69) -> 1347372.2 | BG69: =SUM(E69:W69) -> 1185931.1 | BH69: =SUM(X69:AJ69) -> 692.85 | BI69: =SUM(AK69:BE69) -> 160748.3
C70: 395 | D70: Amortissements planifiés et non planifiés du PA | E70: 0 | F70: 0 | G70: 0 | H70: 356 | I70: 0 | J70: 0 | K70: 0 | L70: 0 | M70: 0 | N70: 0 | O70: 0 | P70: 0 | Q70: 0 | R70: 0 | S70: 0 | T70: 0 | U70: 0 | V70: 0 | W70: 0 | X70: 0 | Y70: 0 | Z70: 0 | AA70: 0 | AB70: 0 | AC70: 0 | AD70: 0 | AE70: 0 | AF70: 0 | AG70: 0 | AH70: 0 | AI70: 0 | AJ70: 0 | AK70: 0 | AL70: 0 | AM70: 0 | AN70: 0 | AO70: 0 | AP70: 0 | AQ70: 0 | AR70: 0 | AS70: 0 | AT70: 0 | AU70: 0 | AV70: 0 | AW70: 0 | AX70: 0 | AY70: 0 | AZ70: 0 | BA70: 0 | BB70: 0 | BC70: 0 | BD70: 0 | BE70: 0 | BF70: =SUM(E70:BE70) -> 356 | BG70: =SUM(E70:W70) -> 356 | BH70: =SUM(X70:AJ70) -> 0 | BI70: =SUM(AK70:BE70) -> 0
C71: 398 | D71: Virements comptabiles | E71: 0 | F71: 0 | G71: 0 | H71: 0 | I71: 0 | J71: 0 | K71: 0 | L71: 2367133.3 | M71: 0 | N71: 0 | O71: 0 | P71: 0 | Q71: 0 | R71: 0 | S71: 0 | T71: 0 | U71: 0 | V71: 0 | W71: 0 | X71: 0 | Y71: 0 | Z71: 0 | AA71: 0 | AB71: 0 | AC71: 0 | AD71: 0 | AE71: 0 | AF71: 104093.55 | AG71: 0 | AH71: 0 | AI71: 0 | AJ71: 0 | AK71: 0 | AL71: 0 | AM71: 0 | AN71: 0 | AO71: 0 | AP71: 0 | AQ71: 0 | AR71: 0 | AS71: 0 | AT71: 0 | AU71: 0 | AV71: 0 | AW71: 0 | AX71: 0 | AY71: 0 | AZ71: 0 | BA71: 0 | BB71: 0 | BC71: 0 | BD71: 0 | BE71: 0 | BF71: =SUM(E71:BE71) -> 2471226.9 | BG71: =SUM(E71:W71) -> 2367133.3 | BH71: =SUM(X71:AJ71) -> 104093.55 | BI71: =SUM(AK71:BE71) -> 0
C72: 399 | D72: Autres imputations internes | E72: 0 | F72: 0 | G72: 0 | H72: 0 | I72: 0 | J72: 0 | K72: 0 | L72: 1096890.9 | M72: 0 | N72: 0 | O72: 0 | P72: 0 | Q72: 0 | R72: 0 | S72: 0 | T72: 0 | U72: 0 | V72: 0 | W72: 5400 | X72: 0 | Y72: 0 | Z72: 0 | AA72: 0 | AB72: 0 | AC72: 0 | AD72: 0 | AE72: 0 | AF72: 0 | AG72: 0 | AH72: 0 | AI72: 0 | AJ72: 0 | AK72: 0 | AL72: 0 | AM72: 0 | AN72: 0 | AO72: 0 | AP72: 0 | AQ72: 0 | AR72: 0 | AS72: 0 | AT72: 0 | AU72: 0 | AV72: 0 | AW72: 0 | AX72: 0 | AY72: 0 | AZ72: 1000 | BA72: 0 | BB72: 0 | BC72: 0 | BD72: 0 | BE72: 0 | BF72: =SUM(E72:BE72) -> 1103290.9 | BG72: =SUM(E72:W72) -> 1102290.9 | BH72: =SUM(X72:AJ72) -> 0 | BI72: =SUM(AK72:BE72) -> 1000
A75: 4 | D75: Revenus | E75: =E76+E82+E88+E99+E105+E117+E121+E128+E131+E140 -> 3592856.2 | F75: =F76+F82+F88+F99+F105+F117+F121+F128+F131+F140 -> 1055665.3 | G75: =G76+G82+G88+G99+G105+G117+G121+G128+G131+G140 -> 1542170.1 | H75: =H76+H82+H88+H99+H105+H117+H121+H128+H131+H140 -> 1977596 | I75: =I76+I82+I88+I99+I105+I117+I121+I128+I131+I140 -> 15874153 | J75: =J76+J82+J88+J99+J105+J117+J121+J128+J131+J140 -> 13528253 | K75: =K76+K82+K88+K99+K105+K117+K121+K128+K131+K140 -> 10538477 | L75: =L76+L82+L88+L99+L105+L117+L121+L128+L131+L140 -> 1.0435208e+08 | ... BI75: =BI76+BI82+BI88+BI99+BI105+BI117+BI121+BI128+BI131+BI140 -> 1.2592234e+08
B76: 40 | D76: Revenus fiscaux | E76: =E77+E78+E79+E80 -> 2484648.4 | F76: =F77+F78+F79+F80 -> 639537.71 | G76: =G77+G78+G79+G80 -> 1097662 | H76: =H77+H78+H79+H80 -> 1055174.8 | I76: =I77+I78+I79+I80 -> 9379199.5 | J76: =J77+J78+J79+J80 -> 9171089.6 | K76: =K77+K78+K79+K80 -> 7224616.5 | L76: =L77+L78+L79+L80 -> 41044039 | ... BI76: =BI77+BI78+BI79+BI80 -> 74877451
C77: 400 | D77: Impôts directs des personnes physiques | E77: 2089448.2 | F77: 492282.79 | G77: 949917.15 | H77: 841221.18 | I77: 7675746.4 | J77: 7567612.6 | K77: 5914223.3 | L77: 28291546 | M77: 2993299.5 | N77: 178520.05 | O77: 14978468 | P77: 923297.55 | Q77: 233632.67 | R77: 894841.17 | S77: 722684.29 | T77: 1853875.1 | U77: 414418.45 | V77: 976276.95 | W77: 6954871.4 | X77: 705231.84 | Y77: 5167560.5 | Z77: 2851513.7 | AA77: 201253.2 | AB77: 272253.9 | AC77: 1175064.7 | AD77: 1415436 | AE77: 1180186.8 | AF77: 1212955 | AG77: 4742424.3 | AH77: 6279647 | AI77: 351906.95 | AJ77: 243024.85 | AK77: 4750955.5 | AL77: 2118419.8 | AM77: 2412689.3 | AN77: 281720.31 | AO77: 3131674.6 | AP77: 1357873.5 | AQ77: 1539191.7 | AR77: 2468752.6 | AS77: 1710364.4 | AT77: 2113393.6 | AU77: 104808.02 | AV77: 5179504.8 | AW77: 2050363.3 | AX77: 313398.7 | AY77: 714266.27 | AZ77: 4221312.5 | BA77: 761215.9 | BB77: 2495255.4 | BC77: 327291.61 | BD77: 16446908 | BE77: 1229515 | BF77: =SUM(E77:BE77) -> 1.6647352e+08 | BG77: =SUM(E77:W77) -> 84946183 | BH77: =SUM(X77:AJ77) -> 25798459 | BI77: =SUM(AK77:BE77) -> 55728875
C78: 401 | D78: Impôts directs des personnes morales | E78: 99854.85 | F78: 3715.57 | G78: 31467.08 | H78: 40843.8 | I78: 307672.43 | J78: 443475.74 | K78: 609166.69 | L78: 7757076.2 | M78: 296224.62 | N78: 5310.2 | O78: 1231334.9 | P78: 24811.05 | Q78: 307.4 | R78: 10607 | S78: 8931.79 | T78: 41352.97 | U78: 8919.2 | V78: 132540.15 | W78: 406055.6 | X78: -1889.38 | Y78: 16408.3 | Z78: 3132885 | AA78: 0 | AB78: 7463.25 | AC78: 81437.1 | AD78: 58675.06 | AE78: 24369.73 | AF78: 31256.28 | AG78: 1530576.8 | AH78: 669347.08 | AI78: 21715.6 | AJ78: 3667 | AK78: 373929.65 | AL78: 48279.35 | AM78: 65945.75 | AN78: 10368.65 | AO78: 3851675.5 | AP78: 293639.55 | AQ78: 10345.28 | AR78: 93326.42 | AS78: 14983.78 | AT78: 61337.4 | AU78: 130686.46 | AV78: 715760.85 | AW78: 135833.45 | AX78: 6096.07 | AY78: 37440.88 | AZ78: 310800.92 | BA78: 14945.6 | BB78: 516787.33 | BC78: 1415.15 | BD78: 2530547.2 | BE78: 33491.09 | BF78: =SUM(E78:BE78) -> 26293215 | BG78: =SUM(E78:W78) -> 11459667 | BH78: =SUM(X78:AJ78) -> 5575911.8 | BI78: =SUM(AK78:BE78) -> 9257636.3
C79: 402 | D79: Autres impôts directs | E79: 281123.4 | F79: 138262.35 | G79: 110576.6 | H79: 170449.82 | I79: 1335684.8 | J79: 1139394.4 | K79: 683222 | L79: 4912126.3 | M79: 462554.85 | N79: 16427 | O79: 2194295.7 | P79: 220168.56 | Q79: 25681.25 | R79: 96107.61 | S79: 94120.95 | T79: 270036.59 | U79: 84421.05 | V79: 151282.5 | W79: 1036483.2 | X79: 95719.5 | Y79: 259447.3 | Z79: 865026.73 | AA79: 39114.62 | AB79: 70081.95 | AC79: 150596.65 | AD79: 218894.91 | AE79: 266902.92 | AF79: 234894.04 | AG79: 739422.05 | AH79: 808001.55 | AI79: 66988.38 | AJ79: 134573.5 | AK79: 751901.55 | AL79: 409757.2 | AM79: 377571.85 | AN79: 45781.25 | AO79: 357193.1 | AP79: 255046.75 | AQ79: 181486.25 | AR79: 585174.31 | AS79: 313806.43 | AT79: 354657.5 | AU79: 43040.55 | AV79: 892136.85 | AW79: 347850.9 | AX79: 49210.86 | AY79: 150463.7 | AZ79: 509536.15 | BA79: 165610.9 | BB79: 442670.12 | BC79: 64155.35 | BD79: 2959789.8 | BE79: 205660.37 | BF79: =SUM(E79:BE79) -> 26834585 | BG79: =SUM(E79:W79) -> 13422419 | BH79: =SUM(X79:AJ79) -> 3949664.1 | BI79: =SUM(AK79:BE79) -> 9462501.7
C80: 403 | D80: Impôts sur la possession et les dépenses | E80: 14222 | F80: 5277 | G80: 5701.2 | H80: 2660 | I80: 60096 | J80: 20606.8 | K80: 18004.45 | L80: 83290.6 | M80: 5918.8 | N80: 1955.6 | O80: 51634.4 | P80: 3609.05 | Q80: 4752.6 | R80: 17427.15 | S80: 11401.8 | T80: 3120 | U80: 12054 | V80: 6049 | W80: 41312 | X80: 23321 | Y80: 14044.65 | Z80: 11307.3 | AA80: 7824.4 | AB80: 3400.8 | AC80: 9280.4 | AD80: 16153.95 | AE80: 33266.3 | AF80: 8695.6 | AG80: 24399.8 | AH80: 85162.8 | AI80: 8755.45 | AJ80: 42187.7 | AK80: 9000 | AL80: 48972.85 | AM80: 21690.65 | AN80: 4877.05 | AO80: 2285.4 | AP80: 12400 | AQ80: 7334.8 | AR80: 112417.45 | AS80: 7464 | AT80: 6955 | AU80: 4600.4 | AV80: 13528.2 | AW80: 4642.6 | AX80: 915.3 | AY80: 4696.35 | AZ80: 22651.6 | BA80: 14529.9 | BB80: 68959.5 | BC80: 2231.2 | BD80: 51910.35 | BE80: 6376 | BF80: =SUM(E80:BE80) -> 1085331.2 | BG80: =SUM(E80:W80) -> 369092.45 | BH80: =SUM(X80:AJ80) -> 287800.15 | BI80: =SUM(AK80:BE80) -> 428438.6
B82: 41 | D82: Revenus de patentes et de concessions | E82: =E83+E84+E85+E86 -> 0 | F82: =F83+F84+F85+F86 -> 11160.5 | G82: =G83+G84+G85+G86 -> 0 | H82: =H83+H84+H85+H86 -> 0 | I82: =I83+I84+I85+I86 -> 477 | J82: =J83+J84+J85+J86 -> 0 | K82: =K83+K84+K85+K86 -> 0 | L82: =L83+L84+L85+L86 -> 0 | ... BI82: =BI83+BI84+BI85+BI86 -> 465888.33
C83: 410 | D83: Revenus de patentes | E83: 0 | F83: 0 | G83: 0 | H83: 0 | I83: 0 | J83: 0 | K83: 0 | L83: 0 | M83: 0 | N83: 0 | O83: 0 | P83: 0 | Q83: 0 | R83: 0 | S83: 0 | T83: 0 | U83: 0 | V83: 0 | W83: 0 | X83: 0 | Y83: 0 | Z83: 0 | AA83: 0 | AB83: 0 | AC83: 0 | AD83: 0 | AE83: 0 | AF83: 0 | AG83: 0 | AH83: 0 | AI83: 0 | AJ83: 0 | AK83: 0 | AL83: 0 | AM83: 0 | AN83: 0 | AO83: 0 | AP83: 0 | AQ83: 0 | AR83: 0 | AS83: 0 | AT83: 0 | AU83: 0 | AV83: 0 | AW83: 0 | AX83: 0 | AY83: 0 | AZ83: 0 | BA83: 0 | BB83: 0 | BC83: 0 | BD83: 0 | BE83: 0 | BF83: =SUM(E83:BE83) -> 0 | BG83: =SUM(E83:W83) -> 0 | BH83: =SUM(X83:AJ83) -> 0 | BI83: =SUM(AK83:BE83) -> 0
C84: 411 | D84: Revenus de la Banque Nationale | E84: 0 | F84: 0 | G84: 0 | H84: 0 | I84: 0 | J84: 0 | K84: 0 | L84: 0 | M84: 0 | N84: 0 | O84: 0 | P84: 0 | Q84: 0 | R84: 0 | S84: 0 | T84: 0 | U84: 0 | V84: 0 | W84: 0 | X84: 0 | Y84: 0 | Z84: 0 | AA84: 0 | AB84: 0 | AC84: 0 | AD84: 0 | AE84: 0 | AF84: 0 | AG84: 0 | AH84: 0 | AI84: 0 | AJ84: 0 | AK84: 0 | AL84: 0 | AM84: 0 | AN84: 0 | AO84: 0 | AP84: 0 | AQ84: 0 | AR84: 0 | AS84: 0 | AT84: 0 | AU84: 0 | AV84: 0 | AW84: 0 | AX84: 0 | AY84: 0 | AZ84: 0 | BA84: 0 | BB84: 0 | BC84: 0 | BD84: 0 | BE84: 0 | BF84: =SUM(E84:BE84) -> 0 | BG84: =SUM(E84:W84) -> 0 | BH84: =SUM(X84:AJ84) -> 0 | BI84: =SUM(AK84:BE84) -> 0
C85: 412 | D85: Revenus des concessions | E85: 0 | F85: 11160.5 | G85: 0 | H85: 0 | I85: 477 | J85: 0 | K85: 0 | L85: 0 | M85: 51953.3 | N85: 0 | O85: 144053.6 | P85: 40735 | Q85: 0 | R85: 0 | S85: 0 | T85: 0 | U85: 0 | V85: 0 | W85: 7233 | X85: 331.9 | Y85: 0 | Z85: 335607.85 | AA85: 0 | AB85: 292 | AC85: 720 | AD85: 0 | AE85: 1226 | AF85: 16727 | AG85: 7223.7 | AH85: 0 | AI85: 28546.25 | AJ85: 6800 | AK85: 87476.13 | AL85: 0 | AM85: 0 | AN85: 0 | AO85: 0 | AP85: 0 | AQ85: 0 | AR85: 19897.4 | AS85: 0 | AT85: 14222.2 | AU85: 0 | AV85: 6500 | AW85: 0 | AX85: 8070 | AY85: 0 | AZ85: 5731.2 | BA85: 0 | BB85: 40771.4 | BC85: 0 | BD85: 283220 | BE85: 0 | BF85: =SUM(E85:BE85) -> 1118975.4 | BG85: =SUM(E85:W85) -> 255612.4 | BH85: =SUM(X85:AJ85) -> 397474.7 | BI85: =SUM(AK85:BE85) -> 465888.33
C86: 413 | D86: Parts des revenus de loterie et paris | E86: 0 | F86: 0 | G86: 0 | H86: 0 | I86: 0 | J86: 0 | K86: 0 | L86: 0 | M86: 0 | N86: 0 | O86: 0 | P86: 0 | Q86: 0 | R86: 0 | S86: 0 | T86: 0 | U86: 0 | V86: 0 | W86: 0 | X86: 0 | Y86: 0 | Z86: 0 | AA86: 0 | AB86: 0 | AC86: 0 | AD86: 0 | AE86: 0 | AF86: 0 | AG86: 0 | AH86: 0 | AI86: 0 | AJ86: 0 | AK86: 0 | AL86: 0 | AM86: 0 | AN86: 0 | AO86: 0 | AP86: 0 | AQ86: 0 | AR86: 0 | AS86: 0 | AT86: 0 | AU86: 0 | AV86: 0 | AW86: 0 | AX86: 0 | AY86: 0 | AZ86: 0 | BA86: 0 | BB86: 0 | BC86: 0 | BD86: 0 | BE86: 0 | BF86: =SUM(E86:BE86) -> 0 | BG86: =SUM(E86:W86) -> 0 | BH86: =SUM(X86:AJ86) -> 0 | BI86: =SUM(AK86:BE86) -> 0
B88: 42 | D88: Taxes | E88: =E89+E90+E91+E92+E93+E94+E95+E96+E97 -> 619770.7 | F88: =F89+F90+F91+F92+F93+F94+F95+F96+F97 -> 190344.8 | G88: =G89+G90+G91+G92+G93+G94+G95+G96+G97 -> 183024.4 | H88: =H89+H90+H91+H92+H93+H94+H95+H96+H97 -> 559020.21 | I88: =I89+I90+I91+I92+I93+I94+I95+I96+I97 -> 3365331.4 | J88: =J89+J90+J91+J92+J93+J94+J95+J96+J97 -> 2610446.2 | K88: =K89+K90+K91+K92+K93+K94+K95+K96+K97 -> 1798390.3 | L88: =L89+L90+L91+L92+L93+L94+L95+L96+L97 -> 29676948 | ... BI88: =BI89+BI90+BI91+BI92+BI93+BI94+BI95+BI96+BI97 -> 18857448
C89: 420 | D89: Taxes d'exemption et de compensation | E89: 38676.55 | F89: 7974 | G89: 21411.65 | H89: 15906.7 | I89: 168023.6 | J89: 153375.05 | K89: 134587.9 | L89: 518672.2 | M89: 56970.6 | N89: 1069.35 | O89: 286571.9 | P89: 17123.85 | Q89: 3105.05 | R89: 15759.1 | S89: 11216.95 | T89: 39853.9 | U89: 11136.3 | V89: 16629.5 | W89: 110548.65 | X89: 7990.95 | Y89: 51921.9 | Z89: 63659.95 | AA89: 2888.2 | AB89: 4576.85 | AC89: 16773.65 | AD89: 41697.9 | AE89: 23915.9 | AF89: 12279.85 | AG89: 92982.75 | AH89: 114429.25 | AI89: 5716.8 | AJ89: 2950.1 | AK89: 76035.7 | AL89: 26983.95 | AM89: 27515.65 | AN89: 3185.05 | AO89: 32067.55 | AP89: 14280 | AQ89: 18672.7 | AR89: 36370.35 | AS89: 29433.95 | AT89: 37826.35 | AU89: 9529.85 | AV89: 0 | AW89: 21114.05 | AX89: 4756.7 | AY89: 7908.75 | AZ89: 53882.05 | BA89: 7701.45 | BB89: 26677.2 | BC89: 5956.95 | BD89: 216126.95 | BE89: 12725.75 | BF89: =SUM(E89:BE89) -> 2739147.8 | BG89: =SUM(E89:W89) -> 1628612.8 | BH89: =SUM(X89:AJ89) -> 441784.05 | BI89: =SUM(AK89:BE89) -> 668750.95
C90: 421 | D90: Emoluments administratif | E90: 18730.75 | F90: 3256 | G90: 2814.75 | H90: 14392.76 | I90: 96510.7 | J90: 45208.17 | K90: 31943.95 | L90: 957610.48 | M90: 19827.95 | N90: 1020 | O90: 199534.15 | P90: 24418.85 | Q90: 5278.8 | R90: 8175.7 | S90: 27641.95 | T90: 7522.2 | U90: 3441.9 | V90: 8627.55 | W90: 57272.45 | X90: 3326.5 | Y90: 20956.4 | Z90: 11934.05 | AA90: 0 | AB90: 2221.75 | AC90: 740.5 | AD90: 43437.43 | AE90: 9444.75 | AF90: 4497.65 | AG90: 20712.15 | AH90: 19892.75 | AI90: 2277 | AJ90: 2704.75 | AK90: 24567.93 | AL90: 11671.5 | AM90: 16255.9 | AN90: 851.25 | AO90: 56281.86 | AP90: 11307.9 | AQ90: 5992.75 | AR90: 33990.4 | AS90: 5518.05 | AT90: 20210.5 | AU90: 5332.25 | AV90: 32404.35 | AW90: 13396.21 | AX90: 2740.75 | AY90: 1058.55 | AZ90: 30118.2 | BA90: 4923 | BB90: 15670.86 | BC90: 235.75 | BD90: 459225 | BE90: 8598.75 | BF90: =SUM(E90:BE90) -> 2435726.4 | BG90: =SUM(E90:W90) -> 1533229.1 | BH90: =SUM(X90:AJ90) -> 142145.68 | BI90: =SUM(AK90:BE90) -> 760351.71
C91: 422 | D91: Taxes et émoluments hospitaliers et médico-sociaux et foyers | E91: 0 | F91: 0 | G91: 0 | H91: 0 | I91: 0 | J91: 0 | K91: 0 | L91: 0 | M91: 0 | N91: 0 | O91: 0 | P91: 0 | Q91: 0 | R91: 0 | S91: 0 | T91: 0 | U91: 0 | V91: 0 | W91: 0 | X91: 0 | Y91: 0 | Z91: 0 | AA91: 0 | AB91: 0 | AC91: 0 | AD91: 0 | AE91: 0 | AF91: 0 | AG91: 0 | AH91: 0 | AI91: 0 | AJ91: 0 | AK91: 0 | AL91: 0 | AM91: 0 | AN91: 0 | AO91: 0 | AP91: 0 | AQ91: 0 | AR91: 0 | AS91: 0 | AT91: 0 | AU91: 0 | AV91: 0 | AW91: 0 | AX91: 0 | AY91: 0 | AZ91: 0 | BA91: 0 | BB91: 0 | BC91: 0 | BD91: 0 | BE91: 0 | BF91: =SUM(E91:BE91) -> 0 | BG91: =SUM(E91:W91) -> 0 | BH91: =SUM(X91:AJ91) -> 0 | BI91: =SUM(AK91:BE91) -> 0
C92: 423 | D92: Frais d'écolage | E92: 2720 | F92: 0 | G92: 0 | H92: 0 | I92: 5910 | J92: 0 | K92: 0 | L92: 40787 | M92: 468.3 | N92: 0 | O92: 0 | P92: 0 | Q92: 1423.4 | R92: 0 | S92: 0 | T92: 0 | U92: 0 | V92: 8200 | W92: 6000 | X92: 34349.85 | Y92: 0 | Z92: 263640.7 | AA92: 0 | AB92: 0 | AC92: 0 | AD92: 0 | AE92: 0 | AF92: 0 | AG92: 2778 | AH92: 104218.75 | AI92: 0 | AJ92: 0 | AK92: 0 | AL92: 0 | AM92: 7852.75 | AN92: 0 | AO92: 0 | AP92: 0 | AQ92: 0 | AR92: 3168 | AS92: 36125 | AT92: 0 | AU92: 0 | AV92: 0 | AW92: 0 | AX92: 0 | AY92: 0 | AZ92: 0 | BA92: 6634.55 | BB92: 12354 | BC92: 0 | BD92: 91000 | BE92: 0 | BF92: =SUM(E92:BE92) -> 627630.3 | BG92: =SUM(E92:W92) -> 65508.7 | BH92: =SUM(X92:AJ92) -> 404987.3 | BI92: =SUM(AK92:BE92) -> 157134.3
C93: 424 | D93: Taxes d'utilisation et de prestation de services | E93: 517639.85 | F93: 174972.75 | G93: 145067.95 | H93: 476978.2 | I93: 2978470 | J93: 2350535.5 | K93: 1365163.1 | L93: 27242467 | M93: 2115461.5 | N93: 44095.6 | O93: 3980923.7 | P93: 131188.5 | Q93: 42860.8 | R93: 151212.65 | S93: 230700.5 | T93: 607031.11 | U93: 144552.35 | V93: 210017.5 | W93: 1407716 | X93: 240896.9 | Y93: 983865.6 | Z93: 1282724.2 | AA93: 60830.2 | AB93: 95897.75 | AC93: 371760.7 | AD93: 467595.15 | AE93: 431020.35 | AF93: 374661 | AG93: 1159999.6 | AH93: 2579517.1 | AI93: 181362.35 | AJ93: 110555.4 | AK93: 921566.95 | AL93: 584759 | AM93: 547919.05 | AN93: 67999.95 | AO93: 1251399 | AP93: 564658.1 | AQ93: 295028.7 | AR93: 777001.9 | AS93: 249461.39 | AT93: 724604.3 | AU93: 150945.62 | AV93: 1204781.5 | AW93: 359812.85 | AX93: 95597.55 | AY93: 223940.01 | AZ93: 767937.6 | BA93: 280658.5 | BB93: 887790.34 | BC93: 93277.15 | BD93: 4606290.3 | BE93: 252789.8 | BF93: =SUM(E93:BE93) -> 67565960 | BG93: =SUM(E93:W93) -> 44317054 | BH93: =SUM(X93:AJ93) -> 8340686.3 | BI93: =SUM(AK93:BE93) -> 14908220
C94: 425 | D94: Revenus des ventes | E94: 10532.15 | F94: 2848.35 | G94: 102 | H94: 900 | I94: 40516.6 | J94: 30963.88 | K94: 17918 | L94: 253407.35 | M94: 29564.05 | N94: 0 | O94: 71216.66 | P94: 19337.34 | Q94: 689.95 | R94: 2253.25 | S94: 715.5 | T94: 79.5 | U94: 2100.75 | V94: 19490.07 | W94: 39143.35 | X94: 82103.64 | Y94: 26605.45 | Z94: 25961.85 | AA94: 0 | AB94: 51729.1 | AC94: 150959.65 | AD94: 135575.42 | AE94: 67117.38 | AF94: 271510.35 | AG94: 273732.97 | AH94: 236328.65 | AI94: 32177 | AJ94: 1380 | AK94: 158601.9 | AL94: 285503.05 | AM94: 479.6 | AN94: 77491.59 | AO94: 3300 | AP94: 210457.75 | AQ94: 6546 | AR94: 8752.85 | AS94: 228527.18 | AT94: 8563.05 | AU94: 71958 | AV94: 16530.58 | AW94: 84267.05 | AX94: 65833.1 | AY94: 1877 | AZ94: 9668.15 | BA94: 2893.6 | BB94: 7210.6 | BC94: 39188.15 | BD94: 129171.85 | BE94: 105430.51 | BF94: =SUM(E94:BE94) -> 3419211.8 | BG94: =SUM(E94:W94) -> 541778.75 | BH94: =SUM(X94:AJ94) -> 1355181.5 | BI94: =SUM(AK94:BE94) -> 1522251.6
C95: 426 | D95: remboursements | E95: 31271.4 | F95: 1293.7 | G95: 13528.05 | H95: 50842.55 | I95: 75340.45 | J95: 30363.6 | K95: 247135.32 | L95: 511864.7 | M95: 83344.2 | N95: 0 | O95: 243849.54 | P95: 29229.95 | Q95: 33498.3 | R95: 50037.65 | S95: -5315.9 | T95: 87207.23 | U95: 26106.15 | V95: 52846.4 | W95: 71231.6 | X95: 9620.05 | Y95: 75557.8 | Z95: 16638 | AA95: 31060.85 | AB95: 9482.7 | AC95: 19478.6 | AD95: 41588.28 | AE95: 18880.85 | AF95: 31801.05 | AG95: 24857.65 | AH95: 81287.24 | AI95: 41903.1 | AJ95: 11360.7 | AK95: 32590 | AL95: 34681.8 | AM95: 13257.45 | AN95: 4692.05 | AO95: 48002.25 | AP95: 38918.55 | AQ95: 38689.45 | AR95: 69389.53 | AS95: 8379.21 | AT95: 12060 | AU95: 6962 | AV95: 23185.75 | AW95: 717.15 | AX95: 3331.76 | AY95: 7310.75 | AZ95: 70833.1 | BA95: 18191.3 | BB95: 107608.65 | BC95: 343.25 | BD95: 149845.09 | BE95: 18542.8 | BF95: =SUM(E95:BE95) -> 2754723.6 | BG95: =SUM(E95:W95) -> 1633674.9 | BH95: =SUM(X95:AJ95) -> 413516.87 | BI95: =SUM(AK95:BE95) -> 707531.89
C96: 427 | D96: Amendes | E96: 200 | F96: 0 | G96: 100 | H96: 0 | I96: 560 | J96: 0 | K96: 1642 | L96: 152139.35 | M96: 0 | N96: 0 | O96: 9886.35 | P96: 200 | Q96: 0 | R96: 0 | S96: 0 | T96: 0 | U96: 0 | V96: 600 | W96: 0 | X96: 0 | Y96: 1027.3 | Z96: 0 | AA96: 0 | AB96: 60 | AC96: 0 | AD96: 0 | AE96: 0 | AF96: 0 | AG96: 0 | AH96: 8335 | AI96: 0 | AJ96: 0 | AK96: 0 | AL96: 0 | AM96: 0 | AN96: 0 | AO96: 0 | AP96: 0 | AQ96: 0 | AR96: 355 | AS96: 0 | AT96: 0 | AU96: 0 | AV96: 7074.2 | AW96: 0 | AX96: 0 | AY96: 0 | AZ96: 600 | BA96: 0 | BB96: 400 | BC96: 0 | BD96: 115853.1 | BE96: 657 | BF96: =SUM(E96:BE96) -> 299689.3 | BG96: =SUM(E96:W96) -> 165327.7 | BH96: =SUM(X96:AJ96) -> 9422.3 | BI96: =SUM(AK96:BE96) -> 124939.3
C97: 429 | D97: Autres taxes et compensations | E97: 0 | F97: 0 | G97: 0 | H97: 0 | I97: 0 | J97: 0 | K97: 0 | L97: 0 | M97: 0 | N97: 0 | O97: 470.65 | P97: 0 | Q97: 0 | R97: 0 | S97: 0 | T97: 200 | U97: 519.5 | V97: 0 | W97: 0 | X97: 1200 | Y97: 0 | Z97: 87436.75 | AA97: 5452.2 | AB97: 502.7 | AC97: 0 | AD97: 0 | AE97: 0 | AF97: 0 | AG97: 0 | AH97: 0 | AI97: 0 | AJ97: 7030.95 | AK97: 0 | AL97: 0 | AM97: 0 | AN97: 0 | AO97: 6994.8 | AP97: 0 | AQ97: 0 | AR97: 0 | AS97: 0 | AT97: 0 | AU97: 0 | AV97: 1273.6 | AW97: 0 | AX97: 0 | AY97: 0 | AZ97: 0 | BA97: 0 | BB97: 0 | BC97: 0 | BD97: 0 | BE97: 0 | BF97: =SUM(E97:BE97) -> 111081.15 | BG97: =SUM(E97:W97) -> 1190.15 | BH97: =SUM(X97:AJ97) -> 101622.6 | BI97: =SUM(AK97:BE97) -> 8268.4
B99: 43 | D99: Revenus divers | E99: =E100+E101+E102+E103 -> 0 | F99: =F100+F101+F102+F103 -> 2377.5 | G99: =G100+G101+G102+G103 -> 251 | H99: =H100+H101+H102+H103 -> 0 | I99: =I100+I101+I102+I103 -> 0 | J99: =J100+J101+J102+J103 -> 0 | K99: =K100+K101+K102+K103 -> 0 | L99: =L100+L101+L102+L103 -> 2069049.9 | ... BI99: =BI100+BI101+BI102+BI103 -> 35458.49
C100: 430 | D100: Revenus divers d'exploitation | E100: 0 | F100: 2377.5 | G100: 0 | H100: 0 | I100: 0 | J100: 0 | K100: 0 | L100: 2069049.9 | M100: 4456.2 | N100: 0 | O100: 0 | P100: 0 | Q100: 0 | R100: 0 | S100: 0 | T100: 0 | U100: 0 | V100: 950 | W100: 2329 | X100: 0 | Y100: 250 | Z100: 0 | AA100: 0 | AB100: 98.86 | AC100: 0 | AD100: 4893.58 | AE100: 0 | AF100: 0 | AG100: 0 | AH100: 36568.25 | AI100: 30.3 | AJ100: 0 | AK100: 0 | AL100: 33091.15 | AM100: 0 | AN100: 0 | AO100: 0 | AP100: 0 | AQ100: 0 | AR100: 651 | AS100: 0 | AT100: 0 | AU100: 0 | AV100: 0 | AW100: 0 | AX100: 0 | AY100: 0 | AZ100: 0 | BA100: 0 | BB100: 0 | BC100: 0 | BD100: 0 | BE100: 0 | BF100: =SUM(E100:BE100) -> 2154745.8 | BG100: =SUM(E100:W100) -> 2079162.6 | BH100: =SUM(X100:AJ100) -> 41840.99 | BI100: =SUM(AK100:BE100) -> 33742.15
C101: 431 | D101: Inscriptions de prestations propres portées à l'actif | E101: 0 | F101: 0 | G101: 0 | H101: 0 | I101: 0 | J101: 0 | K101: 0 | L101: 0 | M101: 0 | N101: 0 | O101: 56613.1 | P101: 0 | Q101: 0 | R101: 0 | S101: 0 | T101: 3600 | U101: 0 | V101: 0 | W101: 0 | X101: 0 | Y101: 0 | Z101: 0 | AA101: 0 | AB101: 7354.15 | AC101: 0 | AD101: 0 | AE101: 0 | AF101: 0 | AG101: 0 | AH101: 0 | AI101: 0 | AJ101: 3137.1 | AK101: 0 | AL101: 0 | AM101: 0 | AN101: 0 | AO101: 0 | AP101: 0 | AQ101: 0 | AR101: 0 | AS101: 0 | AT101: 0 | AU101: 0 | AV101: 0 | AW101: 0 | AX101: 0 | AY101: 0 | AZ101: 0 | BA101: 0 | BB101: 0 | BC101: 0 | BD101: 0 | BE101: 0 | BF101: =SUM(E101:BE101) -> 70704.35 | BG101: =SUM(E101:W101) -> 60213.1 | BH101: =SUM(X101:AJ101) -> 10491.25 | BI101: =SUM(AK101:BE101) -> 0
C102: 432 | D102: Variation de stock | E102: 0 | F102: 0 | G102: 11 | H102: 0 | I102: 0 | J102: 0 | K102: 0 | L102: 0 | M102: 0 | N102: 0 | O102: 0 | P102: 0 | Q102: 0 | R102: 0 | S102: 0 | T102: 0 | U102: 0 | V102: -40.5 | W102: 0 | X102: 0 | Y102: 0 | Z102: 0 | AA102: 0 | AB102: 4921.4 | AC102: 0 | AD102: 0 | AE102: 0 | AF102: 0 | AG102: 0 | AH102: 0 | AI102: 0 | AJ102: -614.5 | AK102: 0 | AL102: 0 | AM102: 0 | AN102: 0 | AO102: 0 | AP102: 0 | AQ102: 0 | AR102: 0 | AS102: 0 | AT102: 0 | AU102: 0 | AV102: 0 | AW102: 0 | AX102: 0 | AY102: 0 | AZ102: 0 | BA102: 0 | BB102: 0 | BC102: 0 | BD102: 0 | BE102: 0 | BF102: =SUM(E102:BE102) -> 4277.4 | BG102: =SUM(E102:W102) -> -29.5 | BH102: =SUM(X102:AJ102) -> 4306.9 | BI102: =SUM(AK102:BE102) -> 0
C103: 439 | D103: Autres revenus divers | E103: 0 | F103: 0 | G103: 240 | H103: 0 | I103: 0 | J103: 0 | K103: 0 | L103: 0 | M103: 0 | N103: 15761.4 | O103: 0 | P103: 0 | Q103: 0 | R103: 0 | S103: 0 | T103: 0 | U103: 100 | V103: 2380 | W103: 0 | X103: 0 | Y103: 0 | Z103: 0 | AA103: 0 | AB103: 0 | AC103: 0 | AD103: 0 | AE103: 1633.75 | AF103: 0 | AG103: 250 | AH103: 0 | AI103: 0 | AJ103: 100 | AK103: 0 | AL103: 0 | AM103: 0 | AN103: 0 | AO103: 0 | AP103: 0 | AQ103: 0 | AR103: 0 | AS103: 12.34 | AT103: 0 | AU103: 0 | AV103: 0 | AW103: 1704 | AX103: 0 | AY103: 0 | AZ103: 0 | BA103: 0 | BB103: 0 | BC103: 0 | BD103: 0 | BE103: 0 | BF103: =SUM(E103:BE103) -> 22181.49 | BG103: =SUM(E103:W103) -> 18481.4 | BH103: =SUM(X103:AJ103) -> 1983.75 | BI103: =SUM(AK103:BE103) -> 1716.34
B105: 44 | D105: Revenus financiers | E105: =E106+E107+E108+E109+E110+E111+E112+E113+E114+E115 -> 102093.46 | F105: =F106+F107+F108+F109+F110+F111+F112+F113+F114+F115 -> 42452.96 | G105: =G106+G107+G108+G109+G110+G111+G112+G113+G114+G115 -> 117991.16 | H105: =H106+H107+H108+H109+H110+H111+H112+H113+H114+H115 -> 133431.52 | I105: =I106+I107+I108+I109+I110+I111+I112+I113+I114+I115 -> 667441.7 | J105: =J106+J107+J108+J109+J110+J111+J112+J113+J114+J115 -> 285068.72 | K105: =K106+K107+K108+K109+K110+K111+K112+K113+K114+K115 -> 325915.6 | L105: =L106+L107+L108+L109+L110+L111+L112+L113+L114+L115 -> 2762813 | ... BI105: =BI106+BI107+BI108+BI109+BI110+BI111+BI112+BI113+BI114+BI115 -> 6690989.2
C106: 440 | D106: Revenus des intérets | E106: 17852.91 | F106: 14092.86 | G106: 7262.16 | H106: 7231.52 | I106: 147881.9 | J106: 110134.57 | K106: 92398.8 | L106: 839026.92 | M106: 42133.76 | N106: 571.49 | O106: 153813.91 | P106: 6893.74 | Q106: 3224.6 | R106: 25.39 | S106: 0 | T106: 20393.48 | U106: 4934.32 | V106: 18651.38 | W106: 84414.84 | X106: 4036.93 | Y106: 39911.23 | Z106: 32275.28 | AA106: 1441.7 | AB106: 4166.67 | AC106: 10163.71 | AD106: 12975.76 | AE106: 8325.84 | AF106: 0.03 | AG106: 24520.51 | AH106: 56099.36 | AI106: 5382 | AJ106: 3125.72 | AK106: 189874.47 | AL106: 65144.7 | AM106: 36183.73 | AN106: 5054.3 | AO106: 21296.17 | AP106: 26446.03 | AQ106: 18597.65 | AR106: 38140.64 | AS106: 38738.62 | AT106: 60576.64 | AU106: 6079.05 | AV106: 57507.01 | AW106: 20126.89 | AX106: 4114.56 | AY106: 11981.21 | AZ106: 42596.1 | BA106: 10597 | BB106: 41362.76 | BC106: 8877.09 | BD106: 337144.49 | BE106: 34166.39 | BF106: =SUM(E106:BE106) -> 2847968.8 | BG106: =SUM(E106:W106) -> 1570938.6 | BH106: =SUM(X106:AJ106) -> 202424.74 | BI106: =SUM(AK106:BE106) -> 1074605.5
C107: 441 | D107: Gains réalisés du PF | E107: 0 | F107: 0 | G107: 0 | H107: 0 | I107: 0 | J107: 0 | K107: 0 | L107: 0 | M107: 161440 | N107: 0 | O107: 0 | P107: 0 | Q107: 0 | R107: 0 | S107: 0 | T107: 0 | U107: 0 | V107: 0 | W107: 1850 | X107: 130067.05 | Y107: 0 | Z107: 0 | AA107: 0 | AB107: 0 | AC107: 0 | AD107: 67970.5 | AE107: 0 | AF107: 0 | AG107: 77540 | AH107: 53268 | AI107: 0 | AJ107: 4305 | AK107: 0 | AL107: 0 | AM107: 0 | AN107: 0 | AO107: 0 | AP107: 0 | AQ107: 0 | AR107: 34260 | AS107: 0 | AT107: 0 | AU107: 0 | AV107: 0 | AW107: 0 | AX107: 0 | AY107: 4485 | AZ107: 0 | BA107: 0 | BB107: 2337.5 | BC107: 0 | BD107: 0 | BE107: 0 | BF107: =SUM(E107:BE107) -> 537523.05 | BG107: =SUM(E107:W107) -> 163290 | BH107: =SUM(X107:AJ107) -> 333150.55 | BI107: =SUM(AK107:BE107) -> 41082.5
C108: 442 | D108: Revenus de participations du PF | E108: 39 | F108: 0 | G108: 0 | H108: 0 | I108: 7367.22 | J108: 1524 | K108: 0 | L108: 35152.5 | M108: 0 | N108: 0 | O108: 3675 | P108: 0 | Q108: 17 | R108: 0 | S108: 3.25 | T108: 487.5 | U108: 0 | V108: 3.25 | W108: 180 | X108: 5 | Y108: 0 | Z108: 0 | AA108: 7.8 | AB108: 0 | AC108: 0 | AD108: 12 | AE108: 0 | AF108: 0 | AG108: 8055 | AH108: 0 | AI108: 0 | AJ108: 0 | AK108: 0 | AL108: 1181.87 | AM108: 0 | AN108: 0 | AO108: 0 | AP108: 20 | AQ108: 0 | AR108: 7381.54 | AS108: 0 | AT108: 380 | AU108: 0 | AV108: 1592.5 | AW108: 2087.28 | AX108: 0 | AY108: 0 | AZ108: 0 | BA108: 0 | BB108: 224.51 | BC108: 0 | BD108: 24069.28 | BE108: 20 | BF108: =SUM(E108:BE108) -> 93485.5 | BG108: =SUM(E108:W108) -> 48448.72 | BH108: =SUM(X108:AJ108) -> 8079.8 | BI108: =SUM(AK108:BE108) -> 36956.98
C109: 443 | D109: Revenus des biens-fonds, des bâtiments et immeubles du PF | E109: 23061.5 | F109: 26770.1 | G109: 108449 | H109: 75900 | I109: 397286.05 | J109: 129261.4 | K109: 133596.8 | L109: 463774.9 | M109: 17322.3 | N109: 21000 | O109: 116419.95 | P109: 28680 | Q109: 10140 | R109: 28680 | S109: 19880 | T109: 42525 | U109: 0 | V109: 19270 | W109: 120582.25 | X109: 10590 | Y109: 43940 | Z109: 274664.15 | AA109: 13934 | AB109: 22720 | AC109: 16912.1 | AD109: 74221.3 | AE109: 2060 | AF109: 81125 | AG109: 88417.3 | AH109: 45744.6 | AI109: 0 | AJ109: 41625 | AK109: 0 | AL109: 145812.7 | AM109: 76660.25 | AN109: 8823.25 | AO109: 214861.15 | AP109: 25952.2 | AQ109: 11958 | AR109: 397274.5 | AS109: 12122.4 | AT109: 81650 | AU109: 21720 | AV109: 0 | AW109: 27285.35 | AX109: 2395 | AY109: 39503.7 | AZ109: 70198.3 | BA109: 32558.15 | BB109: 91929.45 | BC109: 3000 | BD109: 283381.4 | BE109: 43754.6 | BF109: =SUM(E109:BE109) -> 4089393.1 | BG109: =SUM(E109:W109) -> 1782599.2 | BH109: =SUM(X109:AJ109) -> 715953.45 | BI109: =SUM(AK109:BE109) -> 1590840.4
C110: 444 | D110: Réévaluations des immobilisations du PF | E110: 59653.15 | F110: 0 | G110: 0 | H110: 0 | I110: 42885 | J110: 10 | K110: 0 | L110: 0 | M110: 10 | N110: 0 | O110: 17041 | P110: 0 | Q110: 23255 | R110: 0 | S110: 0 | T110: 0 | U110: 5200 | V110: 0 | W110: 0 | X110: 0 | Y110: 0 | Z110: 0 | AA110: 0 | AB110: 7716 | AC110: 7760 | AD110: 5 | AE110: 25 | AF110: 104093.55 | AG110: 0 | AH110: 19535 | AI110: 0 | AJ110: 0 | AK110: 0 | AL110: 11640 | AM110: 0 | AN110: 0 | AO110: 0 | AP110: 0 | AQ110: 0 | AR110: 0 | AS110: 48500 | AT110: 0 | AU110: 0 | AV110: 0 | AW110: 15520 | AX110: 0 | AY110: 0 | AZ110: 19325 | BA110: 40 | BB110: 7895 | BC110: 0 | BD110: 1012456.2 | BE110: 16167.5 | BF110: =SUM(E110:BE110) -> 1418732.4 | BG110: =SUM(E110:W110) -> 148054.15 | BH110: =SUM(X110:AJ110) -> 139134.55 | BI110: =SUM(AK110:BE110) -> 1131543.7
C111: 445 | D111: Revenus financiers de prêts et de participation du PA | E111: 0 | F111: 0 | G111: 0 | H111: 0 | I111: 0 | J111: 0 | K111: 0 | L111: 180579 | M111: 0 | N111: 0 | O111: 0 | P111: 0 | Q111: 0 | R111: 0 | S111: 0 | T111: 0 | U111: 0 | V111: 0 | W111: 0 | X111: 0 | Y111: 0 | Z111: 0 | AA111: 0 | AB111: 0 | AC111: 0 | AD111: 0 | AE111: 0 | AF111: 0 | AG111: 0 | AH111: 0 | AI111: 0 | AJ111: 0 | AK111: 0 | AL111: 447046.85 | AM111: 0 | AN111: 25.2 | AO111: 0 | AP111: 0 | AQ111: 0 | AR111: 0 | AS111: 0 | AT111: 0 | AU111: 0 | AV111: 0 | AW111: 0 | AX111: 0 | AY111: 0 | AZ111: 0 | BA111: 0 | BB111: 0 | BC111: 0 | BD111: 0 | BE111: 0 | BF111: =SUM(E111:BE111) -> 627651.05 | BG111: =SUM(E111:W111) -> 180579 | BH111: =SUM(X111:AJ111) -> 0 | BI111: =SUM(AK111:BE111) -> 447072.05
C112: 446 | D112: Revenus financiers d'entreprises publiques | E112: 0 | F112: 0 | G112: 0 | H112: 0 | I112: 0 | J112: 0 | K112: 0 | L112: 0 | M112: 0 | N112: 0 | O112: 0 | P112: 0 | Q112: 0 | R112: 0 | S112: 0 | T112: 0 | U112: 0 | V112: 0 | W112: 0 | X112: 0 | Y112: 0 | Z112: 0 | AA112: 0 | AB112: 0 | AC112: 0 | AD112: 0 | AE112: 0 | AF112: 0 | AG112: 0 | AH112: 0 | AI112: 0 | AJ112: 0 | AK112: 0 | AL112: 0 | AM112: 0 | AN112: 0 | AO112: 0 | AP112: 0 | AQ112: 0 | AR112: 0 | AS112: 0 | AT112: 0 | AU112: 0 | AV112: 0 | AW112: 0 | AX112: 0 | AY112: 0 | AZ112: 0 | BA112: 0 | BB112: 0 | BC112: 0 | BD112: 0 | BE112: 0 | BF112: =SUM(E112:BE112) -> 0 | BG112: =SUM(E112:W112) -> 0 | BH112: =SUM(X112:AJ112) -> 0 | BI112: =SUM(AK112:BE112) -> 0
C113: 447 | D113: Revenus des biens-fonds, des bâtiments et immeubles du PA | E113: 1486.9 | F113: 1590 | G113: 2280 | H113: 50300 | I113: 72763.2 | J113: 43288.75 | K113: 99920 | L113: 1244279.7 | M113: 19510 | N113: 600 | O113: 183335.75 | P113: 38320 | Q113: 4980 | R113: 4598.05 | S113: 120 | T113: 2200 | U113: 31408 | V113: 30622 | W113: 190997.55 | X113: 48528 | Y113: 19889.75 | Z113: 18244.35 | AA113: 14569 | AB113: 0 | AC113: 34402.1 | AD113: 57255.8 | AE113: 7590 | AF113: 38135 | AG113: 72533 | AH113: 193928.05 | AI113: 26724.8 | AJ113: 600 | AK113: 15381.5 | AL113: 0 | AM113: 56175.25 | AN113: 10451.15 | AO113: 7735.55 | AP113: 70845.02 | AQ113: 22913.4 | AR113: 149374.7 | AS113: 51735.3 | AT113: 68828.05 | AU113: 12780 | AV113: 83108.7 | AW113: 11850 | AX113: 11873.4 | AY113: 4333.35 | AZ113: 47332.5 | BA113: 180 | BB113: 112371.9 | BC113: 8958.65 | BD113: 907293.34 | BE113: 0 | BF113: =SUM(E113:BE113) -> 4208521.5 | BG113: =SUM(E113:W113) -> 2022599.9 | BH113: =SUM(X113:AJ113) -> 532399.85 | BI113: =SUM(AK113:BE113) -> 1653521.8
C114: 448 | D114: Revenus des biens-fonds loués | E114: 0 | F114: 0 | G114: 0 | H114: 0 | I114: 0 | J114: 0 | K114: 0 | L114: 0 | M114: 0 | N114: 0 | O114: 0 | P114: 0 | Q114: 0 | R114: 0 | S114: 0 | T114: 0 | U114: 0 | V114: 0 | W114: 0 | X114: 150 | Y114: 0 | Z114: 0 | AA114: 0 | AB114: 0 | AC114: 0 | AD114: 0 | AE114: 0 | AF114: 0 | AG114: 0 | AH114: 0 | AI114: 0 | AJ114: 0 | AK114: 0 | AL114: 0 | AM114: 0 | AN114: 0 | AO114: 0 | AP114: 0 | AQ114: 0 | AR114: 0 | AS114: 0 | AT114: 0 | AU114: 0 | AV114: 0 | AW114: 0 | AX114: 0 | AY114: 0 | AZ114: 0 | BA114: 0 | BB114: 0 | BC114: 0 | BD114: 0 | BE114: 0 | BF114: =SUM(E114:BE114) -> 150 | BG114: =SUM(E114:W114) -> 0 | BH114: =SUM(X114:AJ114) -> 150 | BI114: =SUM(AK114:BE114) -> 0
...

Sheet Graphique par nature
A4: Charges
A5: 30 Charges du personnel | B5: ='4.1 Comptes 2021 natures'!BF5 -> 69908877
A6: 31 Charges de biens et de services et autres charges d'exploitation | B6: ='4.1 Comptes 2021 natures'!BF15 -> 76120992
A7: 33 Amortissements du patrimoine administratif | B7: ='4.1 Comptes 2021 natures'!BF27 -> 22383744
A8: 34 Charges financières | B8: ='4.1 Comptes 2021 natures'!BF31 -> 8323158.1
A9: 35 Attributions aux financements spéciaux des capitaux de tiers | B9: ='4.1 Comptes 2021 natures'!BF39 -> 2171228.5
A10: 36 Charges de transferts | B10: ='4.1 Comptes 2021 natures'!BF43 -> 1.8919817e+08
A11: 37 Subventions à redistribuer | B11: ='4.1 Comptes 2021 natures'!BF53 -> 2751539
A12: 38 Charges extraordinaires | B12: ='4.1 Comptes 2021 natures'!BF56 -> 5390500.3
A13: 39 Imputations internes | B13: ='4.1 Comptes 2021 natures'!BF64 -> 7585405.9
A15: Revenus
A16: 40 Revenus fiscaux | B16: ='4.1 Comptes 2021 natures'!BF76 -> 2.2068665e+08
A17: 41 Revenus de patentes et de concessions | B17: ='4.1 Comptes 2021 natures'!BF82 -> 1118975.4
A18: 42 Taxes | B18: ='4.1 Comptes 2021 natures'!BF88 -> 79953170
A19: 43 Revenus divers | B19: ='4.1 Comptes 2021 natures'!BF99 -> 2251909
A20: 44 Revenus financiers | B20: ='4.1 Comptes 2021 natures'!BF105 -> 14543223
A21: 45 Prélèvements sur les financements spéciaux | B21: ='4.1 Comptes 2021 natures'!BF117 -> 899800.41
A22: 46 Revenus de transfert | B22: ='4.1 Comptes 2021 natures'!BF121 -> 64521545
A23: 47 Subventions à redistribuer | B23: ='4.1 Comptes 2021 natures'!BF128 -> 2368380.2
A24: 48 Revenus extraordinaires | B24: ='4.1 Comptes 2021 natures'!BF131 -> 3735282.1
A25: 49 Imputations internes | B25: ='4.1 Comptes 2021 natures'!BF140 -> 7606722.9

Sheet Résultats par commune
A1: Clôture du compte de résutlats global par commune (90)
A3: Communes | B3: Compte 90 | C3: Compte 90 par hab.
A4: Boécourt | B4: ='4.1 Comptes 2021 natures'!AZ153 -> 59877.34 | C4: ='4.9 Comptes 2021 par habitant'!E153 -> 47.442555
A5: Bourrignon | B5: ='4.1 Comptes 2021 natures'!F153 -> -48557.32 | C5: ='4.9 Comptes 2021 par habitant'!F153 -> -183.23517
A6: Châtillon | B6: ='4.1 Comptes 2021 natures'!G153 -> -94828.6 | C6: ='4.9 Comptes 2021 par habitant'!G153 -> -202.19318
A7: Courchapoix | B7: ='4.1 Comptes 2021 natures'!H153 -> 106112.79 | C7: ='4.9 Comptes 2021 par habitant'!H153 -> 241.71478
A8: Courrendlin | B8: ='4.1 Comptes 2021 natures'!I153 -> 509529.57 | C8: ='4.9 Comptes 2021 par habitant'!I153 -> 136.67639
A9: Courroux | B9: ='4.1 Comptes 2021 natures'!J153 -> 355331.14 | C9: ='4.9 Comptes 2021 par habitant'!J153 -> 106.22755
A10: Courtételle | B10: ='4.1 Comptes 2021 natures'!K153 -> 521660.97 | C10: ='4.9 Comptes 2021 par habitant'!K153 -> 196.70474
A11: Delémont | B11: ='4.1 Comptes 2021 natures'!L153 -> 3551526.5 | C11: ='4.9 Comptes 2021 par habitant'!L153 -> 284.60025
A12: Develier | B12: ='4.1 Comptes 2021 natures'!M153 -> 288258.07 | C12: ='4.9 Comptes 2021 par habitant'!M153 -> 212.11043
A13: Ederswiler | B13: ='4.1 Comptes 2021 natures'!N153 -> -9232.12 | C13: ='4.9 Comptes 2021 par habitant'!N153 -> -78.907009
A14: Haute-Sorne | B14: ='4.1 Comptes 2021 natures'!O153 -> 713421.97 | C14: ='4.9 Comptes 2021 par habitant'!O153 -> 98.253955
A15: Mervelier | B15: ='4.1 Comptes 2021 natures'!P153 -> 98362.19 | C15: ='4.9 Comptes 2021 par habitant'!P153 -> 182.82935
A16: Mettembert | B16: ='4.1 Comptes 2021 natures'!Q153 -> -4705.81 | C16: ='4.9 Comptes 2021 par habitant'!Q153 -> -42.394685
A17: Movelier | B17: ='4.1 Comptes 2021 natures'!R153 -> 43963.29 | C17: ='4.9 Comptes 2021 par habitant'!R153 -> 104.42587
A18: Pleigne | B18: ='4.1 Comptes 2021 natures'!S153 -> -48947.22 | C18: ='4.9 Comptes 2021 par habitant'!S153 -> -141.46595
A19: Rossemaison | B19: ='4.1 Comptes 2021 natures'!T153 -> 544010.83 | C19: ='4.9 Comptes 2021 par habitant'!T153 -> 766.21244
A20: Saulcy | B20: ='4.1 Comptes 2021 natures'!U153 -> -15080.91 | C20: ='4.9 Comptes 2021 par habitant'!U153 -> -56.062862
A21: Soyhières | B21: ='4.1 Comptes 2021 natures'!V153 -> -314421.67 | C21: ='4.9 Comptes 2021 par habitant'!V153 -> -714.5947
A22: Val Terbi | B22: ='4.1 Comptes 2021 natures'!W153 -> 456199.36 | C22: ='4.9 Comptes 2021 par habitant'!W153 -> 141.28193
A23: Le Bémont | B23: ='4.1 Comptes 2021 natures'!X153 -> 138689.77 | C23: ='4.9 Comptes 2021 par habitant'!X153 -> 447.38635
A24: Les Bois | B24: ='4.1 Comptes 2021 natures'!Y153 -> 1766349.5 | C24: ='4.9 Comptes 2021 par habitant'!Y153 -> 1390.8263
A25: Les Breuleux | B25: ='4.1 Comptes 2021 natures'!Z153 -> 1120099.1 | C25: ='4.9 Comptes 2021 par habitant'!Z153 -> 743.75769
A26: La Chaux-B. | B26: ='4.1 Comptes 2021 natures'!AA153 -> 10126.51 | C26: ='4.9 Comptes 2021 par habitant'!AA153 -> 105.48448
A27: Les Enfers | B27: ='4.1 Comptes 2021 natures'!AB153 -> 1129.24 | C27: ='4.9 Comptes 2021 par habitant'!AB153 -> 7.63
A28: Les Genevez | B28: ='4.1 Comptes 2021 natures'!AC153 -> -297058.18 | C28: ='4.9 Comptes 2021 par habitant'!AC153 -> -573.47139
A29: Lajoux | B29: ='4.1 Comptes 2021 natures'!AD153 -> 4584.96 | C29: ='4.9 Comptes 2021 par habitant'!AD153 -> 6.5405991
A30: Montfaucon | B30: ='4.1 Comptes 2021 natures'!AE153 -> -249384.18 | C30: ='4.9 Comptes 2021 par habitant'!AE153 -> -442.17053
A31: Muriaux | B31: ='4.1 Comptes 2021 natures'!AF153 -> 76405.58 | C31: ='4.9 Comptes 2021 par habitant'!AF153 -> 145.53444
A32: Le Noirmont | B32: ='4.1 Comptes 2021 natures'!AG153 -> 904527.7 | C32: ='4.9 Comptes 2021 par habitant'!AG153 -> 473.82279
A33: Saignelégier | B33: ='4.1 Comptes 2021 natures'!AH153 -> 869734.76 | C33: ='4.9 Comptes 2021 par habitant'!AH153 -> 337.1065
A34: Saint-Brais | B34: ='4.1 Comptes 2021 natures'!AI153 -> -37068.9 | C34: ='4.9 Comptes 2021 par habitant'!AI153 -> -166.97703
A35: Soubey | B35: ='4.1 Comptes 2021 natures'!AJ153 -> 45606.67 | C35: ='4.9 Comptes 2021 par habitant'!AJ153 -> 353.54008
A36: Alle | B36: ='4.1 Comptes 2021 natures'!AK153 -> 571824.05 | C36: ='4.9 Comptes 2021 par habitant'!AK153 -> 302.39241
A37: La Baroche | B37: ='4.1 Comptes 2021 natures'!AL153 -> 45087.84 | C37: ='4.9 Comptes 2021 par habitant'!AL153 -> 40.042487
A38: Basse-Allaine | B38: ='4.1 Comptes 2021 natures'!AM153 -> 123768.67 | C38: ='4.9 Comptes 2021 par habitant'!AM153 -> 101.03565
A39: Beurnevésin | B39: ='4.1 Comptes 2021 natures'!AN153 -> 6229.74 | C39: ='4.9 Comptes 2021 par habitant'!AN153 -> 53.245641
A40: Boncourt | B40: ='4.1 Comptes 2021 natures'!AO153 -> 209567.68 | C40: ='4.9 Comptes 2021 par habitant'!AO153 -> 176.85036
A41: Bonfol | B41: ='4.1 Comptes 2021 natures'!AP153 -> 200305.66 | C41: ='4.9 Comptes 2021 par habitant'!AP153 -> 312.00259
A42: Bure | B42: ='4.1 Comptes 2021 natures'!AQ153 -> 32981.15 | C42: ='4.9 Comptes 2021 par habitant'!AQ153 -> 52.102923
A43: Clos du Doubs | B43: ='4.1 Comptes 2021 natures'!AR153 -> 76558.69 | C43: ='4.9 Comptes 2021 par habitant'!AR153 -> 59.625148
A44: Coeuve | B44: ='4.1 Comptes 2021 natures'!AS153 -> 1288.75 | C44: ='4.9 Comptes 2021 par habitant'!AS153 -> 1.7629959
A45: Cornol | B45: ='4.1 Comptes 2021 natures'!AT153 -> -3462.94 | C45: ='4.9 Comptes 2021 par habitant'!AT153 -> -3.4084055
A46: Courchavon | B46: ='4.1 Comptes 2021 natures'!AU153 -> 47834.87 | C46: ='4.9 Comptes 2021 par habitant'!AU153 -> 157.35155
A47: Courgenay | B47: ='4.1 Comptes 2021 natures'!AV153 -> 258416.72 | C47: ='4.9 Comptes 2021 par habitant'!AV153 -> 107.13794
A48: Courtedoux | B48: ='4.1 Comptes 2021 natures'!AW153 -> 82660.81 | C48: ='4.9 Comptes 2021 par habitant'!AW153 -> 112.46369
A49: Damphreux | B49: ='4.1 Comptes 2021 natures'!AX153 -> -50574.92 | C49: ='4.9 Comptes 2021 par habitant'!AX153 -> -273.37795
A50: Fahy | B50: ='4.1 Comptes 2021 natures'!AY153 -> -46434 | C50: ='4.9 Comptes 2021 par habitant'!AY153 -> -136.57059
A51: Fontenais | B51: ='4.1 Comptes 2021 natures'!AZ153 -> 59877.34 | C51: ='4.9 Comptes 2021 par habitant'!AZ153 -> 35.284231
A52: Grandfontaine | B52: ='4.1 Comptes 2021 natures'!BA153 -> 122026.26 | C52: ='4.9 Comptes 2021 par habitant'!BA153 -> 312.88785
A53: Haute-Ajoie | B53: ='4.1 Comptes 2021 natures'!BB153 -> 134564.66 | C53: ='4.9 Comptes 2021 par habitant'!BB153 -> 125.40975
A54: Lugnez | B54: ='4.1 Comptes 2021 natures'!BC153 -> 59759.93 | C54: ='4.9 Comptes 2021 par habitant'!BC153 -> 324.78223
A55: Porrentruy | B55: ='4.1 Comptes 2021 natures'!BD153 -> 651336.63 | C55: ='4.9 Comptes 2021 par habitant'!BD153 -> 100.73254
A56: Vendlincourt | B56: ='4.1 Comptes 2021 natures'!BE153 -> 116013.61 | C56: ='4.9 Comptes 2021 par habitant'!BE153 -> 207.53776
A57: Total | B57: ='4.1 Comptes 2021 natures'!BF153 -> 13750905 | C57: ='4.9 Comptes 2021 par habitant'!BF153 -> 6097.9278
A58: District de Delémont | B58: ='4.1 Comptes 2021 natures'!BG153 -> 6697531.1 | C58: ='4.9 Comptes 2021 par habitant'!BG153 -> 1099.6267
A59: District des Franches-Montagnes | B59: ='4.1 Comptes 2021 natures'!BH153 -> 4353742.5 | C59: ='4.9 Comptes 2021 par habitant'!BH153 -> 2829.0103
A60: District de Porrentruy | B60: ='4.1 Comptes 2021 natures'!BI153 -> 2699631.2 | C60: ='4.9 Comptes 2021 par habitant'!BI153 -> 2169.2908

Sheet 4.2 Comptes 2021 par commune
A2: Comptes de résultats par natures 2021
A5: Communes : | D5: Vendlincourt
E7: CHF
A8: 3 | D8: Charges | E8: =HLOOKUP(D5,'4.1 Comptes 2021 natures'!$E$3:$BE$158,2,0) -> 2420550.6
B9: 30 | D9: Charges du personnel | E9: =HLOOKUP($D$5,'4.1 Comptes 2021 natures'!$E$3:$BE$158,3,0) -> 314902.15
C10: 300 | D10: Autorités et commissions | E10: =HLOOKUP($D$5,'4.1 Comptes 2021 natures'!$E$3:$BE$158,4,0) -> 27030.9
C11: 301 | D11: Personnel administratif et d'exploitation | E11: =HLOOKUP($D$5,'4.1 Comptes 2021 natures'!$E$3:$BE$158,5,0) -> 239400.55
C12: 302 | D12: Enseignants | E12: =HLOOKUP($D$5,'4.1 Comptes 2021 natures'!$E$3:$BE$158,6,0) -> 0
C13: 303 | D13: Personnel temporaire administratif et d'exploitation | E13: =HLOOKUP($D$5,'4.1 Comptes 2021 natures'!$E$3:$BE$158,7,0) -> 0
C14: 304 | D14: Allocations et indemnités | E14: =HLOOKUP($D$5,'4.1 Comptes 2021 natures'!$E$3:$BE$158,8,0) -> 0
C15: 305 | D15: Charges de l'employeur | E15: =HLOOKUP($D$5,'4.1 Comptes 2021 natures'!$E$3:$BE$158,9,0) -> 48051.45
C16: 306 | D16: Prestations sociales de l'employeur | E16: =HLOOKUP($D$5,'4.1 Comptes 2021 natures'!$E$3:$BE$158,10,0) -> 0
C17: 309 | D17: Autres charges du personnel | E17: =HLOOKUP($D$5,'4.1 Comptes 2021 natures'!$E$3:$BE$158,11,0) -> 419.25
B19: 31 | D19: Charges de biens et de services et autres charges d'exploitation | E19: =SUM(E20:E29) -> 409134.82
C20: 310 | D20: Charges de matériel et de marchandises | E20: =HLOOKUP($D$5,'4.1 Comptes 2021 natures'!$E$3:$BE$158,14,0) -> 71492.9
C21: 311 | D21: Immobilisations ne pouvant être portées à l'actif | E21: =HLOOKUP($D$5,'4.1 Comptes 2021 natures'!$E$3:$BE$158,15,0) -> 15891.1
C22: 312 | D22: Alimentations et éliminations des biens-fonds du PA | E22: =HLOOKUP($D$5,'4.1 Comptes 2021 natures'!$E$3:$BE$158,16,0) -> 27528.1
C23: 313 | D23: Prestations de services et honoraires | E23: =HLOOKUP($D$5,'4.1 Comptes 2021 natures'!$E$3:$BE$158,17,0) -> 148225.19
C24: 314 | D24: Gros entretien et entretien courtant du PA | E24: =HLOOKUP($D$5,'4.1 Comptes 2021 natures'!$E$3:$BE$158,18,0) -> 57146.35
C25: 315 | D25: Entretien des biens mobiliers et des immobilisations corporelles du PA | E25: =HLOOKUP($D$5,'4.1 Comptes 2021 natures'!$E$3:$BE$158,19,0) -> 41709.5
C26: 316 | D26: Loyers - crédits-bails (leasing) - baux à fermes - taxes d'utilisation | E26: =HLOOKUP($D$5,'4.1 Comptes 2021 natures'!$E$3:$BE$158,20,0) -> 600
C27: 317 | D27: Indemnités et dédommagements | E27: =HLOOKUP($D$5,'4.1 Comptes 2021 natures'!$E$3:$BE$158,21,0) -> 3546.8
C28: 318 | D28: Réévaluations de créances | E28: =HLOOKUP($D$5,'4.1 Comptes 2021 natures'!$E$3:$BE$158,22,0) -> 39212.88
C29: 319 | D29: Divers charges d'exploitation | E29: =HLOOKUP($D$5,'4.1 Comptes 2021 natures'!$E$3:$BE$158,23,0) -> 3782
B31: 33 | D31: Amortissements du patrimoine administratif | E31: =SUM(E32:E33) -> 101119
C32: 330 | D32: Amortissements des immobilisations corporelles du PA | E32: =HLOOKUP($D$5,'4.1 Comptes 2021 natures'!$E$3:$BE$158,26,0) -> 101119
C33: 332 | D33: Amortissements des immobilisations incorporelles du PA | E33: =HLOOKUP($D$5,'4.1 Comptes 2021 natures'!$E$3:$BE$158,27,0) -> 0
B35: 34 | D35: Charges financières | E35: =SUM(E36:E41) -> 57204
C36: 340 | D36: Charges d'intérets | E36: =HLOOKUP($D$5,'4.1 Comptes 2021 natures'!$E$3:$BE$158,30,0) -> 39123.85
C37: 341 | D37: Pertes sur les placements financiers et les immobilisations du PF | E37: =HLOOKUP($D$5,'4.1 Comptes 2021 natures'!$E$3:$BE$158,31,0) -> 0
C38: 342 | D38: Frais d'acquisitions des capitaux et frais administratifs | E38: =HLOOKUP($D$5,'4.1 Comptes 2021 natures'!$E$3:$BE$158,32,0) -> 0
C39: 343 | D39: Charges pour les biens-fonds du PF | E39: =HLOOKUP($D$5,'4.1 Comptes 2021 natures'!$E$3:$BE$158,33,0) -> 16172.75
C40: 344 | D40: Réévaluations des immobilisations du PF | E40: =HLOOKUP($D$5,'4.1 Comptes 2021 natures'!$E$3:$BE$158,34,0) -> 0
C41: 349 | D41: Autres charges financières | E41: =HLOOKUP($D$5,'4.1 Comptes 2021 natures'!$E$3:$BE$158,35,0) -> 1907.4
B43: 35 | D43: Attributions aux financements spéciaux des capitaux de tiers | E43: =SUM(E44:E45) -> 19316.63
C44: 350 | D44: Attributions aux financements spéciaux des capitaux de tiers | E44: =HLOOKUP($D$5,'4.1 Comptes 2021 natures'!$E$3:$BE$158,38,0) -> 0
C45: 351 | D45: Attributions aux financements spéciaux du capital propres | E45: =HLOOKUP($D$5,'4.1 Comptes 2021 natures'!$E$3:$BE$158,39,0) -> 19316.63
B47: 36 | D47: Charges de transferts | E47: =SUM(E48:E55) -> 1443374
C48: 360 | D48: Parts de revenus destinés à des collectivités publiques | E48: =HLOOKUP($D$5,'4.1 Comptes 2021 natures'!$E$3:$BE$158,42,0) -> 2220
C49: 361 | D49: Dédommagements aux collectivités publiques | E49: =HLOOKUP($D$5,'4.1 Comptes 2021 natures'!$E$3:$BE$158,43,0) -> 1048753.6
C50: 362 | D50: Péréquation financière et compensation de charges | E50: =HLOOKUP($D$5,'4.1 Comptes 2021 natures'!$E$3:$BE$158,44,0) -> 0
C51: 363 | D51: Subventions à des collectivités publiques et des tiers | E51: =HLOOKUP($D$5,'4.1 Comptes 2021 natures'!$E$3:$BE$158,45,0) -> 387396.4
C52: 364 | D52: Réévaluations des prets du PA | E52: =HLOOKUP($D$5,'4.1 Comptes 2021 natures'!$E$3:$BE$158,46,0) -> 0
C53: 365 | D53: Réévaluations des participations du PA | E53: =HLOOKUP($D$5,'4.1 Comptes 2021 natures'!$E$3:$BE$158,47,0) -> 0
C54: 366 | D54: Amortissements des subventions des investissements | E54: =HLOOKUP($D$5,'4.1 Comptes 2021 natures'!$E$3:$BE$158,48,0) -> 0
C55: 369 | D55: Différentes charges de transfert à des collectivités publiques et tiers | E55: =HLOOKUP($D$5,'4.1 Comptes 2021 natures'!$E$3:$BE$158,49,0) -> 5004
B57: 37 | D57: Subventions à redistribuer | E57: =SUM(E58) -> 0
C58: 370 | D58: Subventions à redistribuer à des collectivités publiques et des tiers | E58: =HLOOKUP($D$5,'4.1 Comptes 2021 natures'!$E$3:$BE$158,52,0) -> 0
B60: 38 | D60: Charges extraordinaires | E60: =SUM(E61:E66) -> 60000
C61: 380 | D61: Charges extraordinaires du personnel administratif et d'exploitation | E61: =HLOOKUP($D$5,'4.1 Comptes 2021 natures'!$E$3:$BE$158,55,0) -> 0
C62: 381 | D62: charges extraordinaires de biens et de services d'exploitation | E62: =HLOOKUP($D$5,'4.1 Comptes 2021 natures'!$E$3:$BE$158,56,0) -> 0
C63: 384 | D63: Charges extraordinaires financières et comptables | E63: =HLOOKUP($D$5,'4.1 Comptes 2021 natures'!$E$3:$BE$158,57,0) -> 0
C64: 385 | D64: Attributions extraordinaires aux financements spéciaux | E64: =HLOOKUP($D$5,'4.1 Comptes 2021 natures'!$E$3:$BE$158,58,0) -> 0
C65: 386 | D65: Charges de transfert extraordinaires au collectivités et aux tiers | E65: =HLOOKUP($D$5,'4.1 Comptes 2021 natures'!$E$3:$BE$158,59,0) -> 0
C66: 389 | D66: Attributions au capital propre | E66: =HLOOKUP($D$5,'4.1 Comptes 2021 natures'!$E$3:$BE$158,60,0) -> 60000
B68: 39 | D68: Imputations internes | E68: =SUM(E69:E76) -> 15500
C69: 390 | D69: Approvisionnement en matériel et en marchandises | E69: =HLOOKUP($D$5,'4.1 Comptes 2021 natures'!$E$3:$BE$158,63,0) -> 0
C70: 391 | D70: Prestations de services | E70: =HLOOKUP($D$5,'4.1 Comptes 2021 natures'!$E$3:$BE$158,64,0) -> 15500
C71: 392 | D71: Loyer, baux à ferme et frais d'utilisation | E71: =HLOOKUP($D$5,'4.1 Comptes 2021 natures'!$E$3:$BE$158,65,0) -> 0
C72: 393 | D72: Frais administratifs et d'exploitation | E72: =HLOOKUP($D$5,'4.1 Comptes 2021 natures'!$E$3:$BE$158,66,0) -> 0
C73: 394 | D73: Intérêts et charges financières théoriques | E73: =HLOOKUP($D$5,'4.1 Comptes 2021 natures'!$E$3:$BE$158,67,0) -> 0
C74: 395 | D74: Amortissements planifiés et non planifiés du PA | E74: =HLOOKUP($D$5,'4.1 Comptes 2021 natures'!$E$3:$BE$158,68,0) -> 0
C75: 398 | D75: Virements comptabiles | E75: =HLOOKUP($D$5,'4.1 Comptes 2021 natures'!$E$3:$BE$158,69,0) -> 0
C76: 399 | D76: Autres imputations internes | E76: =HLOOKUP($D$5,'4.1 Comptes 2021 natures'!$E$3:$BE$158,70,0) -> 0
A79: 4 | D79: Revenus | E79: =HLOOKUP($D$5,'4.1 Comptes 2021 natures'!$E$3:$BE$158,73,0) -> 2536564.2
B80: 40 | D80: Revenus fiscaux | E80: =SUM(E81:E84) -> 1475042.5
C81: 400 | D81: Impôts directs des personnes physiques | E81: =HLOOKUP($D$5,'4.1 Comptes 2021 natures'!$E$3:$BE$158,75,0) -> 1229515
C82: 401 | D82: Impôts directs des personnes morales | E82: =HLOOKUP($D$5,'4.1 Comptes 2021 natures'!$E$3:$BE$158,76,0) -> 33491.09
C83: 402 | D83: Autres impôts directs | E83: =HLOOKUP($D$5,'4.1 Comptes 2021 natures'!$E$3:$BE$158,77,0) -> 205660.37
C84: 403 | D84: Impôts sur la possession et les dépenses | E84: =HLOOKUP($D$5,'4.1 Comptes 2021 natures'!$E$3:$BE$158,78,0) -> 6376
B86: 41 | D86: Revenus de patentes et de concessions | E86: =SUM(E87:E90) -> 0
C87: 410 | D87: Revenus de patentes | E87: =HLOOKUP($D$5,'4.1 Comptes 2021 natures'!$E$3:$BE$158,81,0) -> 0
C88: 411 | D88: Revenus de la Banque Nationale | E88: =HLOOKUP($D$5,'4.1 Comptes 2021 natures'!$E$3:$BE$158,82,0) -> 0
C89: 412 | D89: Revenus des concessions | E89: =HLOOKUP($D$5,'4.1 Comptes 2021 natures'!$E$3:$BE$158,83,0) -> 0
C90: 413 | D90: Parts des revenus de loterie et paris | E90: =HLOOKUP($D$5,'4.1 Comptes 2021 natures'!$E$3:$BE$158,84,0) -> 0
B92: 42 | D92: Taxes | E92: =SUM(E93:E101) -> 398744.61
C93: 420 | D93: Taxes d'exemption et de compensation | E93: =HLOOKUP($D$5,'4.1 Comptes 2021 natures'!$E$3:$BE$158,87,0) -> 12725.75
C94: 421 | D94: Emoluments administratif | E94: =HLOOKUP($D$5,'4.1 Comptes 2021 natures'!$E$3:$BE$158,88,0) -> 8598.75
C95: 422 | D95: Taxes et émoluments hospitaliers et médico-sociaux et foyers | E95: =HLOOKUP($D$5,'4.1 Comptes 2021 natures'!$E$3:$BE$158,89,0) -> 0
C96: 423 | D96: Frais d'écolage | E96: =HLOOKUP($D$5,'4.1 Comptes 2021 natures'!$E$3:$BE$158,90,0) -> 0
C97: 424 | D97: Taxes d'utilisation et de prestation de services | E97: =HLOOKUP($D$5,'4.1 Comptes 2021 natures'!$E$3:$BE$158,91,0) -> 252789.8
C98: 425 | D98: Revenus des ventes | E98: =HLOOKUP($D$5,'4.1 Comptes 2021 natures'!$E$3:$BE$158,92,0) -> 105430.51
C99: 426 | D99: remboursements | E99: =HLOOKUP($D$5,'4.1 Comptes 2021 natures'!$E$3:$BE$158,93,0) -> 18542.8
C100: 427 | D100: Amendes | E100: =HLOOKUP($D$5,'4.1 Comptes 2021 natures'!$E$3:$BE$158,94,0) -> 657
C101: 429 | D101: Autres taxes et compensations | E101: =HLOOKUP($D$5,'4.1 Comptes 2021 natures'!$E$3:$BE$158,95,0) -> 0
B103: 43 | D103: Revenus divers | E103: =SUM(E104:E107) -> 0
C104: 430 | D104: Revenus divers d'exploitation | E104: =HLOOKUP($D$5,'4.1 Comptes 2021 natures'!$E$3:$BE$158,98,0) -> 0
C105: 431 | D105: Inscriptions de prestations propres portées à l'actif | E105: =HLOOKUP($D$5,'4.1 Comptes 2021 natures'!$E$3:$BE$158,99,0) -> 0
C106: 432 | D106: Variation de stock | E106: =HLOOKUP($D$5,'4.1 Comptes 2021 natures'!$E$3:$BE$158,100,0) -> 0
C107: 439 | D107: Autres revenus divers | E107: =HLOOKUP($D$5,'4.1 Comptes 2021 natures'!$E$3:$BE$158,101,0) -> 0
B109: 44 | D109: Revenus financiers | E109: =SUM(E110:E119) -> 94108.49
C110: 440 | D110: Revenus des intérets | E110: =HLOOKUP($D$5,'4.1 Comptes 2021 natures'!$E$3:$BE$158,104,0) -> 34166.39
C111: 441 | D111: Gains réalisés du PF | E111: =HLOOKUP($D$5,'4.1 Comptes 2021 natures'!$E$3:$BE$158,105,0) -> 0
C112: 442 | D112: Revenus de participations du PF | E112: =HLOOKUP($D$5,'4.1 Comptes 2021 natures'!$E$3:$BE$158,106,0) -> 20
C113: 443 | D113: Revenus des biens-fonds, des bâtiments et immeubles du PF | E113: =HLOOKUP($D$5,'4.1 Comptes 2021 natures'!$E$3:$BE$158,107,0) -> 43754.6
C114: 444 | D114: Réévaluations des immobilisations du PF | E114: =HLOOKUP($D$5,'4.1 Comptes 2021 natures'!$E$3:$BE$158,108,0) -> 16167.5
C115: 445 | D115: Revenus financiers de prêts et de participation du PA | E115: =HLOOKUP($D$5,'4.1 Comptes 2021 natures'!$E$3:$BE$158,109,0) -> 0
C116: 446 | D116: Revenus financiers d'entreprises publiques | E116: =HLOOKUP($D$5,'4.1 Comptes 2021 natures'!$E$3:$BE$158,110,0) -> 0
C117: 447 | D117: Revenus des biens-fonds, des bâtiments et immeubles du PA | E117: =HLOOKUP($D$5,'4.1 Comptes 2021 natures'!$E$3:$BE$158,111,0) -> 0
C118: 448 | D118: Revenus des biens-fonds loués | E118: =HLOOKUP($D$5,'4.1 Comptes 2021 natures'!$E$3:$BE$158,112,0) -> 0
...

Sheet 4.9 Comptes 2021 par habitant
A1: Comptes de résultats par natures 2021
E2: ='Base de données pop.'!C2 -> 947 | F2: ='Base de données pop.'!C3 -> 265 | G2: ='Base de données pop.'!C4 -> 469 | H2: ='Base de données pop.'!C5 -> 439 | I2: ='Base de données pop.'!C6 -> 3728 | J2: ='Base de données pop.'!C7 -> 3345 | K2: ='Base de données pop.'!C8 -> 2652 | L2: ='Base de données pop.'!C9 -> 12479 | M2: ='Base de données pop.'!C10 -> 1359 | N2: ='Base de données pop.'!C11 -> 117 | O2: ='Base de données pop.'!C12 -> 7261 | P2: ='Base de données pop.'!C13 -> 538 | Q2: ='Base de données pop.'!C14 -> 111 | R2: ='Base de données pop.'!C15 -> 421 | S2: ='Base de données pop.'!C16 -> 346 | T2: ='Base de données pop.'!C17 -> 710 | U2: ='Base de données pop.'!C18 -> 269 | V2: ='Base de données pop.'!C19 -> 440 | W2: ='Base de données pop.'!C20 -> 3229 | X2: ='Base de données pop.'!C21 -> 310 | Y2: ='Base de données pop.'!C22 -> 1270 | Z2: ='Base de données pop.'!C23 -> 1506 | AA2: ='Base de données pop.'!C24 -> 96 | AB2: ='Base de données pop.'!C25 -> 148 | AC2: ='Base de données pop.'!C26 -> 518 | AD2: ='Base de données pop.'!C27 -> 701 | AE2: ='Base de données pop.'!C28 -> 564 | AF2: ='Base de données pop.'!C29 -> 525 | AG2: ='Base de données pop.'!C30 -> 1909 | AH2: ='Base de données pop.'!C31 -> 2580 | AI2: ='Base de données pop.'!C32 -> 222 | AJ2: ='Base de données pop.'!C33 -> 129 | AK2: ='Base de données pop.'!C34 -> 1891 | AL2: ='Base de données pop.'!C35 -> 1126 | AM2: ='Base de données pop.'!C36 -> 1225 | AN2: ='Base de données pop.'!C37 -> 117 | AO2: ='Base de données pop.'!C38 -> 1185 | AP2: ='Base de données pop.'!C39 -> 642 | AQ2: ='Base de données pop.'!C40 -> 633 | AR2: ='Base de données pop.'!C41 -> 1284 | AS2: ='Base de données pop.'!C42 -> 731 | AT2: ='Base de données pop.'!C43 -> 1016 | AU2: ='Base de données pop.'!C44 -> 304 | AV2: ='Base de données pop.'!C45 -> 2412 | AW2: ='Base de données pop.'!C46 -> 735 | AX2: ='Base de données pop.'!C47 -> 185 | AY2: ='Base de données pop.'!C48 -> 340 | AZ2: ='Base de données pop.'!C49 -> 1697 | BA2: ='Base de données pop.'!C50 -> 390 | BB2: ='Base de données pop.'!C51 -> 1073 | BC2: ='Base de données pop.'!C52 -> 184 | BD2: ='Base de données pop.'!C53 -> 6466 | BE2: ='Base de données pop.'!C54 -> 559 | BF2: =SUM(E2:BE2) -> 73798 | BG2: =SUM(E2:W2) -> 39125 | BH2: =SUM(X2:AJ2) -> 10478 | BI2: =SUM(AK2:BE2) -> 24195
E3: Boécourt | F3: Bourrignon | G3: Châtillon | H3: Courchapoix | I3: Courrendlin | J3: Courroux | K3: Courtételle | L3: Delémont | M3: Develier | N3: Ederswiler | O3: Haute-Sorne | P3: Mervelier | Q3: Mettembert | R3: Movelier | S3: Pleigne | T3: Rossemaison | U3: Saulcy | V3: Soyhières | W3: Val Terbi | X3: Le Bémont | Y3: Les Bois | Z3: Les Breuleux | AA3: La Chaux-B. | AB3: Les Enfers | AC3: Les Genevez | AD3: Lajoux | AE3: Montfaucon | AF3: Muriaux | AG3: Le Noirmont | AH3: Saignelégier | AI3: Saint-Brais | AJ3: Soubey | AK3: Alle | AL3: La Baroche | AM3: Basse-Allaine | AN3: Beurnevésin | AO3: Boncourt | AP3: Bonfol | AQ3: Bure | AR3: Clos du Doubs | AS3: Coeuve | AT3: Cornol | AU3: Courchavon | AV3: Courgenay | AW3: Courtedoux | AX3: Damphreux | AY3: Fahy | AZ3: Fontenais | BA3: Grandfontaine | BB3: Haute-Ajoie | BC3: Lugnez | BD3: Porrentruy | BE3: Vendlincourt | BF3: Total | BG3: Delémont | BH3: Franches-Montagnes | BI3: Porrentruy
A4: 3 | D4: Charges | E4: =E5+E15+E27+E31+E39+E43+E53+E56+E64 -> 3746.4921 | F4: =F5+F15+F27+F31+F39+F43+F53+F56+F64 -> 4166.8777 | G4: =G5+G15+G27+G31+G39+G43+G53+G56+G64 -> 3490.4023 | H4: =H5+H15+H27+H31+H39+H43+H53+H56+H64 -> 4263.0597 | I4: =I5+I15+I27+I31+I39+I43+I53+I56+I64 -> 4121.4119 | J4: =J5+J15+J27+J31+J39+J43+J53+J56+J64 -> 3938.0932 | K4: =K5+K15+K27+K31+K39+K43+K53+K56+K64 -> 3777.0799 | L4: =L5+L15+L27+L31+L39+L43+L53+L56+L64 -> 8077.6148 | ... BI4: =BI5+BI15+BI27+BI31+BI39+BI43+BI53+BI56+BI64 -> 99249.414
B5: 30 | D5: Charges du personnel | E5: =E6+E7+E8+E9+E10+E11+E12+E13 -> 475.91373 | F5: =F6+F7+F8+F9+F10+F11+F12+F13 -> 203.35623 | G5: =G6+G7+G8+G9+G10+G11+G12+G13 -> 282.28806 | H5: =H6+H7+H8+H9+H10+H11+H12+H13 -> 588.58861 | I5: =I6+I7+I8+I9+I10+I11+I12+I13 -> 712.80164 | J5: =J6+J7+J8+J9+J10+J11+J12+J13 -> 911.09771 | K5: =K6+K7+K8+K9+K10+K11+K12+K13 -> 406.98939 | L5: =L6+L7+L8+L9+L10+L11+L12+L13 -> 1936.1629 | ... BI5: =BI6+BI7+BI8+BI9+BI10+BI11+BI12+BI13 -> 13634.106
C6: 300 | D6: Autorités et commissions | E6: ='4.1 Comptes 2021 natures'!E6/'4.1 Comptes 2021 natures'!E2 -> 42.832101 | F6: ='4.1 Comptes 2021 natures'!F6/'4.1 Comptes 2021 natures'!F2 -> 79.266981 | G6: ='4.1 Comptes 2021 natures'!G6/'4.1 Comptes 2021 natures'!G2 -> 63.103625 | H6: ='4.1 Comptes 2021 natures'!H6/'4.1 Comptes 2021 natures'!H2 -> 90.851595 | I6: ='4.1 Comptes 2021 natures'!I6/'4.1 Comptes 2021 natures'!I2 -> 46.402897 | J6: ='4.1 Comptes 2021 natures'!J6/'4.1 Comptes 2021 natures'!J2 -> 42.730493 | K6: ='4.1 Comptes 2021 natures'!K6/'4.1 Comptes 2021 natures'!K2 -> 44.102112 | L6: ='4.1 Comptes 2021 natures'!L6/'4.1 Comptes 2021 natures'!L2 -> 60.264745 | ... BE6: ='4.1 Comptes 2021 natures'!BE6/'4.1 Comptes 2021 natures'!BE2 -> 48.355814 | BF6: =SUM(E6:BE6) -> 3334.5213 | BG6: =SUM(E6:W6) -> 1359.7171 | BH6: =SUM(X6:AJ6) -> 799.27821 | BI6: =SUM(AK6:BE6) -> 1175.5259
C7: 301 | D7: Personnel administratif et d'exploitation | E7: ='4.1 Comptes 2021 natures'!E7/'4.1 Comptes 2021 natures'!E2 -> 361.25549 | F7: ='4.1 Comptes 2021 natures'!F7/'4.1 Comptes 2021 natures'!F2 -> 111.44811 | G7: ='4.1 Comptes 2021 natures'!G7/'4.1 Comptes 2021 natures'!G2 -> 187.35693 | H7: ='4.1 Comptes 2021 natures'!H7/'4.1 Comptes 2021 natures'!H2 -> 429.13888 | I7: ='4.1 Comptes 2021 natures'!I7/'4.1 Comptes 2021 natures'!I2 -> 538.66069 | J7: ='4.1 Comptes 2021 natures'!J7/'4.1 Comptes 2021 natures'!J2 -> 691.86773 | K7: ='4.1 Comptes 2021 natures'!K7/'4.1 Comptes 2021 natures'!K2 -> 284.89536 | L7: ='4.1 Comptes 2021 natures'!L7/'4.1 Comptes 2021 natures'!L2 -> 1535.749 | ... BE7: ='4.1 Comptes 2021 natures'!BE7/'4.1 Comptes 2021 natures'!BE2 -> 428.26574 | BF7: =SUM(E7:BE7) -> 25394.136 | BG7: =SUM(E7:W7) -> 8458.9931 | BH7: =SUM(X7:AJ7) -> 6685.6616 | BI7: =SUM(AK7:BE7) -> 10249.481
C8: 302 | D8: Enseignants | E8: ='4.1 Comptes 2021 natures'!E8/'4.1 Comptes 2021 natures'!E2 -> 0 | F8: ='4.1 Comptes 2021 natures'!F8/'4.1 Comptes 2021 natures'!F2 -> 0 | G8: ='4.1 Comptes 2021 natures'!G8/'4.1 Comptes 2021 natures'!G2 -> 0 | H8: ='4.1 Comptes 2021 natures'!H8/'4.1 Comptes 2021 natures'!H2 -> 0 | I8: ='4.1 Comptes 2021 natures'!I8/'4.1 Comptes 2021 natures'!I2 -> 0 | J8: ='4.1 Comptes 2021 natures'!J8/'4.1 Comptes 2021 natures'!J2 -> 0 | K8: ='4.1 Comptes 2021 natures'!K8/'4.1 Comptes 2021 natures'!K2 -> 0 | L8: ='4.1 Comptes 2021 natures'!L8/'4.1 Comptes 2021 natures'!L2 -> 0 | ... BE8: ='4.1 Comptes 2021 natures'!BE8/'4.1 Comptes 2021 natures'!BE2 -> 0 | BF8: =SUM(E8:BE8) -> 1.4064955 | BG8: =SUM(E8:W8) -> 0 | BH8: =SUM(X8:AJ8) -> 1.4064955 | BI8: =SUM(AK8:BE8) -> 0
C9: 303 | D9: Personnel temporaire administratif et d'exploitation | E9: ='4.1 Comptes 2021 natures'!E9/'4.1 Comptes 2021 natures'!E2 -> 0 | F9: ='4.1 Comptes 2021 natures'!F9/'4.1 Comptes 2021 natures'!F2 -> 0 | G9: ='4.1 Comptes 2021 natures'!G9/'4.1 Comptes 2021 natures'!G2 -> 0 | H9: ='4.1 Comptes 2021 natures'!H9/'4.1 Comptes 2021 natures'!H2 -> 0 | I9: ='4.1 Comptes 2021 natures'!I9/'4.1 Comptes 2021 natures'!I2 -> 0 | J9: ='4.1 Comptes 2021 natures'!J9/'4.1 Comptes 2021 natures'!J2 -> 0 | K9: ='4.1 Comptes 2021 natures'!K9/'4.1 Comptes 2021 natures'!K2 -> 0 | L9: ='4.1 Comptes 2021 natures'!L9/'4.1 Comptes 2021 natures'!L2 -> 0 | ... BE9: ='4.1 Comptes 2021 natures'!BE9/'4.1 Comptes 2021 natures'!BE2 -> 0 | BF9: =SUM(E9:BE9) -> 4.627759 | BG9: =SUM(E9:W9) -> 3.2604121 | BH9: =SUM(X9:AJ9) -> 0 | BI9: =SUM(AK9:BE9) -> 1.3673469
C10: 304 | D10: Allocations et indemnités | E10: ='4.1 Comptes 2021 natures'!E10/'4.1 Comptes 2021 natures'!E2 -> 0 | F10: ='4.1 Comptes 2021 natures'!F10/'4.1 Comptes 2021 natures'!F2 -> 0 | G10: ='4.1 Comptes 2021 natures'!G10/'4.1 Comptes 2021 natures'!G2 -> 0 | H10: ='4.1 Comptes 2021 natures'!H10/'4.1 Comptes 2021 natures'!H2 -> 0 | I10: ='4.1 Comptes 2021 natures'!I10/'4.1 Comptes 2021 natures'!I2 -> 0 | J10: ='4.1 Comptes 2021 natures'!J10/'4.1 Comptes 2021 natures'!J2 -> 6.6555755 | K10: ='4.1 Comptes 2021 natures'!K10/'4.1 Comptes 2021 natures'!K2 -> 0 | L10: ='4.1 Comptes 2021 natures'!L10/'4.1 Comptes 2021 natures'!L2 -> 0 | ... BE10: ='4.1 Comptes 2021 natures'!BE10/'4.1 Comptes 2021 natures'!BE2 -> 0 | BF10: =SUM(E10:BE10) -> 13.517691 | BG10: =SUM(E10:W10) -> 6.6555755 | BH10: =SUM(X10:AJ10) -> 6.8616224 | BI10: =SUM(AK10:BE10) -> 0.00049342105
C11: 305 | D11: Charges de l'employeur | E11: ='4.1 Comptes 2021 natures'!E11/'4.1 Comptes 2021 natures'!E2 -> 71.021489 | F11: ='4.1 Comptes 2021 natures'!F11/'4.1 Comptes 2021 natures'!F2 -> 12.459623 | G11: ='4.1 Comptes 2021 natures'!G11/'4.1 Comptes 2021 natures'!G2 -> 31.610021 | H11: ='4.1 Comptes 2021 natures'!H11/'4.1 Comptes 2021 natures'!H2 -> 68.598132 | I11: ='4.1 Comptes 2021 natures'!I11/'4.1 Comptes 2021 natures'!I2 -> 123.50355 | J11: ='4.1 Comptes 2021 natures'!J11/'4.1 Comptes 2021 natures'!J2 -> 163.91719 | K11: ='4.1 Comptes 2021 natures'!K11/'4.1 Comptes 2021 natures'!K2 -> 73.845456 | L11: ='4.1 Comptes 2021 natures'!L11/'4.1 Comptes 2021 natures'!L2 -> 321.80646 | ... BE11: ='4.1 Comptes 2021 natures'!BE11/'4.1 Comptes 2021 natures'!BE2 -> 85.95966 | BF11: =SUM(E11:BE11) -> 4975.0595 | BG11: =SUM(E11:W11) -> 1718.5146 | BH11: =SUM(X11:AJ11) -> 1189.5942 | BI11: =SUM(AK11:BE11) -> 2066.9506
C12: 306 | D12: Prestations sociales de l'employeur | E12: ='4.1 Comptes 2021 natures'!E12/'4.1 Comptes 2021 natures'!E2 -> 0 | F12: ='4.1 Comptes 2021 natures'!F12/'4.1 Comptes 2021 natures'!F2 -> 0 | G12: ='4.1 Comptes 2021 natures'!G12/'4.1 Comptes 2021 natures'!G2 -> 0 | H12: ='4.1 Comptes 2021 natures'!H12/'4.1 Comptes 2021 natures'!H2 -> 0 | I12: ='4.1 Comptes 2021 natures'!I12/'4.1 Comptes 2021 natures'!I2 -> 0.81270118 | J12: ='4.1 Comptes 2021 natures'!J12/'4.1 Comptes 2021 natures'!J2 -> 0 | K12: ='4.1 Comptes 2021 natures'!K12/'4.1 Comptes 2021 natures'!K2 -> 0 | L12: ='4.1 Comptes 2021 natures'!L12/'4.1 Comptes 2021 natures'!L2 -> 4.1382883 | ... BE12: ='4.1 Comptes 2021 natures'!BE12/'4.1 Comptes 2021 natures'!BE2 -> 0 | BF12: =SUM(E12:BE12) -> 15.185962 | BG12: =SUM(E12:W12) -> 4.9509895 | BH12: =SUM(X12:AJ12) -> 8.4880337 | BI12: =SUM(AK12:BE12) -> 1.7469388
C13: 309 | D13: Autres charges du personnel | E13: ='4.1 Comptes 2021 natures'!E13/'4.1 Comptes 2021 natures'!E2 -> 0.80464625 | F13: ='4.1 Comptes 2021 natures'!F13/'4.1 Comptes 2021 natures'!F2 -> 0.18150943 | G13: ='4.1 Comptes 2021 natures'!G13/'4.1 Comptes 2021 natures'!G2 -> 0.21748401 | H13: ='4.1 Comptes 2021 natures'!H13/'4.1 Comptes 2021 natures'!H2 -> 0 | I13: ='4.1 Comptes 2021 natures'!I13/'4.1 Comptes 2021 natures'!I2 -> 3.4217945 | J13: ='4.1 Comptes 2021 natures'!J13/'4.1 Comptes 2021 natures'!J2 -> 5.9267235 | K13: ='4.1 Comptes 2021 natures'!K13/'4.1 Comptes 2021 natures'!K2 -> 4.1464555 | L13: ='4.1 Comptes 2021 natures'!L13/'4.1 Comptes 2021 natures'!L2 -> 14.204488 | ... BE13: ='4.1 Comptes 2021 natures'!BE13/'4.1 Comptes 2021 natures'!BE2 -> 0.75 | BF13: =SUM(E13:BE13) -> 332.00829 | BG13: =SUM(E13:W13) -> 121.6451 | BH13: =SUM(X13:AJ13) -> 71.32976 | BI13: =SUM(AK13:BE13) -> 139.03342
B15: 31 | D15: Charges de biens et de services et autres charges d'exploitation | E15: =E16+E17+E18+E19+E20+E21+E22+E23+E24+E25 -> 580.59492 | F15: =F16+F17+F18+F19+F20+F21+F22+F23+F24+F25 -> 960.44721 | G15: =G16+G17+G18+G19+G20+G21+G22+G23+G24+G25 -> 529.6761 | H15: =H16+H17+H18+H19+H20+H21+H22+H23+H24+H25 -> 935.93526 | I15: =I16+I17+I18+I19+I20+I21+I22+I23+I24+I25 -> 823.22015 | J15: =J16+J17+J18+J19+J20+J21+J22+J23+J24+J25 -> 651.6895 | K15: =K16+K17+K18+K19+K20+K21+K22+K23+K24+K25 -> 577.03578 | L15: =L16+L17+L18+L19+L20+L21+L22+L23+L24+L25 -> 1798.3611 | ... BI15: =BI16+BI17+BI18+BI19+BI20+BI21+BI22+BI23+BI24+BI25 -> 19177.166
C16: 310 | D16: Charges de matériel et de marchandises | E16: ='4.1 Comptes 2021 natures'!E16/'4.1 Comptes 2021 natures'!E2 -> 87.623601 | F16: ='4.1 Comptes 2021 natures'!F16/'4.1 Comptes 2021 natures'!F2 -> 71.87566 | G16: ='4.1 Comptes 2021 natures'!G16/'4.1 Comptes 2021 natures'!G2 -> 53.443817 | H16: ='4.1 Comptes 2021 natures'!H16/'4.1 Comptes 2021 natures'!H2 -> 81.747107 | I16: ='4.1 Comptes 2021 natures'!I16/'4.1 Comptes 2021 natures'!I2 -> 90.508095 | J16: ='4.1 Comptes 2021 natures'!J16/'4.1 Comptes 2021 natures'!J2 -> 75.983632 | K16: ='4.1 Comptes 2021 natures'!K16/'4.1 Comptes 2021 natures'!K2 -> 66.015799 | L16: ='4.1 Comptes 2021 natures'!L16/'4.1 Comptes 2021 natures'!L2 -> 172.0765 | ... BE16: ='4.1 Comptes 2021 natures'!BE16/'4.1 Comptes 2021 natures'!BE2 -> 127.89428 | BF16: =SUM(E16:BE16) -> 5566.5463 | BG16: =SUM(E16:W16) -> 1652.4161 | BH16: =SUM(X16:AJ16) -> 1879.3477 | BI16: =SUM(AK16:BE16) -> 2034.7824
C17: 311 | D17: Immobilisation ne pouvant être portées à l'actif | E17: ='4.1 Comptes 2021 natures'!E17/'4.1 Comptes 2021 natures'!E2 -> 32.317212 | F17: ='4.1 Comptes 2021 natures'!F17/'4.1 Comptes 2021 natures'!F2 -> 23.396226 | G17: ='4.1 Comptes 2021 natures'!G17/'4.1 Comptes 2021 natures'!G2 -> 24.550682 | H17: ='4.1 Comptes 2021 natures'!H17/'4.1 Comptes 2021 natures'!H2 -> 57.994875 | I17: ='4.1 Comptes 2021 natures'!I17/'4.1 Comptes 2021 natures'!I2 -> 26.805231 | J17: ='4.1 Comptes 2021 natures'!J17/'4.1 Comptes 2021 natures'!J2 -> 12.79217 | K17: ='4.1 Comptes 2021 natures'!K17/'4.1 Comptes 2021 natures'!K2 -> 14.343439 | L17: ='4.1 Comptes 2021 natures'!L17/'4.1 Comptes 2021 natures'!L2 -> 54.369256 | ... BE17: ='4.1 Comptes 2021 natures'!BE17/'4.1 Comptes 2021 natures'!BE2 -> 28.427728 | BF17: =SUM(E17:BE17) -> 1764.8478 | BG17: =SUM(E17:W17) -> 581.94956 | BH17: =SUM(X17:AJ17) -> 352.1543 | BI17: =SUM(AK17:BE17) -> 830.74392
C18: 312 | D18: Alimentations et éliminations des biens-fonds du PA | E18: ='4.1 Comptes 2021 natures'!E18/'4.1 Comptes 2021 natures'!E2 -> 88.475924 | F18: ='4.1 Comptes 2021 natures'!F18/'4.1 Comptes 2021 natures'!F2 -> 176.83604 | G18: ='4.1 Comptes 2021 natures'!G18/'4.1 Comptes 2021 natures'!G2 -> 58.354691 | H18: ='4.1 Comptes 2021 natures'!H18/'4.1 Comptes 2021 natures'!H2 -> 218.87642 | I18: ='4.1 Comptes 2021 natures'!I18/'4.1 Comptes 2021 natures'!I2 -> 259.38057 | J18: ='4.1 Comptes 2021 natures'!J18/'4.1 Comptes 2021 natures'!J2 -> 233.44477 | K18: ='4.1 Comptes 2021 natures'!K18/'4.1 Comptes 2021 natures'!K2 -> 135.70733 | L18: ='4.1 Comptes 2021 natures'!L18/'4.1 Comptes 2021 natures'!L2 -> 1016.835 | ... BE18: ='4.1 Comptes 2021 natures'!BE18/'4.1 Comptes 2021 natures'!BE2 -> 49.245259 | BF18: =SUM(E18:BE18) -> 11584.51 | BG18: =SUM(E18:W18) -> 4148.2411 | BH18: =SUM(X18:AJ18) -> 3929.9261 | BI18: =SUM(AK18:BE18) -> 3506.3433
C19: 313 | D19: Prestations de services et honoraires | E19: ='4.1 Comptes 2021 natures'!E19/'4.1 Comptes 2021 natures'!E2 -> 145.36868 | F19: ='4.1 Comptes 2021 natures'!F19/'4.1 Comptes 2021 natures'!F2 -> 351.38411 | G19: ='4.1 Comptes 2021 natures'!G19/'4.1 Comptes 2021 natures'!G2 -> 173.0065 | H19: ='4.1 Comptes 2021 natures'!H19/'4.1 Comptes 2021 natures'!H2 -> 170.22503 | I19: ='4.1 Comptes 2021 natures'!I19/'4.1 Comptes 2021 natures'!I2 -> 206.92571 | J19: ='4.1 Comptes 2021 natures'!J19/'4.1 Comptes 2021 natures'!J2 -> 188.61658 | K19: ='4.1 Comptes 2021 natures'!K19/'4.1 Comptes 2021 natures'!K2 -> 165.85149 | L19: ='4.1 Comptes 2021 natures'!L19/'4.1 Comptes 2021 natures'!L2 -> 266.29385 | ... BE19: ='4.1 Comptes 2021 natures'!BE19/'4.1 Comptes 2021 natures'!BE2 -> 265.16134 | BF19: =SUM(E19:BE19) -> 17665.916 | BG19: =SUM(E19:W19) -> 4847.1307 | BH19: =SUM(X19:AJ19) -> 6802.6564 | BI19: =SUM(AK19:BE19) -> 6016.1291
C20: 314 | D20: Gros entretien et entretien courtant du PA | E20: ='4.1 Comptes 2021 natures'!E20/'4.1 Comptes 2021 natures'!E2 -> 193.57656 | F20: ='4.1 Comptes 2021 natures'!F20/'4.1 Comptes 2021 natures'!F2 -> 210.88887 | G20: ='4.1 Comptes 2021 natures'!G20/'4.1 Comptes 2021 natures'!G2 -> 156.56729 | H20: ='4.1 Comptes 2021 natures'!H20/'4.1 Comptes 2021 natures'!H2 -> 165.88485 | I20: ='4.1 Comptes 2021 natures'!I20/'4.1 Comptes 2021 natures'!I2 -> 101.1472 | J20: ='4.1 Comptes 2021 natures'!J20/'4.1 Comptes 2021 natures'!J2 -> 68.11701 | K20: ='4.1 Comptes 2021 natures'!K20/'4.1 Comptes 2021 natures'!K2 -> 119.49957 | L20: ='4.1 Comptes 2021 natures'!L20/'4.1 Comptes 2021 natures'!L2 -> 102.10483 | ... BE20: ='4.1 Comptes 2021 natures'!BE20/'4.1 Comptes 2021 natures'!BE2 -> 102.22961 | BF20: =SUM(E20:BE20) -> 10341.306 | BG20: =SUM(E20:W20) -> 2759.1248 | BH20: =SUM(X20:AJ20) -> 3890.0577 | BI20: =SUM(AK20:BE20) -> 3692.1234
C21: 315 | D21: Entretien des biens mobiliers et des immobilisations corporelles du PA | E21: ='4.1 Comptes 2021 natures'!E21/'4.1 Comptes 2021 natures'!E2 -> 52.730253 | F21: ='4.1 Comptes 2021 natures'!F21/'4.1 Comptes 2021 natures'!F2 -> 53.427358 | G21: ='4.1 Comptes 2021 natures'!G21/'4.1 Comptes 2021 natures'!G2 -> 15.776333 | H21: ='4.1 Comptes 2021 natures'!H21/'4.1 Comptes 2021 natures'!H2 -> 47.55615 | I21: ='4.1 Comptes 2021 natures'!I21/'4.1 Comptes 2021 natures'!I2 -> 36.709386 | J21: ='4.1 Comptes 2021 natures'!J21/'4.1 Comptes 2021 natures'!J2 -> 4.964858 | K21: ='4.1 Comptes 2021 natures'!K21/'4.1 Comptes 2021 natures'!K2 -> 36.527764 | L21: ='4.1 Comptes 2021 natures'!L21/'4.1 Comptes 2021 natures'!L2 -> 73.815376 | ... BE21: ='4.1 Comptes 2021 natures'!BE21/'4.1 Comptes 2021 natures'!BE2 -> 74.61449 | BF21: =SUM(E21:BE21) -> 2571.2647 | BG21: =SUM(E21:W21) -> 739.19441 | BH21: =SUM(X21:AJ21) -> 796.14822 | BI21: =SUM(AK21:BE21) -> 1035.9221
C22: 316 | D22: Loyers - crédits-bails (leasing) - baux à fermes - taxes d'utilisation | E22: ='4.1 Comptes 2021 natures'!E22/'4.1 Comptes 2021 natures'!E2 -> 4.0941922 | F22: ='4.1 Comptes 2021 natures'!F22/'4.1 Comptes 2021 natures'!F2 -> 11.250566 | G22: ='4.1 Comptes 2021 natures'!G22/'4.1 Comptes 2021 natures'!G2 -> 1.5153518 | H22: ='4.1 Comptes 2021 natures'!H22/'4.1 Comptes 2021 natures'!H2 -> 162.6254 | I22: ='4.1 Comptes 2021 natures'!I22/'4.1 Comptes 2021 natures'!I2 -> 20.759683 | J22: ='4.1 Comptes 2021 natures'!J22/'4.1 Comptes 2021 natures'!J2 -> 10.584604 | K22: ='4.1 Comptes 2021 natures'!K22/'4.1 Comptes 2021 natures'!K2 -> 12.472813 | L22: ='4.1 Comptes 2021 natures'!L22/'4.1 Comptes 2021 natures'!L2 -> 67.66212 | ... BE22: ='4.1 Comptes 2021 natures'!BE22/'4.1 Comptes 2021 natures'!BE2 -> 1.0733453 | BF22: =SUM(E22:BE22) -> 1050.3642 | BG22: =SUM(E22:W22) -> 394.37963 | BH22: =SUM(X22:AJ22) -> 286.44718 | BI22: =SUM(AK22:BE22) -> 369.53742
C23: 317 | D23: Indemnités et dédommagements | E23: ='4.1 Comptes 2021 natures'!E23/'4.1 Comptes 2021 natures'!E2 -> 24.927825 | F23: ='4.1 Comptes 2021 natures'!F23/'4.1 Comptes 2021 natures'!F2 -> 8.2173585 | G23: ='4.1 Comptes 2021 natures'!G23/'4.1 Comptes 2021 natures'!G2 -> 2.9083156 | H23: ='4.1 Comptes 2021 natures'!H23/'4.1 Comptes 2021 natures'!H2 -> 5.8779043 | I23: ='4.1 Comptes 2021 natures'!I23/'4.1 Comptes 2021 natures'!I2 -> 10.735475 | J23: ='4.1 Comptes 2021 natures'!J23/'4.1 Comptes 2021 natures'!J2 -> 11.119268 | K23: ='4.1 Comptes 2021 natures'!K23/'4.1 Comptes 2021 natures'!K2 -> 8.7017534 | L23: ='4.1 Comptes 2021 natures'!L23/'4.1 Comptes 2021 natures'!L2 -> 6.1286361 | ... BE23: ='4.1 Comptes 2021 natures'!BE23/'4.1 Comptes 2021 natures'!BE2 -> 6.3449016 | BF23: =SUM(E23:BE23) -> 563.60569 | BG23: =SUM(E23:W23) -> 225.47303 | BH23: =SUM(X23:AJ23) -> 173.8482 | BI23: =SUM(AK23:BE23) -> 164.28447
C24: 318 | D24: Réévaluations de créances | E24: ='4.1 Comptes 2021 natures'!E24/'4.1 Comptes 2021 natures'!E2 -> -49.487117 | F24: ='4.1 Comptes 2021 natures'!F24/'4.1 Comptes 2021 natures'!F2 -> 47.882717 | G24: ='4.1 Comptes 2021 natures'!G24/'4.1 Comptes 2021 natures'!G2 -> 30.629232 | H24: ='4.1 Comptes 2021 natures'!H24/'4.1 Comptes 2021 natures'!H2 -> 13.386014 | I24: ='4.1 Comptes 2021 natures'!I24/'4.1 Comptes 2021 natures'!I2 -> 55.784179 | J24: ='4.1 Comptes 2021 natures'!J24/'4.1 Comptes 2021 natures'!J2 -> 38.789148 | K24: ='4.1 Comptes 2021 natures'!K24/'4.1 Comptes 2021 natures'!K2 -> 12.216071 | L24: ='4.1 Comptes 2021 natures'!L24/'4.1 Comptes 2021 natures'!L2 -> 25.856657 | ... BE24: ='4.1 Comptes 2021 natures'!BE24/'4.1 Comptes 2021 natures'!BE2 -> 70.148265 | BF24: =SUM(E24:BE24) -> 2435.3682 | BG24: =SUM(E24:W24) -> 669.00697 | BH24: =SUM(X24:AJ24) -> 384.74033 | BI24: =SUM(AK24:BE24) -> 1381.6209
C25: 319 | D25: Divers charges d'exploitation | E25: ='4.1 Comptes 2021 natures'!E25/'4.1 Comptes 2021 natures'!E2 -> 0.96779303 | F25: ='4.1 Comptes 2021 natures'!F25/'4.1 Comptes 2021 natures'!F2 -> 5.2883019 | G25: ='4.1 Comptes 2021 natures'!G25/'4.1 Comptes 2021 natures'!G2 -> 12.923881 | H25: ='4.1 Comptes 2021 natures'!H25/'4.1 Comptes 2021 natures'!H2 -> 11.761503 | I25: ='4.1 Comptes 2021 natures'!I25/'4.1 Comptes 2021 natures'!I2 -> 14.464624 | J25: ='4.1 Comptes 2021 natures'!J25/'4.1 Comptes 2021 natures'!J2 -> 7.2774589 | K25: ='4.1 Comptes 2021 natures'!K25/'4.1 Comptes 2021 natures'!K2 -> 5.6997549 | L25: ='4.1 Comptes 2021 natures'!L25/'4.1 Comptes 2021 natures'!L2 -> 13.218884 | ... BE25: ='4.1 Comptes 2021 natures'!BE25/'4.1 Comptes 2021 natures'!BE2 -> 6.765653 | BF25: =SUM(E25:BE25) -> 427.28039 | BG25: =SUM(E25:W25) -> 185.76968 | BH25: =SUM(X25:AJ25) -> 95.831501 | BI25: =SUM(AK25:BE25) -> 145.67921
B27: 33 | D27: Amortissements du patrimoine administratif | E27: =E28+E29 -> 297.92053 | F27: =F28+F29 -> 311.0717 | G27: =G28+G29 -> 161.76631 | H27: =H28+H29 -> 222.57403 | I27: =I28+I29 -> 259.46346 | J27: =J28+J29 -> 308.33731 | K27: =K28+K29 -> 191.47758 | L27: =L28+L29 -> 450.91149 | ... BI27: =BI28+BI29 -> 5707.8852
C28: 330 | D28: Amortissements des immobilisations corporelles du PA | E28: ='4.1 Comptes 2021 natures'!E28/'4.1 Comptes 2021 natures'!E2 -> 297.92053 | F28: ='4.1 Comptes 2021 natures'!F28/'4.1 Comptes 2021 natures'!F2 -> 266.99623 | G28: ='4.1 Comptes 2021 natures'!G28/'4.1 Comptes 2021 natures'!G2 -> 158.04243 | H28: ='4.1 Comptes 2021 natures'!H28/'4.1 Comptes 2021 natures'!H2 -> 222.57403 | I28: ='4.1 Comptes 2021 natures'!I28/'4.1 Comptes 2021 natures'!I2 -> 254.57505 | J28: ='4.1 Comptes 2021 natures'!J28/'4.1 Comptes 2021 natures'!J2 -> 304.3041 | K28: ='4.1 Comptes 2021 natures'!K28/'4.1 Comptes 2021 natures'!K2 -> 190.72807 | L28: ='4.1 Comptes 2021 natures'!L28/'4.1 Comptes 2021 natures'!L2 -> 443.37048 | ... BE28: ='4.1 Comptes 2021 natures'!BE28/'4.1 Comptes 2021 natures'!BE2 -> 180.89267 | BF28: =SUM(E28:BE28) -> 13210.8 | BG28: =SUM(E28:W28) -> 4651.3437 | BH28: =SUM(X28:AJ28) -> 3223.4066 | BI28: =SUM(AK28:BE28) -> 5336.0497
C29: 332 | D29: Amortissements des immobilisations incorporelles du PA | E29: ='4.1 Comptes 2021 natures'!E29/'4.1 Comptes 2021 natures'!E2 -> 0 | F29: ='4.1 Comptes 2021 natures'!F29/'4.1 Comptes 2021 natures'!F2 -> 44.075472 | G29: ='4.1 Comptes 2021 natures'!G29/'4.1 Comptes 2021 natures'!G2 -> 3.7238806 | H29: ='4.1 Comptes 2021 natures'!H29/'4.1 Comptes 2021 natures'!H2 -> 0 | I29: ='4.1 Comptes 2021 natures'!I29/'4.1 Comptes 2021 natures'!I2 -> 4.888412 | J29: ='4.1 Comptes 2021 natures'!J29/'4.1 Comptes 2021 natures'!J2 -> 4.0332108 | K29: ='4.1 Comptes 2021 natures'!K29/'4.1 Comptes 2021 natures'!K2 -> 0.7495098 | L29: ='4.1 Comptes 2021 natures'!L29/'4.1 Comptes 2021 natures'!L2 -> 7.5410073 | ... BE29: ='4.1 Comptes 2021 natures'!BE29/'4.1 Comptes 2021 natures'!BE2 -> 0 | BF29: =SUM(E29:BE29) -> 515.63547 | BG29: =SUM(E29:W29) -> 125.941 | BH29: =SUM(X29:AJ29) -> 17.85905 | BI29: =SUM(AK29:BE29) -> 371.83542
B31: 34 | D31: Charges financières | E31: =E32+E33+E34+E35+E36+E37 -> 41.113675 | F31: =F32+F33+F34+F35+F36+F37 -> 178.12691 | G31: =G32+G33+G34+G35+G36+G37 -> 213.34503 | H31: =H32+H33+H34+H35+H36+H37 -> 166.10221 | I31: =I32+I33+I34+I35+I36+I37 -> 154.48384 | J31: =J32+J33+J34+J35+J36+J37 -> 93.164158 | K31: =K32+K33+K34+K35+K36+K37 -> 80.187349 | L31: =L32+L33+L34+L35+L36+L37 -> 141.21341 | ... BI31: =BI32+BI33+BI34+BI35+BI36+BI37 -> 2557.438
C32: 340 | D32: Charges d'intérets | E32: ='4.1 Comptes 2021 natures'!E32/'4.1 Comptes 2021 natures'!E2 -> 41.113675 | F32: ='4.1 Comptes 2021 natures'!F32/'4.1 Comptes 2021 natures'!F2 -> 142.33332 | G32: ='4.1 Comptes 2021 natures'!G32/'4.1 Comptes 2021 natures'!G2 -> 135.82744 | H32: ='4.1 Comptes 2021 natures'!H32/'4.1 Comptes 2021 natures'!H2 -> 115.48057 | I32: ='4.1 Comptes 2021 natures'!I32/'4.1 Comptes 2021 natures'!I2 -> 118.45129 | J32: ='4.1 Comptes 2021 natures'!J32/'4.1 Comptes 2021 natures'!J2 -> 76.795788 | K32: ='4.1 Comptes 2021 natures'!K32/'4.1 Comptes 2021 natures'!K2 -> 51.069808 | L32: ='4.1 Comptes 2021 natures'!L32/'4.1 Comptes 2021 natures'!L2 -> 128.68266 | ... BE32: ='4.1 Comptes 2021 natures'!BE32/'4.1 Comptes 2021 natures'!BE2 -> 69.988998 | BF32: =SUM(E32:BE32) -> 4302.6477 | BG32: =SUM(E32:W32) -> 1645.7433 | BH32: =SUM(X32:AJ32) -> 788.08623 | BI32: =SUM(AK32:BE32) -> 1868.8182
C33: 341 | D33: Pertes sur les placements financiers et les immobilisations du PF | E33: ='4.1 Comptes 2021 natures'!E33/'4.1 Comptes 2021 natures'!E2 -> 0 | F33: ='4.1 Comptes 2021 natures'!F33/'4.1 Comptes 2021 natures'!F2 -> 0 | G33: ='4.1 Comptes 2021 natures'!G33/'4.1 Comptes 2021 natures'!G2 -> 0 | H33: ='4.1 Comptes 2021 natures'!H33/'4.1 Comptes 2021 natures'!H2 -> 0 | I33: ='4.1 Comptes 2021 natures'!I33/'4.1 Comptes 2021 natures'!I2 -> 0 | J33: ='4.1 Comptes 2021 natures'!J33/'4.1 Comptes 2021 natures'!J2 -> 0 | K33: ='4.1 Comptes 2021 natures'!K33/'4.1 Comptes 2021 natures'!K2 -> 0 | L33: ='4.1 Comptes 2021 natures'!L33/'4.1 Comptes 2021 natures'!L2 -> 0 | ... BE33: ='4.1 Comptes 2021 natures'!BE33/'4.1 Comptes 2021 natures'!BE2 -> 0 | BF33: =SUM(E33:BE33) -> 201.34199 | BG33: =SUM(E33:W33) -> 0 | BH33: =SUM(X33:AJ33) -> 0 | BI33: =SUM(AK33:BE33) -> 201.34199
C34: 342 | D34: Frais d'acquisitions des capitaux et frais administratifs | E34: ='4.1 Comptes 2021 natures'!E34/'4.1 Comptes 2021 natures'!E2 -> 0 | F34: ='4.1 Comptes 2021 natures'!F34/'4.1 Comptes 2021 natures'!F2 -> 0 | G34: ='4.1 Comptes 2021 natures'!G34/'4.1 Comptes 2021 natures'!G2 -> 0 | H34: ='4.1 Comptes 2021 natures'!H34/'4.1 Comptes 2021 natures'!H2 -> 0 | I34: ='4.1 Comptes 2021 natures'!I34/'4.1 Comptes 2021 natures'!I2 -> 0 | J34: ='4.1 Comptes 2021 natures'!J34/'4.1 Comptes 2021 natures'!J2 -> 0 | K34: ='4.1 Comptes 2021 natures'!K34/'4.1 Comptes 2021 natures'!K2 -> 0.0075414781 | L34: ='4.1 Comptes 2021 natures'!L34/'4.1 Comptes 2021 natures'!L2 -> 0 | ... BE34: ='4.1 Comptes 2021 natures'!BE34/'4.1 Comptes 2021 natures'!BE2 -> 0 | BF34: =SUM(E34:BE34) -> 0.0075414781 | BG34: =SUM(E34:W34) -> 0.0075414781 | BH34: =SUM(X34:AJ34) -> 0 | BI34: =SUM(AK34:BE34) -> 0
C35: 343 | D35: Charges pour les biens-fonds du PF | E35: ='4.1 Comptes 2021 natures'!E35/'4.1 Comptes 2021 natures'!E2 -> 0 | F35: ='4.1 Comptes 2021 natures'!F35/'4.1 Comptes 2021 natures'!F2 -> 35.793585 | G35: ='4.1 Comptes 2021 natures'!G35/'4.1 Comptes 2021 natures'!G2 -> 77.517591 | H35: ='4.1 Comptes 2021 natures'!H35/'4.1 Comptes 2021 natures'!H2 -> 50.62164 | I35: ='4.1 Comptes 2021 natures'!I35/'4.1 Comptes 2021 natures'!I2 -> 34.799716 | J35: ='4.1 Comptes 2021 natures'!J35/'4.1 Comptes 2021 natures'!J2 -> 16.368371 | K35: ='4.1 Comptes 2021 natures'!K35/'4.1 Comptes 2021 natures'!K2 -> 27.492195 | L35: ='4.1 Comptes 2021 natures'!L35/'4.1 Comptes 2021 natures'!L2 -> 12.530748 | ... BE35: ='4.1 Comptes 2021 natures'!BE35/'4.1 Comptes 2021 natures'!BE2 -> 28.931574 | BF35: =SUM(E35:BE35) -> 1373.999 | BG35: =SUM(E35:W35) -> 408.76653 | BH35: =SUM(X35:AJ35) -> 506.90619 | BI35: =SUM(AK35:BE35) -> 458.32629
C36: 344 | D36: Réévaluations des immobilisations du PF | E36: ='4.1 Comptes 2021 natures'!E36/'4.1 Comptes 2021 natures'!E2 -> 0 | F36: ='4.1 Comptes 2021 natures'!F36/'4.1 Comptes 2021 natures'!F2 -> 0 | G36: ='4.1 Comptes 2021 natures'!G36/'4.1 Comptes 2021 natures'!G2 -> 0 | H36: ='4.1 Comptes 2021 natures'!H36/'4.1 Comptes 2021 natures'!H2 -> 0 | I36: ='4.1 Comptes 2021 natures'!I36/'4.1 Comptes 2021 natures'!I2 -> 1.2328326 | J36: ='4.1 Comptes 2021 natures'!J36/'4.1 Comptes 2021 natures'!J2 -> 0 | K36: ='4.1 Comptes 2021 natures'!K36/'4.1 Comptes 2021 natures'!K2 -> 1.6178054 | L36: ='4.1 Comptes 2021 natures'!L36/'4.1 Comptes 2021 natures'!L2 -> 0 | ... BE36: ='4.1 Comptes 2021 natures'!BE36/'4.1 Comptes 2021 natures'!BE2 -> 0 | BF36: =SUM(E36:BE36) -> -44.339919 | BG36: =SUM(E36:W36) -> 7.5783141 | BH36: =SUM(X36:AJ36) -> -52.197823 | BI36: =SUM(AK36:BE36) -> 0.27958993
C37: 349 | D37: Autres charges financières | E37: ='4.1 Comptes 2021 natures'!E37/'4.1 Comptes 2021 natures'!E2 -> 0 | F37: ='4.1 Comptes 2021 natures'!F37/'4.1 Comptes 2021 natures'!F2 -> 0 | G37: ='4.1 Comptes 2021 natures'!G37/'4.1 Comptes 2021 natures'!G2 -> 0 | H37: ='4.1 Comptes 2021 natures'!H37/'4.1 Comptes 2021 natures'!H2 -> 0 | I37: ='4.1 Comptes 2021 natures'!I37/'4.1 Comptes 2021 natures'!I2 -> 0 | J37: ='4.1 Comptes 2021 natures'!J37/'4.1 Comptes 2021 natures'!J2 -> 0 | K37: ='4.1 Comptes 2021 natures'!K37/'4.1 Comptes 2021 natures'!K2 -> 0 | L37: ='4.1 Comptes 2021 natures'!L37/'4.1 Comptes 2021 natures'!L2 -> 0 | ... BE37: ='4.1 Comptes 2021 natures'!BE37/'4.1 Comptes 2021 natures'!BE2 -> 3.4121646 | BF37: =SUM(E37:BE37) -> 51.431169 | BG37: =SUM(E37:W37) -> 0.010691685 | BH37: =SUM(X37:AJ37) -> 22.748564 | BI37: =SUM(AK37:BE37) -> 28.671913
B39: 35 | D39: Attributions aux financements spéciaux des capitaux de tiers | E39: =E40+E41 -> 17.928986 | F39: =F40+F41 -> 56.688113 | G39: =G40+G41 -> 10.326119 | H39: =H40+H41 -> 0 | I39: =I40+I41 -> 30.14721 | J39: =J40+J41 -> 2.476296 | K39: =K40+K41 -> 11.343665 | L39: =L40+L41 -> 0 | ... BI39: =BI40+BI41 -> 737.85887
C40: 350 | D40: Attributions aux financements spéciaux des capitaux de tiers | E40: ='4.1 Comptes 2021 natures'!E40/'4.1 Comptes 2021 natures'!E2 -> 0 | F40: ='4.1 Comptes 2021 natures'!F40/'4.1 Comptes 2021 natures'!F2 -> 0 | G40: ='4.1 Comptes 2021 natures'!G40/'4.1 Comptes 2021 natures'!G2 -> 0 | H40: ='4.1 Comptes 2021 natures'!H40/'4.1 Comptes 2021 natures'!H2 -> 0 | I40: ='4.1 Comptes 2021 natures'!I40/'4.1 Comptes 2021 natures'!I2 -> 3.6749866 | J40: ='4.1 Comptes 2021 natures'!J40/'4.1 Comptes 2021 natures'!J2 -> 0 | K40: ='4.1 Comptes 2021 natures'!K40/'4.1 Comptes 2021 natures'!K2 -> 0 | L40: ='4.1 Comptes 2021 natures'!L40/'4.1 Comptes 2021 natures'!L2 -> 0 | ... BE40: ='4.1 Comptes 2021 natures'!BE40/'4.1 Comptes 2021 natures'!BE2 -> 0 | BF40: =SUM(E40:BE40) -> 111.86644 | BG40: =SUM(E40:W40) -> 84.871568 | BH40: =SUM(X40:AJ40) -> 22.99383 | BI40: =SUM(AK40:BE40) -> 4.0010453
C41: 351 | D41: Attributions aux financements spéciaux du capital propres | E41: ='4.1 Comptes 2021 natures'!E41/'4.1 Comptes 2021 natures'!E2 -> 17.928986 | F41: ='4.1 Comptes 2021 natures'!F41/'4.1 Comptes 2021 natures'!F2 -> 56.688113 | G41: ='4.1 Comptes 2021 natures'!G41/'4.1 Comptes 2021 natures'!G2 -> 10.326119 | H41: ='4.1 Comptes 2021 natures'!H41/'4.1 Comptes 2021 natures'!H2 -> 0 | I41: ='4.1 Comptes 2021 natures'!I41/'4.1 Comptes 2021 natures'!I2 -> 26.472224 | J41: ='4.1 Comptes 2021 natures'!J41/'4.1 Comptes 2021 natures'!J2 -> 2.476296 | K41: ='4.1 Comptes 2021 natures'!K41/'4.1 Comptes 2021 natures'!K2 -> 11.343665 | L41: ='4.1 Comptes 2021 natures'!L41/'4.1 Comptes 2021 natures'!L2 -> 0 | ... BE41: ='4.1 Comptes 2021 natures'!BE41/'4.1 Comptes 2021 natures'!BE2 -> 34.555689 | BF41: =SUM(E41:BE41) -> 1666.3622 | BG41: =SUM(E41:W41) -> 445.69152 | BH41: =SUM(X41:AJ41) -> 486.81282 | BI41: =SUM(AK41:BE41) -> 733.85782
B43: 36 | D43: Charges de transferts | E43: =E44+E45+E46+E47+E48+E49+E50+E51 -> 2333.0203 | F43: =F44+F45+F46+F47+F48+F49+F50+F51 -> 2367.4983 | G43: =G44+G45+G46+G47+G48+G49+G50+G51 -> 2277.1847 | H43: =H44+H45+H46+H47+H48+H49+H50+H51 -> 2262.0324 | I43: =I44+I45+I46+I47+I48+I49+I50+I51 -> 1930.0737 | J43: =J44+J45+J46+J47+J48+J49+J50+J51 -> 1949.8703 | K43: =K44+K45+K46+K47+K48+K49+K50+K51 -> 2398.4034 | L43: =L44+L45+L46+L47+L48+L49+L50+L51 -> 3337.222 | ... BI43: =BI44+BI45+BI46+BI47+BI48+BI49+BI50+BI51 -> 53857.835
C44: 360 | D44: Parts de revenus destinés à des collectivités publiques | E44: ='4.1 Comptes 2021 natures'!E44/'4.1 Comptes 2021 natures'!E2 -> 4.6247096 | F44: ='4.1 Comptes 2021 natures'!F44/'4.1 Comptes 2021 natures'!F2 -> 5.8867925 | G44: ='4.1 Comptes 2021 natures'!G44/'4.1 Comptes 2021 natures'!G2 -> 3.0703625 | H44: ='4.1 Comptes 2021 natures'!H44/'4.1 Comptes 2021 natures'!H2 -> 2.2779043 | I44: ='4.1 Comptes 2021 natures'!I44/'4.1 Comptes 2021 natures'!I2 -> 4.3456813 | J44: ='4.1 Comptes 2021 natures'!J44/'4.1 Comptes 2021 natures'!J2 -> 35.554768 | K44: ='4.1 Comptes 2021 natures'!K44/'4.1 Comptes 2021 natures'!K2 -> 14.917044 | L44: ='4.1 Comptes 2021 natures'!L44/'4.1 Comptes 2021 natures'!L2 -> 2.1029049 | ... BE44: ='4.1 Comptes 2021 natures'!BE44/'4.1 Comptes 2021 natures'!BE2 -> 3.9713775 | BF44: =SUM(E44:BE44) -> 313.28356 | BG44: =SUM(E44:W44) -> 116.24591 | BH44: =SUM(X44:AJ44) -> 125.77915 | BI44: =SUM(AK44:BE44) -> 71.258499
C45: 361 | D45: Dédommagements aux collectivités publiques | E45: ='4.1 Comptes 2021 natures'!E45/'4.1 Comptes 2021 natures'!E2 -> 1734.9487 | F45: ='4.1 Comptes 2021 natures'!F45/'4.1 Comptes 2021 natures'!F2 -> 1608.9379 | G45: ='4.1 Comptes 2021 natures'!G45/'4.1 Comptes 2021 natures'!G2 -> 1856.7642 | H45: ='4.1 Comptes 2021 natures'!H45/'4.1 Comptes 2021 natures'!H2 -> 1657.2096 | I45: ='4.1 Comptes 2021 natures'!I45/'4.1 Comptes 2021 natures'!I2 -> 1223.8052 | J45: ='4.1 Comptes 2021 natures'!J45/'4.1 Comptes 2021 natures'!J2 -> 1245.6287 | K45: ='4.1 Comptes 2021 natures'!K45/'4.1 Comptes 2021 natures'!K2 -> 1782.8458 | L45: ='4.1 Comptes 2021 natures'!L45/'4.1 Comptes 2021 natures'!L2 -> 1410.2806 | ... BE45: ='4.1 Comptes 2021 natures'!BE45/'4.1 Comptes 2021 natures'!BE2 -> 1876.1245 | BF45: =SUM(E45:BE45) -> 88270.432 | BG45: =SUM(E45:W45) -> 29671.708 | BH45: =SUM(X45:AJ45) -> 21611.756 | BI45: =SUM(AK45:BE45) -> 36986.968
C46: 362 | D46: Péréquation financière et compensation de charges | E46: ='4.1 Comptes 2021 natures'!E46/'4.1 Comptes 2021 natures'!E2 -> 23.351637 | F46: ='4.1 Comptes 2021 natures'!F46/'4.1 Comptes 2021 natures'!F2 -> 23.54717 | G46: ='4.1 Comptes 2021 natures'!G46/'4.1 Comptes 2021 natures'!G2 -> 0 | H46: ='4.1 Comptes 2021 natures'!H46/'4.1 Comptes 2021 natures'!H2 -> 0 | I46: ='4.1 Comptes 2021 natures'!I46/'4.1 Comptes 2021 natures'!I2 -> 37.615343 | J46: ='4.1 Comptes 2021 natures'!J46/'4.1 Comptes 2021 natures'!J2 -> 39.106428 | K46: ='4.1 Comptes 2021 natures'!K46/'4.1 Comptes 2021 natures'!K2 -> 48.3273 | L46: ='4.1 Comptes 2021 natures'!L46/'4.1 Comptes 2021 natures'!L2 -> 74.453121 | ... BE46: ='4.1 Comptes 2021 natures'!BE46/'4.1 Comptes 2021 natures'!BE2 -> 0 | BF46: =SUM(E46:BE46) -> 4249.6991 | BG46: =SUM(E46:W46) -> 955.88614 | BH46: =SUM(X46:AJ46) -> 1402.4849 | BI46: =SUM(AK46:BE46) -> 1891.328
C47: 363 | D47: Subventions à des collectivités publiques et des tiers | E47: ='4.1 Comptes 2021 natures'!E47/'4.1 Comptes 2021 natures'!E2 -> 561.30433 | F47: ='4.1 Comptes 2021 natures'!F47/'4.1 Comptes 2021 natures'!F2 -> 721.79057 | G47: ='4.1 Comptes 2021 natures'!G47/'4.1 Comptes 2021 natures'!G2 -> 417.35011 | H47: ='4.1 Comptes 2021 natures'!H47/'4.1 Comptes 2021 natures'!H2 -> 531.93159 | I47: ='4.1 Comptes 2021 natures'!I47/'4.1 Comptes 2021 natures'!I2 -> 664.30749 | J47: ='4.1 Comptes 2021 natures'!J47/'4.1 Comptes 2021 natures'!J2 -> 620.87632 | K47: ='4.1 Comptes 2021 natures'!K47/'4.1 Comptes 2021 natures'!K2 -> 552.3132 | L47: ='4.1 Comptes 2021 natures'!L47/'4.1 Comptes 2021 natures'!L2 -> 1481.2019 | ... BE47: ='4.1 Comptes 2021 natures'!BE47/'4.1 Comptes 2021 natures'!BE2 -> 693.01682 | BF47: =SUM(E47:BE47) -> 35311.08 | BG47: =SUM(E47:W47) -> 12130.011 | BH47: =SUM(X47:AJ47) -> 8340.8265 | BI47: =SUM(AK47:BE47) -> 14840.243
C48: 364 | D48: Réévaluations des prets du PA | E48: ='4.1 Comptes 2021 natures'!E48/'4.1 Comptes 2021 natures'!E2 -> 0 | F48: ='4.1 Comptes 2021 natures'!F48/'4.1 Comptes 2021 natures'!F2 -> 0 | G48: ='4.1 Comptes 2021 natures'!G48/'4.1 Comptes 2021 natures'!G2 -> 0 | H48: ='4.1 Comptes 2021 natures'!H48/'4.1 Comptes 2021 natures'!H2 -> 0 | I48: ='4.1 Comptes 2021 natures'!I48/'4.1 Comptes 2021 natures'!I2 -> 0 | J48: ='4.1 Comptes 2021 natures'!J48/'4.1 Comptes 2021 natures'!J2 -> 0 | K48: ='4.1 Comptes 2021 natures'!K48/'4.1 Comptes 2021 natures'!K2 -> 0 | L48: ='4.1 Comptes 2021 natures'!L48/'4.1 Comptes 2021 natures'!L2 -> 0 | ... BE48: ='4.1 Comptes 2021 natures'!BE48/'4.1 Comptes 2021 natures'!BE2 -> 0 | BF48: =SUM(E48:BE48) -> 0 | BG48: =SUM(E48:W48) -> 0 | BH48: =SUM(X48:AJ48) -> 0 | BI48: =SUM(AK48:BE48) -> 0
C49: 365 | D49: Réévaluations des participations du PA | E49: ='4.1 Comptes 2021 natures'!E49/'4.1 Comptes 2021 natures'!E2 -> 0 | F49: ='4.1 Comptes 2021 natures'!F49/'4.1 Comptes 2021 natures'!F2 -> 0 | G49: ='4.1 Comptes 2021 natures'!G49/'4.1 Comptes 2021 natures'!G2 -> 0 | H49: ='4.1 Comptes 2021 natures'!H49/'4.1 Comptes 2021 natures'!H2 -> 0 | I49: ='4.1 Comptes 2021 natures'!I49/'4.1 Comptes 2021 natures'!I2 -> 0 | J49: ='4.1 Comptes 2021 natures'!J49/'4.1 Comptes 2021 natures'!J2 -> 0 | K49: ='4.1 Comptes 2021 natures'!K49/'4.1 Comptes 2021 natures'!K2 -> 0 | L49: ='4.1 Comptes 2021 natures'!L49/'4.1 Comptes 2021 natures'!L2 -> 0 | ... BE49: ='4.1 Comptes 2021 natures'!BE49/'4.1 Comptes 2021 natures'!BE2 -> 0 | BF49: =SUM(E49:BE49) -> 35.417367 | BG49: =SUM(E49:W49) -> 27.509294 | BH49: =SUM(X49:AJ49) -> 0 | BI49: =SUM(AK49:BE49) -> 7.9080731
C50: 366 | D50: Amortissements des subventions des investissements | E50: ='4.1 Comptes 2021 natures'!E50/'4.1 Comptes 2021 natures'!E2 -> 0 | F50: ='4.1 Comptes 2021 natures'!F50/'4.1 Comptes 2021 natures'!F2 -> 0 | G50: ='4.1 Comptes 2021 natures'!G50/'4.1 Comptes 2021 natures'!G2 -> 0 | H50: ='4.1 Comptes 2021 natures'!H50/'4.1 Comptes 2021 natures'!H2 -> 0 | I50: ='4.1 Comptes 2021 natures'!I50/'4.1 Comptes 2021 natures'!I2 -> 0 | J50: ='4.1 Comptes 2021 natures'!J50/'4.1 Comptes 2021 natures'!J2 -> 0 | K50: ='4.1 Comptes 2021 natures'!K50/'4.1 Comptes 2021 natures'!K2 -> 0 | L50: ='4.1 Comptes 2021 natures'!L50/'4.1 Comptes 2021 natures'!L2 -> 0 | ... BE50: ='4.1 Comptes 2021 natures'!BE50/'4.1 Comptes 2021 natures'!BE2 -> 0 | BF50: =SUM(E50:BE50) -> 27.658891 | BG50: =SUM(E50:W50) -> 2.1002617 | BH50: =SUM(X50:AJ50) -> 25.558629 | BI50: =SUM(AK50:BE50) -> 0
C51: 369 | D51: Différentes charges de transfert à des collectivités publiques et tiers | E51: ='4.1 Comptes 2021 natures'!E51/'4.1 Comptes 2021 natures'!E2 -> 8.7909187 | F51: ='4.1 Comptes 2021 natures'!F51/'4.1 Comptes 2021 natures'!F2 -> 7.3358491 | G51: ='4.1 Comptes 2021 natures'!G51/'4.1 Comptes 2021 natures'!G2 -> 0 | H51: ='4.1 Comptes 2021 natures'!H51/'4.1 Comptes 2021 natures'!H2 -> 70.613371 | I51: ='4.1 Comptes 2021 natures'!I51/'4.1 Comptes 2021 natures'!I2 -> 0 | J51: ='4.1 Comptes 2021 natures'!J51/'4.1 Comptes 2021 natures'!J2 -> 8.7040359 | K51: ='4.1 Comptes 2021 natures'!K51/'4.1 Comptes 2021 natures'!K2 -> 0 | L51: ='4.1 Comptes 2021 natures'!L51/'4.1 Comptes 2021 natures'!L2 -> 369.18356 | ... BE51: ='4.1 Comptes 2021 natures'!BE51/'4.1 Comptes 2021 natures'!BE2 -> 8.9516995 | BF51: =SUM(E51:BE51) -> 795.71745 | BG51: =SUM(E51:W51) -> 653.59604 | BH51: =SUM(X51:AJ51) -> 81.99188 | BI51: =SUM(AK51:BE51) -> 60.129531
B53: 37 | D53: Subventions à redistribuer | E53: =E54 -> 0 | F53: =F54 -> 0 | G53: =G54 -> 0 | H53: =H54 -> 0 | I53: =I54 -> 0 | J53: =J54 -> 0 | K53: =K54 -> 0 | L53: =L54 -> 0 | ... BI53: =BI54 -> 97.398388
C54: 370 | D54: Subventions à redistribuer à des collectivités publiques et des tiers | E54: ='4.1 Comptes 2021 natures'!E54/'4.1 Comptes 2021 natures'!E2 -> 0 | F54: ='4.1 Comptes 2021 natures'!F54/'4.1 Comptes 2021 natures'!F2 -> 0 | G54: ='4.1 Comptes 2021 natures'!G54/'4.1 Comptes 2021 natures'!G2 -> 0 | H54: ='4.1 Comptes 2021 natures'!H54/'4.1 Comptes 2021 natures'!H2 -> 0 | I54: ='4.1 Comptes 2021 natures'!I54/'4.1 Comptes 2021 natures'!I2 -> 0 | J54: ='4.1 Comptes 2021 natures'!J54/'4.1 Comptes 2021 natures'!J2 -> 0 | K54: ='4.1 Comptes 2021 natures'!K54/'4.1 Comptes 2021 natures'!K2 -> 0 | L54: ='4.1 Comptes 2021 natures'!L54/'4.1 Comptes 2021 natures'!L2 -> 0 | ... BE54: ='4.1 Comptes 2021 natures'!BE54/'4.1 Comptes 2021 natures'!BE2 -> 0 | BF54: =SUM(E54:BE54) -> 6598.6848 | BG54: =SUM(E54:W54) -> 0 | BH54: =SUM(X54:AJ54) -> 6501.2864 | BI54: =SUM(AK54:BE54) -> 97.398388
B56: 38 | D56: Charges extraordinaires | E56: =E57+E58+E59+E60+E61+E62 -> 0 | F56: =F57+F58+F59+F60+F61+F62 -> 0 | G56: =G57+G58+G59+G60+G61+G62 -> 0 | H56: =H57+H58+H59+H60+H61+H62 -> 0.77334852 | I56: =I57+I58+I59+I60+I61+I62 -> 126.1092 | J56: =J57+J58+J59+J60+J61+J62 -> 0 | K56: =K57+K58+K59+K60+K61+K62 -> 37.707391 | L56: =L57+L58+L59+L60+L61+L62 -> 0 | ... BI56: =BI57+BI58+BI59+BI60+BI61+BI62 -> 2712.7949
C57: 380 | D57: Charges extraordinaires du personnel administratif et d'exploitation | E57: ='4.1 Comptes 2021 natures'!E57/'4.1 Comptes 2021 natures'!E2 -> 0 | F57: ='4.1 Comptes 2021 natures'!F57/'4.1 Comptes 2021 natures'!F2 -> 0 | G57: ='4.1 Comptes 2021 natures'!G57/'4.1 Comptes 2021 natures'!G2 -> 0 | H57: ='4.1 Comptes 2021 natures'!H57/'4.1 Comptes 2021 natures'!H2 -> 0 | I57: ='4.1 Comptes 2021 natures'!I57/'4.1 Comptes 2021 natures'!I2 -> 0 | J57: ='4.1 Comptes 2021 natures'!J57/'4.1 Comptes 2021 natures'!J2 -> 0 | K57: ='4.1 Comptes 2021 natures'!K57/'4.1 Comptes 2021 natures'!K2 -> 0 | L57: ='4.1 Comptes 2021 natures'!L57/'4.1 Comptes 2021 natures'!L2 -> 0 | ... BE57: ='4.1 Comptes 2021 natures'!BE57/'4.1 Comptes 2021 natures'!BE2 -> 0 | BF57: =SUM(E57:BE57) -> 0.0097690941 | BG57: =SUM(E57:W57) -> 0 | BH57: =SUM(X57:AJ57) -> 0 | BI57: =SUM(AK57:BE57) -> 0.0097690941
C58: 381 | D58: charges extraordinaires de biens et de services d'exploitation | E58: ='4.1 Comptes 2021 natures'!E58/'4.1 Comptes 2021 natures'!E2 -> 0 | F58: ='4.1 Comptes 2021 natures'!F58/'4.1 Comptes 2021 natures'!F2 -> 0 | G58: ='4.1 Comptes 2021 natures'!G58/'4.1 Comptes 2021 natures'!G2 -> 0 | H58: ='4.1 Comptes 2021 natures'!H58/'4.1 Comptes 2021 natures'!H2 -> 0.77334852 | I58: ='4.1 Comptes 2021 natures'!I58/'4.1 Comptes 2021 natures'!I2 -> 0 | J58: ='4.1 Comptes 2021 natures'!J58/'4.1 Comptes 2021 natures'!J2 -> 0 | K58: ='4.1 Comptes 2021 natures'!K58/'4.1 Comptes 2021 natures'!K2 -> 0 | L58: ='4.1 Comptes 2021 natures'!L58/'4.1 Comptes 2021 natures'!L2 -> 0 | ... BE58: ='4.1 Comptes 2021 natures'!BE58/'4.1 Comptes 2021 natures'!BE2 -> 0 | BF58: =SUM(E58:BE58) -> 37.886754 | BG58: =SUM(E58:W58) -> 0.93276182 | BH58: =SUM(X58:AJ58) -> 22.681883 | BI58: =SUM(AK58:BE58) -> 14.272109
C59: 384 | D59: Charges extraordinaires financières et comptables | E59: ='4.1 Comptes 2021 natures'!E59/'4.1 Comptes 2021 natures'!E2 -> 0 | F59: ='4.1 Comptes 2021 natures'!F59/'4.1 Comptes 2021 natures'!F2 -> 0 | G59: ='4.1 Comptes 2021 natures'!G59/'4.1 Comptes 2021 natures'!G2 -> 0 | H59: ='4.1 Comptes 2021 natures'!H59/'4.1 Comptes 2021 natures'!H2 -> 0 | I59: ='4.1 Comptes 2021 natures'!I59/'4.1 Comptes 2021 natures'!I2 -> 0.03623927 | J59: ='4.1 Comptes 2021 natures'!J59/'4.1 Comptes 2021 natures'!J2 -> 0 | K59: ='4.1 Comptes 2021 natures'!K59/'4.1 Comptes 2021 natures'!K2 -> 0 | L59: ='4.1 Comptes 2021 natures'!L59/'4.1 Comptes 2021 natures'!L2 -> 0 | ... BE59: ='4.1 Comptes 2021 natures'!BE59/'4.1 Comptes 2021 natures'!BE2 -> 0 | BF59: =SUM(E59:BE59) -> 6.5922076 | BG59: =SUM(E59:W59) -> 0.03623927 | BH59: =SUM(X59:AJ59) -> 0 | BI59: =SUM(AK59:BE59) -> 6.5559683
C60: 385 | D60: Attributions extraordinaires aux financements spéciaux | E60: ='4.1 Comptes 2021 natures'!E60/'4.1 Comptes 2021 natures'!E2 -> 0 | F60: ='4.1 Comptes 2021 natures'!F60/'4.1 Comptes 2021 natures'!F2 -> 0 | G60: ='4.1 Comptes 2021 natures'!G60/'4.1 Comptes 2021 natures'!G2 -> 0 | H60: ='4.1 Comptes 2021 natures'!H60/'4.1 Comptes 2021 natures'!H2 -> 0 | I60: ='4.1 Comptes 2021 natures'!I60/'4.1 Comptes 2021 natures'!I2 -> 0 | J60: ='4.1 Comptes 2021 natures'!J60/'4.1 Comptes 2021 natures'!J2 -> 0 | K60: ='4.1 Comptes 2021 natures'!K60/'4.1 Comptes 2021 natures'!K2 -> 0 | L60: ='4.1 Comptes 2021 natures'!L60/'4.1 Comptes 2021 natures'!L2 -> 0 | ... BE60: ='4.1 Comptes 2021 natures'!BE60/'4.1 Comptes 2021 natures'!BE2 -> 0 | BF60: =SUM(E60:BE60) -> 19.782609 | BG60: =SUM(E60:W60) -> 0 | BH60: =SUM(X60:AJ60) -> 0 | BI60: =SUM(AK60:BE60) -> 19.782609
C61: 386 | D61: Charges de transfert extraordinaires au collectivités et aux tiers | E61: ='4.1 Comptes 2021 natures'!E61/'4.1 Comptes 2021 natures'!E2 -> 0 | F61: ='4.1 Comptes 2021 natures'!F61/'4.1 Comptes 2021 natures'!F2 -> 0 | G61: ='4.1 Comptes 2021 natures'!G61/'4.1 Comptes 2021 natures'!G2 -> 0 | H61: ='4.1 Comptes 2021 natures'!H61/'4.1 Comptes 2021 natures'!H2 -> 0 | I61: ='4.1 Comptes 2021 natures'!I61/'4.1 Comptes 2021 natures'!I2 -> 0 | J61: ='4.1 Comptes 2021 natures'!J61/'4.1 Comptes 2021 natures'!J2 -> 0 | K61: ='4.1 Comptes 2021 natures'!K61/'4.1 Comptes 2021 natures'!K2 -> 0 | L61: ='4.1 Comptes 2021 natures'!L61/'4.1 Comptes 2021 natures'!L2 -> 0 | ... BE61: ='4.1 Comptes 2021 natures'!BE61/'4.1 Comptes 2021 natures'!BE2 -> 0 | BF61: =SUM(E61:BE61) -> 5.235378 | BG61: =SUM(E61:W61) -> 0 | BH61: =SUM(X61:AJ61) -> 5.235378 | BI61: =SUM(AK61:BE61) -> 0
C62: 389 | D62: Attributions au captial propre | E62: ='4.1 Comptes 2021 natures'!E62/'4.1 Comptes 2021 natures'!E2 -> 0 | F62: ='4.1 Comptes 2021 natures'!F62/'4.1 Comptes 2021 natures'!F2 -> 0 | G62: ='4.1 Comptes 2021 natures'!G62/'4.1 Comptes 2021 natures'!G2 -> 0 | H62: ='4.1 Comptes 2021 natures'!H62/'4.1 Comptes 2021 natures'!H2 -> 0 | I62: ='4.1 Comptes 2021 natures'!I62/'4.1 Comptes 2021 natures'!I2 -> 126.07296 | J62: ='4.1 Comptes 2021 natures'!J62/'4.1 Comptes 2021 natures'!J2 -> 0 | K62: ='4.1 Comptes 2021 natures'!K62/'4.1 Comptes 2021 natures'!K2 -> 37.707391 | L62: ='4.1 Comptes 2021 natures'!L62/'4.1 Comptes 2021 natures'!L2 -> 0 | ... BE62: ='4.1 Comptes 2021 natures'!BE62/'4.1 Comptes 2021 natures'!BE2 -> 107.33453 | BF62: =SUM(E62:BE62) -> 3789.4237 | BG62: =SUM(E62:W62) -> 475.90089 | BH62: =SUM(X62:AJ62) -> 641.34839 | BI62: =SUM(AK62:BE62) -> 2672.1744
B64: 39 | D64: Imputations internes | E64: =E65+E66+E67+E68+E69+E70+E71+E72 -> 0 | F64: =F65+F66+F67+F68+F69+F70+F71+F72 -> 89.689245 | G64: =G65+G66+G67+G68+G69+G70+G71+G72 -> 15.815991 | H64: =H65+H66+H67+H68+H69+H70+H71+H72 -> 87.053759 | I64: =I65+I66+I67+I68+I69+I70+I71+I72 -> 85.112661 | J64: =J65+J66+J67+J68+J69+J70+J71+J72 -> 21.457997 | K64: =K65+K66+K67+K68+K69+K70+K71+K72 -> 73.935388 | L64: =L65+L66+L67+L68+L69+L70+L71+L72 -> 413.74377 | ... BI64: =BI65+BI66+BI67+BI68+BI69+BI70+BI71+BI72 -> 766.93198
C65: 390 | D65: Approvisionnement en matériel et en marchandises | E65: ='4.1 Comptes 2021 natures'!E65/'4.1 Comptes 2021 natures'!E2 -> 0 | F65: ='4.1 Comptes 2021 natures'!F65/'4.1 Comptes 2021 natures'!F2 -> 0.75471698 | G65: ='4.1 Comptes 2021 natures'!G65/'4.1 Comptes 2021 natures'!G2 -> 0 | H65: ='4.1 Comptes 2021 natures'!H65/'4.1 Comptes 2021 natures'!H2 -> 0 | I65: ='4.1 Comptes 2021 natures'!I65/'4.1 Comptes 2021 natures'!I2 -> 0 | J65: ='4.1 Comptes 2021 natures'!J65/'4.1 Comptes 2021 natures'!J2 -> 0 | K65: ='4.1 Comptes 2021 natures'!K65/'4.1 Comptes 2021 natures'!K2 -> 0 | L65: ='4.1 Comptes 2021 natures'!L65/'4.1 Comptes 2021 natures'!L2 -> 3.205385 | ... BE65: ='4.1 Comptes 2021 natures'!BE65/'4.1 Comptes 2021 natures'!BE2 -> 0 | BF65: =SUM(E65:BE65) -> 29.496571 | BG65: =SUM(E65:W65) -> 23.102217 | BH65: =SUM(X65:AJ65) -> 4.0579049 | BI65: =SUM(AK65:BE65) -> 2.3364486
C66: 391 | D66: Prestations de services | E66: ='4.1 Comptes 2021 natures'!E66/'4.1 Comptes 2021 natures'!E2 -> 0 | F66: ='4.1 Comptes 2021 natures'!F66/'4.1 Comptes 2021 natures'!F2 -> 9.9818868 | G66: ='4.1 Comptes 2021 natures'!G66/'4.1 Comptes 2021 natures'!G2 -> 9.3816631 | H66: ='4.1 Comptes 2021 natures'!H66/'4.1 Comptes 2021 natures'!H2 -> 86.242825 | I66: ='4.1 Comptes 2021 natures'!I66/'4.1 Comptes 2021 natures'!I2 -> 2.2800429 | J66: ='4.1 Comptes 2021 natures'!J66/'4.1 Comptes 2021 natures'!J2 -> 21.457997 | K66: ='4.1 Comptes 2021 natures'!K66/'4.1 Comptes 2021 natures'!K2 -> 48.925339 | L66: ='4.1 Comptes 2021 natures'!L66/'4.1 Comptes 2021 natures'!L2 -> 79.700637 | ... BE66: ='4.1 Comptes 2021 natures'!BE66/'4.1 Comptes 2021 natures'!BE2 -> 27.728086 | BF66: =SUM(E66:BE66) -> 1650.237 | BG66: =SUM(E66:W66) -> 625.7709 | BH66: =SUM(X66:AJ66) -> 519.43099 | BI66: =SUM(AK66:BE66) -> 505.03512
C67: 392 | D67: Loyer, baux à ferme et frais d'utilisation | E67: ='4.1 Comptes 2021 natures'!E67/'4.1 Comptes 2021 natures'!E2 -> 0 | F67: ='4.1 Comptes 2021 natures'!F67/'4.1 Comptes 2021 natures'!F2 -> 0 | G67: ='4.1 Comptes 2021 natures'!G67/'4.1 Comptes 2021 natures'!G2 -> 0 | H67: ='4.1 Comptes 2021 natures'!H67/'4.1 Comptes 2021 natures'!H2 -> 0 | I67: ='4.1 Comptes 2021 natures'!I67/'4.1 Comptes 2021 natures'!I2 -> 0 | J67: ='4.1 Comptes 2021 natures'!J67/'4.1 Comptes 2021 natures'!J2 -> 0 | K67: ='4.1 Comptes 2021 natures'!K67/'4.1 Comptes 2021 natures'!K2 -> 0 | L67: ='4.1 Comptes 2021 natures'!L67/'4.1 Comptes 2021 natures'!L2 -> 8.8148089 | ... BE67: ='4.1 Comptes 2021 natures'!BE67/'4.1 Comptes 2021 natures'!BE2 -> 0 | BF67: =SUM(E67:BE67) -> 64.591701 | BG67: =SUM(E67:W67) -> 8.8148089 | BH67: =SUM(X67:AJ67) -> 55.776892 | BI67: =SUM(AK67:BE67) -> 0
C68: 393 | D68: Frais administratifs et d'exploitation | E68: ='4.1 Comptes 2021 natures'!E68/'4.1 Comptes 2021 natures'!E2 -> 0 | F68: ='4.1 Comptes 2021 natures'!F68/'4.1 Comptes 2021 natures'!F2 -> 0 | G68: ='4.1 Comptes 2021 natures'!G68/'4.1 Comptes 2021 natures'!G2 -> 0 | H68: ='4.1 Comptes 2021 natures'!H68/'4.1 Comptes 2021 natures'!H2 -> 0 | I68: ='4.1 Comptes 2021 natures'!I68/'4.1 Comptes 2021 natures'!I2 -> 0 | J68: ='4.1 Comptes 2021 natures'!J68/'4.1 Comptes 2021 natures'!J2 -> 0 | K68: ='4.1 Comptes 2021 natures'!K68/'4.1 Comptes 2021 natures'!K2 -> 3.6303922 | L68: ='4.1 Comptes 2021 natures'!L68/'4.1 Comptes 2021 natures'!L2 -> 0 | ... BE68: ='4.1 Comptes 2021 natures'!BE68/'4.1 Comptes 2021 natures'!BE2 -> 0 | BF68: =SUM(E68:BE68) -> 28.035598 | BG68: =SUM(E68:W68) -> 5.4885526 | BH68: =SUM(X68:AJ68) -> 0 | BI68: =SUM(AK68:BE68) -> 22.547045
C69: 394 | D69: Intérêts et charges financières théoriques | E69: ='4.1 Comptes 2021 natures'!E69/'4.1 Comptes 2021 natures'!E2 -> 0 | F69: ='4.1 Comptes 2021 natures'!F69/'4.1 Comptes 2021 natures'!F2 -> 78.952642 | G69: ='4.1 Comptes 2021 natures'!G69/'4.1 Comptes 2021 natures'!G2 -> 6.4343284 | H69: ='4.1 Comptes 2021 natures'!H69/'4.1 Comptes 2021 natures'!H2 -> 0 | I69: ='4.1 Comptes 2021 natures'!I69/'4.1 Comptes 2021 natures'!I2 -> 82.832618 | J69: ='4.1 Comptes 2021 natures'!J69/'4.1 Comptes 2021 natures'!J2 -> 0 | K69: ='4.1 Comptes 2021 natures'!K69/'4.1 Comptes 2021 natures'!K2 -> 21.379657 | L69: ='4.1 Comptes 2021 natures'!L69/'4.1 Comptes 2021 natures'!L2 -> 44.43465 | ... BE69: ='4.1 Comptes 2021 natures'!BE69/'4.1 Comptes 2021 natures'!BE2 -> 0 | BF69: =SUM(E69:BE69) -> 554.54329 | BG69: =SUM(E69:W69) -> 312.74827 | BH69: =SUM(X69:AJ69) -> 5.3709302 | BI69: =SUM(AK69:BE69) -> 236.42409
C70: 395 | D70: Amortissements planifiés et non planifiés du PA | E70: ='4.1 Comptes 2021 natures'!E70/'4.1 Comptes 2021 natures'!E2 -> 0 | F70: ='4.1 Comptes 2021 natures'!F70/'4.1 Comptes 2021 natures'!F2 -> 0 | G70: ='4.1 Comptes 2021 natures'!G70/'4.1 Comptes 2021 natures'!G2 -> 0 | H70: ='4.1 Comptes 2021 natures'!H70/'4.1 Comptes 2021 natures'!H2 -> 0.81093394 | I70: ='4.1 Comptes 2021 natures'!I70/'4.1 Comptes 2021 natures'!I2 -> 0 | J70: ='4.1 Comptes 2021 natures'!J70/'4.1 Comptes 2021 natures'!J2 -> 0 | K70: ='4.1 Comptes 2021 natures'!K70/'4.1 Comptes 2021 natures'!K2 -> 0 | L70: ='4.1 Comptes 2021 natures'!L70/'4.1 Comptes 2021 natures'!L2 -> 0 | ... BE70: ='4.1 Comptes 2021 natures'!BE70/'4.1 Comptes 2021 natures'!BE2 -> 0 | BF70: =SUM(E70:BE70) -> 0.81093394 | BG70: =SUM(E70:W70) -> 0.81093394 | BH70: =SUM(X70:AJ70) -> 0 | BI70: =SUM(AK70:BE70) -> 0
C71: 398 | D71: Virements comptabiles | E71: ='4.1 Comptes 2021 natures'!E71/'4.1 Comptes 2021 natures'!E2 -> 0 | F71: ='4.1 Comptes 2021 natures'!F71/'4.1 Comptes 2021 natures'!F2 -> 0 | G71: ='4.1 Comptes 2021 natures'!G71/'4.1 Comptes 2021 natures'!G2 -> 0 | H71: ='4.1 Comptes 2021 natures'!H71/'4.1 Comptes 2021 natures'!H2 -> 0 | I71: ='4.1 Comptes 2021 natures'!I71/'4.1 Comptes 2021 natures'!I2 -> 0 | J71: ='4.1 Comptes 2021 natures'!J71/'4.1 Comptes 2021 natures'!J2 -> 0 | K71: ='4.1 Comptes 2021 natures'!K71/'4.1 Comptes 2021 natures'!K2 -> 0 | L71: ='4.1 Comptes 2021 natures'!L71/'4.1 Comptes 2021 natures'!L2 -> 189.68935 | ... BE71: ='4.1 Comptes 2021 natures'!BE71/'4.1 Comptes 2021 natures'!BE2 -> 0 | BF71: =SUM(E71:BE71) -> 387.96277 | BG71: =SUM(E71:W71) -> 189.68935 | BH71: =SUM(X71:AJ71) -> 198.27343 | BI71: =SUM(AK71:BE71) -> 0
C72: 399 | D72: Autres imputations internes | E72: ='4.1 Comptes 2021 natures'!E72/'4.1 Comptes 2021 natures'!E2 -> 0 | F72: ='4.1 Comptes 2021 natures'!F72/'4.1 Comptes 2021 natures'!F2 -> 0 | G72: ='4.1 Comptes 2021 natures'!G72/'4.1 Comptes 2021 natures'!G2 -> 0 | H72: ='4.1 Comptes 2021 natures'!H72/'4.1 Comptes 2021 natures'!H2 -> 0 | I72: ='4.1 Comptes 2021 natures'!I72/'4.1 Comptes 2021 natures'!I2 -> 0 | J72: ='4.1 Comptes 2021 natures'!J72/'4.1 Comptes 2021 natures'!J2 -> 0 | K72: ='4.1 Comptes 2021 natures'!K72/'4.1 Comptes 2021 natures'!K2 -> 0 | L72: ='4.1 Comptes 2021 natures'!L72/'4.1 Comptes 2021 natures'!L2 -> 87.898939 | ... BE72: ='4.1 Comptes 2021 natures'!BE72/'4.1 Comptes 2021 natures'!BE2 -> 0 | BF72: =SUM(E72:BE72) -> 90.160559 | BG72: =SUM(E72:W72) -> 89.571283 | BH72: =SUM(X72:AJ72) -> 0 | BI72: =SUM(AK72:BE72) -> 0.58927519
BF73: =SUM(E73:BE73) -> 0 | BG73: =SUM(E73:W73) -> 0 | BH73: =SUM(X73:AJ73) -> 0 | BI73: =SUM(AK73:BE73) -> 0
A75: 4 | D75: Revenus | E75: =E76+E82+E88+E99+E105+E117+E121+E128+E131+E140 -> 3793.9347 | F75: =F76+F82+F88+F99+F105+F117+F121+F128+F131+F140 -> 3983.6425 | G75: =G76+G82+G88+G99+G105+G117+G121+G128+G131+G140 -> 3288.2091 | H75: =H76+H82+H88+H99+H105+H117+H121+H128+H131+H140 -> 4504.7744 | I75: =I76+I82+I88+I99+I105+I117+I121+I128+I131+I140 -> 4258.0882 | J75: =J76+J82+J88+J99+J105+J117+J121+J128+J131+J140 -> 4044.3208 | K75: =K76+K82+K88+K99+K105+K117+K121+K128+K131+K140 -> 3973.7847 | L75: =L76+L82+L88+L99+L105+L117+L121+L128+L131+L140 -> 8362.215 | ... BI75: =BI76+BI82+BI88+BI99+BI105+BI117+BI121+BI128+BI131+BI140 -> 101418.71
B76: 40 | D76: Revenus fiscaux | E76: =E77+E78+E79+E80 -> 2623.7048 | F76: =F77+F78+F79+F80 -> 2413.3498 | G76: =G77+G78+G79+G80 -> 2340.4308 | H76: =H77+H78+H79+H80 -> 2403.5872 | I76: =I77+I78+I79+I80 -> 2515.8797 | J76: =J77+J78+J79+J80 -> 2741.7308 | K76: =K77+K78+K79+K80 -> 2724.2144 | L76: =L77+L78+L79+L80 -> 3289.0488 | ... BI76: =BI77+BI78+BI79+BI80 -> 59266.673
C77: 400 | D77: Impôts directs des personnes physiques | E77: ='4.1 Comptes 2021 natures'!E77/'4.1 Comptes 2021 natures'!E2 -> 2206.3867 | F77: ='4.1 Comptes 2021 natures'!F77/'4.1 Comptes 2021 natures'!F2 -> 1857.6709 | G77: ='4.1 Comptes 2021 natures'!G77/'4.1 Comptes 2021 natures'!G2 -> 2025.4097 | H77: ='4.1 Comptes 2021 natures'!H77/'4.1 Comptes 2021 natures'!H2 -> 1916.2214 | I77: ='4.1 Comptes 2021 natures'!I77/'4.1 Comptes 2021 natures'!I2 -> 2058.9448 | J77: ='4.1 Comptes 2021 natures'!J77/'4.1 Comptes 2021 natures'!J2 -> 2262.3655 | K77: ='4.1 Comptes 2021 natures'!K77/'4.1 Comptes 2021 natures'!K2 -> 2230.0993 | L77: ='4.1 Comptes 2021 natures'!L77/'4.1 Comptes 2021 natures'!L2 -> 2267.1325 | ... BE77: ='4.1 Comptes 2021 natures'!BE77/'4.1 Comptes 2021 natures'!BE2 -> 2199.4902 | BF77: =SUM(E77:BE77) -> 113092.58 | BG77: =SUM(E77:W77) -> 39175.015 | BH77: =SUM(X77:AJ77) -> 29251.112 | BI77: =SUM(AK77:BE77) -> 44666.455
C78: 401 | D78: Impôts directs des personnes morales | E78: ='4.1 Comptes 2021 natures'!E78/'4.1 Comptes 2021 natures'!E2 -> 105.44335 | F78: ='4.1 Comptes 2021 natures'!F78/'4.1 Comptes 2021 natures'!F2 -> 14.021019 | G78: ='4.1 Comptes 2021 natures'!G78/'4.1 Comptes 2021 natures'!G2 -> 67.093987 | H78: ='4.1 Comptes 2021 natures'!H78/'4.1 Comptes 2021 natures'!H2 -> 93.038269 | I78: ='4.1 Comptes 2021 natures'!I78/'4.1 Comptes 2021 natures'!I2 -> 82.530158 | J78: ='4.1 Comptes 2021 natures'!J78/'4.1 Comptes 2021 natures'!J2 -> 132.5787 | K78: ='4.1 Comptes 2021 natures'!K78/'4.1 Comptes 2021 natures'!K2 -> 229.70086 | L78: ='4.1 Comptes 2021 natures'!L78/'4.1 Comptes 2021 natures'!L2 -> 621.6104 | ... BE78: ='4.1 Comptes 2021 natures'!BE78/'4.1 Comptes 2021 natures'!BE2 -> 59.912504 | BF78: =SUM(E78:BE78) -> 12543.16 | BG78: =SUM(E78:W78) -> 2397.2342 | BH78: =SUM(X78:AJ78) -> 3668.6325 | BI78: =SUM(AK78:BE78) -> 6477.2932
C79: 402 | D79: Autres impôts directs | E79: ='4.1 Comptes 2021 natures'!E79/'4.1 Comptes 2021 natures'!E2 -> 296.85681 | F79: ='4.1 Comptes 2021 natures'!F79/'4.1 Comptes 2021 natures'!F2 -> 521.74472 | G79: ='4.1 Comptes 2021 natures'!G79/'4.1 Comptes 2021 natures'!G2 -> 235.771 | H79: ='4.1 Comptes 2021 natures'!H79/'4.1 Comptes 2021 natures'!H2 -> 388.26838 | I79: ='4.1 Comptes 2021 natures'!I79/'4.1 Comptes 2021 natures'!I2 -> 358.28454 | J79: ='4.1 Comptes 2021 natures'!J79/'4.1 Comptes 2021 natures'!J2 -> 340.62614 | K79: ='4.1 Comptes 2021 natures'!K79/'4.1 Comptes 2021 natures'!K2 -> 257.62519 | L79: ='4.1 Comptes 2021 natures'!L79/'4.1 Comptes 2021 natures'!L2 -> 393.63141 | ... BE79: ='4.1 Comptes 2021 natures'!BE79/'4.1 Comptes 2021 natures'!BE2 -> 367.90764 | BF79: =SUM(E79:BE79) -> 19298.784 | BG79: =SUM(E79:W79) -> 6075.6668 | BH79: =SUM(X79:AJ79) -> 5537.5253 | BI79: =SUM(AK79:BE79) -> 7685.5915
C80: 403 | D80: Impôts sur la possession et les dépenses | E80: ='4.1 Comptes 2021 natures'!E80/'4.1 Comptes 2021 natures'!E2 -> 15.017951 | F80: ='4.1 Comptes 2021 natures'!F80/'4.1 Comptes 2021 natures'!F2 -> 19.913208 | G80: ='4.1 Comptes 2021 natures'!G80/'4.1 Comptes 2021 natures'!G2 -> 12.156077 | H80: ='4.1 Comptes 2021 natures'!H80/'4.1 Comptes 2021 natures'!H2 -> 6.0592255 | I80: ='4.1 Comptes 2021 natures'!I80/'4.1 Comptes 2021 natures'!I2 -> 16.120172 | J80: ='4.1 Comptes 2021 natures'!J80/'4.1 Comptes 2021 natures'!J2 -> 6.1604783 | K80: ='4.1 Comptes 2021 natures'!K80/'4.1 Comptes 2021 natures'!K2 -> 6.7890083 | L80: ='4.1 Comptes 2021 natures'!L80/'4.1 Comptes 2021 natures'!L2 -> 6.6744611 | ... BE80: ='4.1 Comptes 2021 natures'!BE80/'4.1 Comptes 2021 natures'!BE2 -> 11.406082 | BF80: =SUM(E80:BE80) -> 1481.0737 | BG80: =SUM(E80:W80) -> 316.69045 | BH80: =SUM(X80:AJ80) -> 727.05005 | BI80: =SUM(AK80:BE80) -> 437.33319
B82: 41 | D82: Revenus de patentes et de concessions | E82: =E83+E84+E85+E86 -> 0 | F82: =F83+F84+F85+F86 -> 42.115094 | G82: =G83+G84+G85+G86 -> 0 | H82: =H83+H84+H85+H86 -> 0 | I82: =I83+I84+I85+I86 -> 0.12795064 | J82: =J83+J84+J85+J86 -> 0 | K82: =K83+K84+K85+K86 -> 0 | L82: =L83+L84+L85+L86 -> 0 | ... BI82: =BI83+BI84+BI85+BI86 -> 207.24657
C83: 410 | D83: Revenus de patentes | E83: ='4.1 Comptes 2021 natures'!E83/'4.1 Comptes 2021 natures'!E2 -> 0 | F83: ='4.1 Comptes 2021 natures'!F83/'4.1 Comptes 2021 natures'!F2 -> 0 | G83: ='4.1 Comptes 2021 natures'!G83/'4.1 Comptes 2021 natures'!G2 -> 0 | H83: ='4.1 Comptes 2021 natures'!H83/'4.1 Comptes 2021 natures'!H2 -> 0 | I83: ='4.1 Comptes 2021 natures'!I83/'4.1 Comptes 2021 natures'!I2 -> 0 | J83: ='4.1 Comptes 2021 natures'!J83/'4.1 Comptes 2021 natures'!J2 -> 0 | K83: ='4.1 Comptes 2021 natures'!K83/'4.1 Comptes 2021 natures'!K2 -> 0 | L83: ='4.1 Comptes 2021 natures'!L83/'4.1 Comptes 2021 natures'!L2 -> 0 | ... BE83: ='4.1 Comptes 2021 natures'!BE83/'4.1 Comptes 2021 natures'!BE2 -> 0 | BF83: =SUM(E83:BE83) -> 0 | BG83: =SUM(E83:W83) -> 0 | BH83: =SUM(X83:AJ83) -> 0 | BI83: =SUM(AK83:BE83) -> 0
C84: 411 | D84: Revenus de la Banque Nationale | E84: ='4.1 Comptes 2021 natures'!E84/'4.1 Comptes 2021 natures'!E2 -> 0 | F84: ='4.1 Comptes 2021 natures'!F84/'4.1 Comptes 2021 natures'!F2 -> 0 | G84: ='4.1 Comptes 2021 natures'!G84/'4.1 Comptes 2021 natures'!G2 -> 0 | H84: ='4.1 Comptes 2021 natures'!H84/'4.1 Comptes 2021 natures'!H2 -> 0 | I84: ='4.1 Comptes 2021 natures'!I84/'4.1 Comptes 2021 natures'!I2 -> 0 | J84: ='4.1 Comptes 2021 natures'!J84/'4.1 Comptes 2021 natures'!J2 -> 0 | K84: ='4.1 Comptes 2021 natures'!K84/'4.1 Comptes 2021 natures'!K2 -> 0 | L84: ='4.1 Comptes 2021 natures'!L84/'4.1 Comptes 2021 natures'!L2 -> 0 | ... BE84: ='4.1 Comptes 2021 natures'!BE84/'4.1 Comptes 2021 natures'!BE2 -> 0 | BF84: =SUM(E84:BE84) -> 0 | BG84: =SUM(E84:W84) -> 0 | BH84: =SUM(X84:AJ84) -> 0 | BI84: =SUM(AK84:BE84) -> 0
C85: 412 | D85: Revenus des concessions | E85: ='4.1 Comptes 2021 natures'!E85/'4.1 Comptes 2021 natures'!E2 -> 0 | F85: ='4.1 Comptes 2021 natures'!F85/'4.1 Comptes 2021 natures'!F2 -> 42.115094 | G85: ='4.1 Comptes 2021 natures'!G85/'4.1 Comptes 2021 natures'!G2 -> 0 | H85: ='4.1 Comptes 2021 natures'!H85/'4.1 Comptes 2021 natures'!H2 -> 0 | I85: ='4.1 Comptes 2021 natures'!I85/'4.1 Comptes 2021 natures'!I2 -> 0.12795064 | J85: ='4.1 Comptes 2021 natures'!J85/'4.1 Comptes 2021 natures'!J2 -> 0 | K85: ='4.1 Comptes 2021 natures'!K85/'4.1 Comptes 2021 natures'!K2 -> 0 | L85: ='4.1 Comptes 2021 natures'!L85/'4.1 Comptes 2021 natures'!L2 -> 0 | ... BE85: ='4.1 Comptes 2021 natures'!BE85/'4.1 Comptes 2021 natures'!BE2 -> 0 | BF85: =SUM(E85:BE85) -> 831.91305 | BG85: =SUM(E85:W85) -> 178.2671 | BH85: =SUM(X85:AJ85) -> 446.39938 | BI85: =SUM(AK85:BE85) -> 207.24657
C86: 413 | D86: Parts des revenus de loterie et paris | E86: ='4.1 Comptes 2021 natures'!E86/'4.1 Comptes 2021 natures'!E2 -> 0 | F86: ='4.1 Comptes 2021 natures'!F86/'4.1 Comptes 2021 natures'!F2 -> 0 | G86: ='4.1 Comptes 2021 natures'!G86/'4.1 Comptes 2021 natures'!G2 -> 0 | H86: ='4.1 Comptes 2021 natures'!H86/'4.1 Comptes 2021 natures'!H2 -> 0 | I86: ='4.1 Comptes 2021 natures'!I86/'4.1 Comptes 2021 natures'!I2 -> 0 | J86: ='4.1 Comptes 2021 natures'!J86/'4.1 Comptes 2021 natures'!J2 -> 0 | K86: ='4.1 Comptes 2021 natures'!K86/'4.1 Comptes 2021 natures'!K2 -> 0 | L86: ='4.1 Comptes 2021 natures'!L86/'4.1 Comptes 2021 natures'!L2 -> 0 | ... BE86: ='4.1 Comptes 2021 natures'!BE86/'4.1 Comptes 2021 natures'!BE2 -> 0 | BF86: =SUM(E86:BE86) -> 0 | BG86: =SUM(E86:W86) -> 0 | BH86: =SUM(X86:AJ86) -> 0 | BI86: =SUM(AK86:BE86) -> 0
B88: 42 | D88: Taxes | E88: =E89+E90+E91+E92+E93+E94+E95+E96+E97 -> 654.45692 | F88: =F89+F90+F91+F92+F93+F94+F95+F96+F97 -> 718.28226 | G88: =G89+G90+G91+G92+G93+G94+G95+G96+G97 -> 390.24392 | H88: =H89+H90+H91+H92+H93+H94+H95+H96+H97 -> 1273.3946 | I88: =I89+I90+I91+I92+I93+I94+I95+I96+I97 -> 902.71765 | J88: =J89+J90+J91+J92+J93+J94+J95+J96+J97 -> 780.40246 | K88: =K89+K90+K91+K92+K93+K94+K95+K96+K97 -> 678.12604 | L88: =L89+L90+L91+L92+L93+L94+L95+L96+L97 -> 2378.1511 | ... BI88: =BI89+BI90+BI91+BI92+BI93+BI94+BI95+BI96+BI97 -> 16991.834
C89: 420 | D89: Taxes d'exemption et de compensation | E89: ='4.1 Comptes 2021 natures'!E89/'4.1 Comptes 2021 natures'!E2 -> 40.84113 | F89: ='4.1 Comptes 2021 natures'!F89/'4.1 Comptes 2021 natures'!F2 -> 30.090566 | G89: ='4.1 Comptes 2021 natures'!G89/'4.1 Comptes 2021 natures'!G2 -> 45.653838 | H89: ='4.1 Comptes 2021 natures'!H89/'4.1 Comptes 2021 natures'!H2 -> 36.233941 | I89: ='4.1 Comptes 2021 natures'!I89/'4.1 Comptes 2021 natures'!I2 -> 45.070708 | J89: ='4.1 Comptes 2021 natures'!J89/'4.1 Comptes 2021 natures'!J2 -> 45.852033 | K89: ='4.1 Comptes 2021 natures'!K89/'4.1 Comptes 2021 natures'!K2 -> 50.749585 | L89: ='4.1 Comptes 2021 natures'!L89/'4.1 Comptes 2021 natures'!L2 -> 41.563603 | ... BE89: ='4.1 Comptes 2021 natures'!BE89/'4.1 Comptes 2021 natures'!BE2 -> 22.765206 | BF89: =SUM(E89:BE89) -> 1767.5364 | BG89: =SUM(E89:W89) -> 725.79865 | BH89: =SUM(X89:AJ89) -> 469.28123 | BI89: =SUM(AK89:BE89) -> 572.45654
C90: 421 | D90: Emoluments administratif | E90: ='4.1 Comptes 2021 natures'!E90/'4.1 Comptes 2021 natures'!E2 -> 19.779039 | F90: ='4.1 Comptes 2021 natures'!F90/'4.1 Comptes 2021 natures'!F2 -> 12.286792 | G90: ='4.1 Comptes 2021 natures'!G90/'4.1 Comptes 2021 natures'!G2 -> 6.0015991 | H90: ='4.1 Comptes 2021 natures'!H90/'4.1 Comptes 2021 natures'!H2 -> 32.78533 | I90: ='4.1 Comptes 2021 natures'!I90/'4.1 Comptes 2021 natures'!I2 -> 25.888063 | J90: ='4.1 Comptes 2021 natures'!J90/'4.1 Comptes 2021 natures'!J2 -> 13.515148 | K90: ='4.1 Comptes 2021 natures'!K90/'4.1 Comptes 2021 natures'!K2 -> 12.04523 | L90: ='4.1 Comptes 2021 natures'!L90/'4.1 Comptes 2021 natures'!L2 -> 76.737758 | ... BE90: ='4.1 Comptes 2021 natures'!BE90/'4.1 Comptes 2021 natures'!BE2 -> 15.382379 | BF90: =SUM(E90:BE90) -> 1063.6586 | BG90: =SUM(E90:W90) -> 502.81675 | BH90: =SUM(X90:AJ90) -> 188.65927 | BI90: =SUM(AK90:BE90) -> 372.18253
C91: 422 | D91: Taxes et émoluments hospitaliers et médico-sociaux et foyers | E91: ='4.1 Comptes 2021 natures'!E91/'4.1 Comptes 2021 natures'!E2 -> 0 | F91: ='4.1 Comptes 2021 natures'!F91/'4.1 Comptes 2021 natures'!F2 -> 0 | G91: ='4.1 Comptes 2021 natures'!G91/'4.1 Comptes 2021 natures'!G2 -> 0 | H91: ='4.1 Comptes 2021 natures'!H91/'4.1 Comptes 2021 natures'!H2 -> 0 | I91: ='4.1 Comptes 2021 natures'!I91/'4.1 Comptes 2021 natures'!I2 -> 0 | J91: ='4.1 Comptes 2021 natures'!J91/'4.1 Comptes 2021 natures'!J2 -> 0 | K91: ='4.1 Comptes 2021 natures'!K91/'4.1 Comptes 2021 natures'!K2 -> 0 | L91: ='4.1 Comptes 2021 natures'!L91/'4.1 Comptes 2021 natures'!L2 -> 0 | ... BE91: ='4.1 Comptes 2021 natures'!BE91/'4.1 Comptes 2021 natures'!BE2 -> 0 | BF91: =SUM(E91:BE91) -> 0 | BG91: =SUM(E91:W91) -> 0 | BH91: =SUM(X91:AJ91) -> 0 | BI91: =SUM(AK91:BE91) -> 0
C92: 423 | D92: Frais d'écolage | E92: ='4.1 Comptes 2021 natures'!E92/'4.1 Comptes 2021 natures'!E2 -> 2.8722281 | F92: ='4.1 Comptes 2021 natures'!F92/'4.1 Comptes 2021 natures'!F2 -> 0 | G92: ='4.1 Comptes 2021 natures'!G92/'4.1 Comptes 2021 natures'!G2 -> 0 | H92: ='4.1 Comptes 2021 natures'!H92/'4.1 Comptes 2021 natures'!H2 -> 0 | I92: ='4.1 Comptes 2021 natures'!I92/'4.1 Comptes 2021 natures'!I2 -> 1.5853004 | J92: ='4.1 Comptes 2021 natures'!J92/'4.1 Comptes 2021 natures'!J2 -> 0 | K92: ='4.1 Comptes 2021 natures'!K92/'4.1 Comptes 2021 natures'!K2 -> 0 | L92: ='4.1 Comptes 2021 natures'!L92/'4.1 Comptes 2021 natures'!L2 -> 3.268451 | ... BE92: ='4.1 Comptes 2021 natures'!BE92/'4.1 Comptes 2021 natures'!BE2 -> 0 | BF92: =SUM(E92:BE92) -> 469.99989 | BG92: =SUM(E92:W92) -> 41.388519 | BH92: =SUM(X92:AJ92) -> 327.71627 | BI92: =SUM(AK92:BE92) -> 100.8951
C93: 424 | D93: Taxes d'utilisation et de prestation de services | E93: ='4.1 Comptes 2021 natures'!E93/'4.1 Comptes 2021 natures'!E2 -> 546.61019 | F93: ='4.1 Comptes 2021 natures'!F93/'4.1 Comptes 2021 natures'!F2 -> 660.27453 | G93: ='4.1 Comptes 2021 natures'!G93/'4.1 Comptes 2021 natures'!G2 -> 309.31333 | H93: ='4.1 Comptes 2021 natures'!H93/'4.1 Comptes 2021 natures'!H2 -> 1086.5107 | I93: ='4.1 Comptes 2021 natures'!I93/'4.1 Comptes 2021 natures'!I2 -> 798.94583 | J93: ='4.1 Comptes 2021 natures'!J93/'4.1 Comptes 2021 natures'!J2 -> 702.70121 | K93: ='4.1 Comptes 2021 natures'!K93/'4.1 Comptes 2021 natures'!K2 -> 514.76738 | L93: ='4.1 Comptes 2021 natures'!L93/'4.1 Comptes 2021 natures'!L2 -> 2183.0649 | ... BE93: ='4.1 Comptes 2021 natures'!BE93/'4.1 Comptes 2021 natures'!BE2 -> 452.21789 | BF93: =SUM(E93:BE93) -> 35503.084 | BG93: =SUM(E93:W93) -> 13245.499 | BH93: =SUM(X93:AJ93) -> 9829.1444 | BI93: =SUM(AK93:BE93) -> 12428.441
C94: 425 | D94: Revenus des ventes | E94: ='4.1 Comptes 2021 natures'!E94/'4.1 Comptes 2021 natures'!E2 -> 11.121595 | F94: ='4.1 Comptes 2021 natures'!F94/'4.1 Comptes 2021 natures'!F2 -> 10.748491 | G94: ='4.1 Comptes 2021 natures'!G94/'4.1 Comptes 2021 natures'!G2 -> 0.21748401 | H94: ='4.1 Comptes 2021 natures'!H94/'4.1 Comptes 2021 natures'!H2 -> 2.0501139 | I94: ='4.1 Comptes 2021 natures'!I94/'4.1 Comptes 2021 natures'!I2 -> 10.868187 | J94: ='4.1 Comptes 2021 natures'!J94/'4.1 Comptes 2021 natures'!J2 -> 9.2567653 | K94: ='4.1 Comptes 2021 natures'!K94/'4.1 Comptes 2021 natures'!K2 -> 6.7564103 | L94: ='4.1 Comptes 2021 natures'!L94/'4.1 Comptes 2021 natures'!L2 -> 20.306703 | ... BE94: ='4.1 Comptes 2021 natures'!BE94/'4.1 Comptes 2021 natures'!BE2 -> 188.60556 | BF94: =SUM(E94:BE94) -> 5210.9215 | BG94: =SUM(E94:W94) -> 216.80646 | BH94: =SUM(X94:AJ94) -> 2164.1854 | BI94: =SUM(AK94:BE94) -> 2829.9296
C95: 426 | D95: remboursements | E95: ='4.1 Comptes 2021 natures'!E95/'4.1 Comptes 2021 natures'!E2 -> 33.021542 | F95: ='4.1 Comptes 2021 natures'!F95/'4.1 Comptes 2021 natures'!F2 -> 4.8818868 | G95: ='4.1 Comptes 2021 natures'!G95/'4.1 Comptes 2021 natures'!G2 -> 28.844456 | H95: ='4.1 Comptes 2021 natures'!H95/'4.1 Comptes 2021 natures'!H2 -> 115.81446 | I95: ='4.1 Comptes 2021 natures'!I95/'4.1 Comptes 2021 natures'!I2 -> 20.209348 | J95: ='4.1 Comptes 2021 natures'!J95/'4.1 Comptes 2021 natures'!J2 -> 9.0773094 | K95: ='4.1 Comptes 2021 natures'!K95/'4.1 Comptes 2021 natures'!K2 -> 93.188281 | L95: ='4.1 Comptes 2021 natures'!L95/'4.1 Comptes 2021 natures'!L2 -> 41.018086 | ... BE95: ='4.1 Comptes 2021 natures'!BE95/'4.1 Comptes 2021 natures'!BE2 -> 33.171377 | BF95: =SUM(E95:BE95) -> 2922.6112 | BG95: =SUM(E95:W95) -> 1262.6155 | BH95: =SUM(X95:AJ95) -> 1001.5262 | BI95: =SUM(AK95:BE95) -> 658.46958
C96: 427 | D96: Amendes | E96: ='4.1 Comptes 2021 natures'!E96/'4.1 Comptes 2021 natures'!E2 -> 0.21119324 | F96: ='4.1 Comptes 2021 natures'!F96/'4.1 Comptes 2021 natures'!F2 -> 0 | G96: ='4.1 Comptes 2021 natures'!G96/'4.1 Comptes 2021 natures'!G2 -> 0.21321962 | H96: ='4.1 Comptes 2021 natures'!H96/'4.1 Comptes 2021 natures'!H2 -> 0 | I96: ='4.1 Comptes 2021 natures'!I96/'4.1 Comptes 2021 natures'!I2 -> 0.15021459 | J96: ='4.1 Comptes 2021 natures'!J96/'4.1 Comptes 2021 natures'!J2 -> 0 | K96: ='4.1 Comptes 2021 natures'!K96/'4.1 Comptes 2021 natures'!K2 -> 0.61915535 | L96: ='4.1 Comptes 2021 natures'!L96/'4.1 Comptes 2021 natures'!L2 -> 12.19163 | ... BE96: ='4.1 Comptes 2021 natures'!BE96/'4.1 Comptes 2021 natures'!BE2 -> 1.1753131 | BF96: =SUM(E96:BE96) -> 43.955626 | BG96: =SUM(E96:W96) -> 16.482365 | BH96: =SUM(X96:AJ96) -> 4.4449232 | BI96: =SUM(AK96:BE96) -> 23.028338
C97: 429 | D97: Autres taxes et compensations | E97: ='4.1 Comptes 2021 natures'!E97/'4.1 Comptes 2021 natures'!E2 -> 0 | F97: ='4.1 Comptes 2021 natures'!F97/'4.1 Comptes 2021 natures'!F2 -> 0 | G97: ='4.1 Comptes 2021 natures'!G97/'4.1 Comptes 2021 natures'!G2 -> 0 | H97: ='4.1 Comptes 2021 natures'!H97/'4.1 Comptes 2021 natures'!H2 -> 0 | I97: ='4.1 Comptes 2021 natures'!I97/'4.1 Comptes 2021 natures'!I2 -> 0 | J97: ='4.1 Comptes 2021 natures'!J97/'4.1 Comptes 2021 natures'!J2 -> 0 | K97: ='4.1 Comptes 2021 natures'!K97/'4.1 Comptes 2021 natures'!K2 -> 0 | L97: ='4.1 Comptes 2021 natures'!L97/'4.1 Comptes 2021 natures'!L2 -> 0 | ... BE97: ='4.1 Comptes 2021 natures'!BE97/'4.1 Comptes 2021 natures'!BE2 -> 0 | BF97: =SUM(E97:BE97) -> 185.33231 | BG97: =SUM(E97:W97) -> 2.2777358 | BH97: =SUM(X97:AJ97) -> 176.62376 | BI97: =SUM(AK97:BE97) -> 6.4308113
B99: 43 | D99: Revenus divers | E99: =E100+E101+E102+E103 -> 0 | F99: =F100+F101+F102+F103 -> 8.9716981 | G99: =G100+G101+G102+G103 -> 0.53518124 | H99: =H100+H101+H102+H103 -> 0 | I99: =I100+I101+I102+I103 -> 0 | J99: =J100+J101+J102+J103 -> 0 | K99: =K100+K101+K102+K103 -> 0 | L99: =L100+L101+L102+L103 -> 165.80254 | ... BI99: =BI100+BI101+BI102+BI103 -> 32.23049
C100: 430 | D100: Revenus divers d'exploitation | E100: ='4.1 Comptes 2021 natures'!E100/'4.1 Comptes 2021 natures'!E2 -> 0 | F100: ='4.1 Comptes 2021 natures'!F100/'4.1 Comptes 2021 natures'!F2 -> 8.9716981 | G100: ='4.1 Comptes 2021 natures'!G100/'4.1 Comptes 2021 natures'!G2 -> 0 | H100: ='4.1 Comptes 2021 natures'!H100/'4.1 Comptes 2021 natures'!H2 -> 0 | I100: ='4.1 Comptes 2021 natures'!I100/'4.1 Comptes 2021 natures'!I2 -> 0 | J100: ='4.1 Comptes 2021 natures'!J100/'4.1 Comptes 2021 natures'!J2 -> 0 | K100: ='4.1 Comptes 2021 natures'!K100/'4.1 Comptes 2021 natures'!K2 -> 0 | L100: ='4.1 Comptes 2021 natures'!L100/'4.1 Comptes 2021 natures'!L2 -> 165.80254 | ... BE100: ='4.1 Comptes 2021 natures'!BE100/'4.1 Comptes 2021 natures'!BE2 -> 0 | BF100: =SUM(E100:BE100) -> 232.98479 | BG100: =SUM(E100:W100) -> 180.93364 | BH100: =SUM(X100:AJ100) -> 22.155906 | BI100: =SUM(AK100:BE100) -> 29.895242
C101: 431 | D101: Inscriptions de prestations propres portées à l'actif | E101: ='4.1 Comptes 2021 natures'!E101/'4.1 Comptes 2021 natures'!E2 -> 0 | F101: ='4.1 Comptes 2021 natures'!F101/'4.1 Comptes 2021 natures'!F2 -> 0 | G101: ='4.1 Comptes 2021 natures'!G101/'4.1 Comptes 2021 natures'!G2 -> 0 | H101: ='4.1 Comptes 2021 natures'!H101/'4.1 Comptes 2021 natures'!H2 -> 0 | I101: ='4.1 Comptes 2021 natures'!I101/'4.1 Comptes 2021 natures'!I2 -> 0 | J101: ='4.1 Comptes 2021 natures'!J101/'4.1 Comptes 2021 natures'!J2 -> 0 | K101: ='4.1 Comptes 2021 natures'!K101/'4.1 Comptes 2021 natures'!K2 -> 0 | L101: ='4.1 Comptes 2021 natures'!L101/'4.1 Comptes 2021 natures'!L2 -> 0 | ... BE101: ='4.1 Comptes 2021 natures'!BE101/'4.1 Comptes 2021 natures'!BE2 -> 0 | BF101: =SUM(E101:BE101) -> 86.876104 | BG101: =SUM(E101:W101) -> 12.867296 | BH101: =SUM(X101:AJ101) -> 74.008807 | BI101: =SUM(AK101:BE101) -> 0
C102: 432 | D102: Variation de stock | E102: ='4.1 Comptes 2021 natures'!E102/'4.1 Comptes 2021 natures'!E2 -> 0 | F102: ='4.1 Comptes 2021 natures'!F102/'4.1 Comptes 2021 natures'!F2 -> 0 | G102: ='4.1 Comptes 2021 natures'!G102/'4.1 Comptes 2021 natures'!G2 -> 0.023454158 | H102: ='4.1 Comptes 2021 natures'!H102/'4.1 Comptes 2021 natures'!H2 -> 0 | I102: ='4.1 Comptes 2021 natures'!I102/'4.1 Comptes 2021 natures'!I2 -> 0 | J102: ='4.1 Comptes 2021 natures'!J102/'4.1 Comptes 2021 natures'!J2 -> 0 | K102: ='4.1 Comptes 2021 natures'!K102/'4.1 Comptes 2021 natures'!K2 -> 0 | L102: ='4.1 Comptes 2021 natures'!L102/'4.1 Comptes 2021 natures'!L2 -> 0 | ... BE102: ='4.1 Comptes 2021 natures'!BE102/'4.1 Comptes 2021 natures'!BE2 -> 0 | BF102: =SUM(E102:BE102) -> 28.420546 | BG102: =SUM(E102:W102) -> -0.068591297 | BH102: =SUM(X102:AJ102) -> 28.489137 | BI102: =SUM(AK102:BE102) -> 0
C103: 439 | D103: Autres revenus divers | E103: ='4.1 Comptes 2021 natures'!E103/'4.1 Comptes 2021 natures'!E2 -> 0 | F103: ='4.1 Comptes 2021 natures'!F103/'4.1 Comptes 2021 natures'!F2 -> 0 | G103: ='4.1 Comptes 2021 natures'!G103/'4.1 Comptes 2021 natures'!G2 -> 0.51172708 | H103: ='4.1 Comptes 2021 natures'!H103/'4.1 Comptes 2021 natures'!H2 -> 0 | I103: ='4.1 Comptes 2021 natures'!I103/'4.1 Comptes 2021 natures'!I2 -> 0 | J103: ='4.1 Comptes 2021 natures'!J103/'4.1 Comptes 2021 natures'!J2 -> 0 | K103: ='4.1 Comptes 2021 natures'!K103/'4.1 Comptes 2021 natures'!K2 -> 0 | L103: ='4.1 Comptes 2021 natures'!L103/'4.1 Comptes 2021 natures'!L2 -> 0 | ... BE103: ='4.1 Comptes 2021 natures'!BE103/'4.1 Comptes 2021 natures'!BE2 -> 0 | BF103: =SUM(E103:BE103) -> 147.14351 | BG103: =SUM(E103:W103) -> 141.00539 | BH103: =SUM(X103:AJ103) -> 3.8028723 | BI103: =SUM(AK103:BE103) -> 2.3352483
B105: 44 | D105: Revenus financiers | E105: =E106+E107+E108+E109+E110+E111+E112+E113+E114+E115 -> 107.80724 | F105: =F106+F107+F108+F109+F110+F111+F112+F113+F114+F115 -> 160.19985 | G105: =G106+G107+G108+G109+G110+G111+G112+G113+G114+G115 -> 251.5803 | H105: =H106+H107+H108+H109+H110+H111+H112+H113+H114+H115 -> 303.94424 | I105: =I106+I107+I108+I109+I110+I111+I112+I113+I114+I115 -> 179.03479 | J105: =J106+J107+J108+J109+J110+J111+J112+J113+J114+J115 -> 85.222338 | K105: =K106+K107+K108+K109+K110+K111+K112+K113+K114+K115 -> 122.89427 | L105: =L106+L107+L108+L109+L110+L111+L112+L113+L114+L115 -> 221.39699 | ... BI105: =BI106+BI107+BI108+BI109+BI110+BI111+BI112+BI113+BI114+BI115 -> 4254.3993
C106: 440 | D106: Revenus des intérets | E106: ='4.1 Comptes 2021 natures'!E106/'4.1 Comptes 2021 natures'!E2 -> 18.85207 | F106: ='4.1 Comptes 2021 natures'!F106/'4.1 Comptes 2021 natures'!F2 -> 53.180604 | G106: ='4.1 Comptes 2021 natures'!G106/'4.1 Comptes 2021 natures'!G2 -> 15.48435 | H106: ='4.1 Comptes 2021 natures'!H106/'4.1 Comptes 2021 natures'!H2 -> 16.472711 | I106: ='4.1 Comptes 2021 natures'!I106/'4.1 Comptes 2021 natures'!I2 -> 39.667892 | J106: ='4.1 Comptes 2021 natures'!J106/'4.1 Comptes 2021 natures'!J2 -> 32.925133 | K106: ='4.1 Comptes 2021 natures'!K106/'4.1 Comptes 2021 natures'!K2 -> 34.841176 | L106: ='4.1 Comptes 2021 natures'!L106/'4.1 Comptes 2021 natures'!L2 -> 67.235109 | ... BE106: ='4.1 Comptes 2021 natures'!BE106/'4.1 Comptes 2021 natures'!BE2 -> 61.120555 | BF106: =SUM(E106:BE106) -> 1581.1578 | BG106: =SUM(E106:W106) -> 493.25368 | BH106: =SUM(X106:AJ106) -> 245.00639 | BI106: =SUM(AK106:BE106) -> 842.89768
C107: 441 | D107: Gains réalisés du PF | E107: ='4.1 Comptes 2021 natures'!E107/'4.1 Comptes 2021 natures'!E2 -> 0 | F107: ='4.1 Comptes 2021 natures'!F107/'4.1 Comptes 2021 natures'!F2 -> 0 | G107: ='4.1 Comptes 2021 natures'!G107/'4.1 Comptes 2021 natures'!G2 -> 0 | H107: ='4.1 Comptes 2021 natures'!H107/'4.1 Comptes 2021 natures'!H2 -> 0 | I107: ='4.1 Comptes 2021 natures'!I107/'4.1 Comptes 2021 natures'!I2 -> 0 | J107: ='4.1 Comptes 2021 natures'!J107/'4.1 Comptes 2021 natures'!J2 -> 0 | K107: ='4.1 Comptes 2021 natures'!K107/'4.1 Comptes 2021 natures'!K2 -> 0 | L107: ='4.1 Comptes 2021 natures'!L107/'4.1 Comptes 2021 natures'!L2 -> 0 | ... BE107: ='4.1 Comptes 2021 natures'!BE107/'4.1 Comptes 2021 natures'!BE2 -> 0 | BF107: =SUM(E107:BE107) -> 772.58811 | BG107: =SUM(E107:W107) -> 119.36616 | BH107: =SUM(X107:AJ107) -> 611.17006 | BI107: =SUM(AK107:BE107) -> 42.051891
C108: 442 | D108: Revenus de participations du PF | E108: ='4.1 Comptes 2021 natures'!E108/'4.1 Comptes 2021 natures'!E2 -> 0.041182682 | F108: ='4.1 Comptes 2021 natures'!F108/'4.1 Comptes 2021 natures'!F2 -> 0 | G108: ='4.1 Comptes 2021 natures'!G108/'4.1 Comptes 2021 natures'!G2 -> 0 | H108: ='4.1 Comptes 2021 natures'!H108/'4.1 Comptes 2021 natures'!H2 -> 0 | I108: ='4.1 Comptes 2021 natures'!I108/'4.1 Comptes 2021 natures'!I2 -> 1.9761856 | J108: ='4.1 Comptes 2021 natures'!J108/'4.1 Comptes 2021 natures'!J2 -> 0.45560538 | K108: ='4.1 Comptes 2021 natures'!K108/'4.1 Comptes 2021 natures'!K2 -> 0 | L108: ='4.1 Comptes 2021 natures'!L108/'4.1 Comptes 2021 natures'!L2 -> 2.8169324 | ... BE108: ='4.1 Comptes 2021 natures'!BE108/'4.1 Comptes 2021 natures'!BE2 -> 0.035778175 | BF108: =SUM(E108:BE108) -> 25.713494 | BG108: =SUM(E108:W108) -> 6.7083319 | BH108: =SUM(X108:AJ108) -> 4.3339841 | BI108: =SUM(AK108:BE108) -> 14.671178
C109: 443 | D109: Revenus des biens-fonds, des bâtiments et immeubles du PF | E109: ='4.1 Comptes 2021 natures'!E109/'4.1 Comptes 2021 natures'!E2 -> 24.352165 | F109: ='4.1 Comptes 2021 natures'!F109/'4.1 Comptes 2021 natures'!F2 -> 101.01925 | G109: ='4.1 Comptes 2021 natures'!G109/'4.1 Comptes 2021 natures'!G2 -> 231.23454 | H109: ='4.1 Comptes 2021 natures'!H109/'4.1 Comptes 2021 natures'!H2 -> 172.89294 | I109: ='4.1 Comptes 2021 natures'!I109/'4.1 Comptes 2021 natures'!I2 -> 106.56815 | J109: ='4.1 Comptes 2021 natures'!J109/'4.1 Comptes 2021 natures'!J2 -> 38.643169 | K109: ='4.1 Comptes 2021 natures'!K109/'4.1 Comptes 2021 natures'!K2 -> 50.375867 | L109: ='4.1 Comptes 2021 natures'!L109/'4.1 Comptes 2021 natures'!L2 -> 37.164428 | ... BE109: ='4.1 Comptes 2021 natures'!BE109/'4.1 Comptes 2021 natures'!BE2 -> 78.272987 | BF109: =SUM(E109:BE109) -> 4116.1183 | BG109: =SUM(E109:W109) -> 1381.791 | BH109: =SUM(X109:AJ109) -> 1233.2242 | BI109: =SUM(AK109:BE109) -> 1501.1031
C110: 444 | D110: Réévaluations des immobilisations du PF | E110: ='4.1 Comptes 2021 natures'!E110/'4.1 Comptes 2021 natures'!E2 -> 62.991711 | F110: ='4.1 Comptes 2021 natures'!F110/'4.1 Comptes 2021 natures'!F2 -> 0 | G110: ='4.1 Comptes 2021 natures'!G110/'4.1 Comptes 2021 natures'!G2 -> 0 | H110: ='4.1 Comptes 2021 natures'!H110/'4.1 Comptes 2021 natures'!H2 -> 0 | I110: ='4.1 Comptes 2021 natures'!I110/'4.1 Comptes 2021 natures'!I2 -> 11.503487 | J110: ='4.1 Comptes 2021 natures'!J110/'4.1 Comptes 2021 natures'!J2 -> 0.0029895366 | K110: ='4.1 Comptes 2021 natures'!K110/'4.1 Comptes 2021 natures'!K2 -> 0 | L110: ='4.1 Comptes 2021 natures'!L110/'4.1 Comptes 2021 natures'!L2 -> 0 | ... BE110: ='4.1 Comptes 2021 natures'!BE110/'4.1 Comptes 2021 natures'!BE2 -> 28.922182 | BF110: =SUM(E110:BE110) -> 880.85274 | BG110: =SUM(E110:W110) -> 305.68783 | BH110: =SUM(X110:AJ110) -> 273.01242 | BI110: =SUM(AK110:BE110) -> 302.15249
C111: 445 | D111: Revenus financiers de prêts et de participation du PA | E111: ='4.1 Comptes 2021 natures'!E111/'4.1 Comptes 2021 natures'!E2 -> 0 | F111: ='4.1 Comptes 2021 natures'!F111/'4.1 Comptes 2021 natures'!F2 -> 0 | G111: ='4.1 Comptes 2021 natures'!G111/'4.1 Comptes 2021 natures'!G2 -> 0 | H111: ='4.1 Comptes 2021 natures'!H111/'4.1 Comptes 2021 natures'!H2 -> 0 | I111: ='4.1 Comptes 2021 natures'!I111/'4.1 Comptes 2021 natures'!I2 -> 0 | J111: ='4.1 Comptes 2021 natures'!J111/'4.1 Comptes 2021 natures'!J2 -> 0 | K111: ='4.1 Comptes 2021 natures'!K111/'4.1 Comptes 2021 natures'!K2 -> 0 | L111: ='4.1 Comptes 2021 natures'!L111/'4.1 Comptes 2021 natures'!L2 -> 14.470631 | ... BE111: ='4.1 Comptes 2021 natures'!BE111/'4.1 Comptes 2021 natures'!BE2 -> 0 | BF111: =SUM(E111:BE111) -> 411.70808 | BG111: =SUM(E111:W111) -> 14.470631 | BH111: =SUM(X111:AJ111) -> 0 | BI111: =SUM(AK111:BE111) -> 397.23745
C112: 446 | D112: Revenus financiers d'entreprises publiques | E112: ='4.1 Comptes 2021 natures'!E112/'4.1 Comptes 2021 natures'!E2 -> 0 | F112: ='4.1 Comptes 2021 natures'!F112/'4.1 Comptes 2021 natures'!F2 -> 0 | G112: ='4.1 Comptes 2021 natures'!G112/'4.1 Comptes 2021 natures'!G2 -> 0 | H112: ='4.1 Comptes 2021 natures'!H112/'4.1 Comptes 2021 natures'!H2 -> 0 | I112: ='4.1 Comptes 2021 natures'!I112/'4.1 Comptes 2021 natures'!I2 -> 0 | J112: ='4.1 Comptes 2021 natures'!J112/'4.1 Comptes 2021 natures'!J2 -> 0 | K112: ='4.1 Comptes 2021 natures'!K112/'4.1 Comptes 2021 natures'!K2 -> 0 | L112: ='4.1 Comptes 2021 natures'!L112/'4.1 Comptes 2021 natures'!L2 -> 0 | ... BE112: ='4.1 Comptes 2021 natures'!BE112/'4.1 Comptes 2021 natures'!BE2 -> 0 | BF112: =SUM(E112:BE112) -> 0 | BG112: =SUM(E112:W112) -> 0 | BH112: =SUM(X112:AJ112) -> 0 | BI112: =SUM(AK112:BE112) -> 0
C113: 447 | D113: Revenus des biens-fonds, des bâtiments et immeubles du PA | E113: ='4.1 Comptes 2021 natures'!E113/'4.1 Comptes 2021 natures'!E2 -> 1.5701162 | F113: ='4.1 Comptes 2021 natures'!F113/'4.1 Comptes 2021 natures'!F2 -> 6 | G113: ='4.1 Comptes 2021 natures'!G113/'4.1 Comptes 2021 natures'!G2 -> 4.8614072 | H113: ='4.1 Comptes 2021 natures'!H113/'4.1 Comptes 2021 natures'!H2 -> 114.57859 | I113: ='4.1 Comptes 2021 natures'!I113/'4.1 Comptes 2021 natures'!I2 -> 19.518026 | J113: ='4.1 Comptes 2021 natures'!J113/'4.1 Comptes 2021 natures'!J2 -> 12.94133 | K113: ='4.1 Comptes 2021 natures'!K113/'4.1 Comptes 2021 natures'!K2 -> 37.677225 | L113: ='4.1 Comptes 2021 natures'!L113/'4.1 Comptes 2021 natures'!L2 -> 99.70989 | ... BE113: ='4.1 Comptes 2021 natures'!BE113/'4.1 Comptes 2021 natures'!BE2 -> 0 | BF113: =SUM(E113:BE113) -> 2568.8891 | BG113: =SUM(E113:W113) -> 717.55359 | BH113: =SUM(X113:AJ113) -> 808.45854 | BI113: =SUM(AK113:BE113) -> 1042.8769
...

Sheet 4.10 Comptes 2021 Hab. par com
A2: Comptes de résultats par natures 2021 en Fr. par habitant
A5: Communes : | D5: La Chaux-B.
E7: CHF
A8: 3 | D8: Charges | E8: =HLOOKUP($D$5,'4.9 Comptes 2021 par habitant'!$E$3:$BE$158,2,0) -> 6697.8907
B9: 30 | D9: Charges du personnel | E9: =SUM(E10:E17) -> 850.31562
C10: 300 | D10: Autorités et commissions | E10: =HLOOKUP($D$5,'4.9 Comptes 2021 par habitant'!$E$3:$BE$158,4,0) -> 54.786458
C11: 301 | D11: Personnel administratif et d'exploitation | E11: =HLOOKUP($D$5,'4.9 Comptes 2021 par habitant'!$E$3:$BE$158,5,0) -> 689.40885
C12: 302 | D12: Enseignants | E12: =HLOOKUP($D$5,'4.9 Comptes 2021 par habitant'!$E$3:$BE$158,6,0) -> 0
C13: 303 | D13: Personnel temporaire administratif et d'exploitation | E13: =HLOOKUP($D$5,'4.9 Comptes 2021 par habitant'!$E$3:$BE$158,7,0) -> 0
C14: 304 | D14: Allocations et indemnités | E14: =HLOOKUP($D$5,'4.9 Comptes 2021 par habitant'!$E$3:$BE$158,8,0) -> 0
C15: 305 | D15: Charges de l'employeur | E15: =HLOOKUP($D$5,'4.9 Comptes 2021 par habitant'!$E$3:$BE$158,9,0) -> 106.12031
C16: 306 | D16: Prestations sociales de l'employeur | E16: =HLOOKUP($D$5,'4.9 Comptes 2021 par habitant'!$E$3:$BE$158,10,0) -> 0
C17: 309 | D17: Autres charges du personnel | E17: =HLOOKUP($D$5,'4.9 Comptes 2021 par habitant'!$E$3:$BE$158,11,0) -> 0
B19: 31 | D19: Charges de biens et de services et autres charges d'exploitation | E19: =SUM(E20:E29) -> 1661.1707
C20: 310 | D20: Charges de matériel et de marchandises | E20: =HLOOKUP($D$5,'4.9 Comptes 2021 par habitant'!$E$3:$BE$158,14,0) -> 26.488229
C21: 311 | D21: Immobilisations ne pouvant être portées à l'actif | E21: =HLOOKUP($D$5,'4.9 Comptes 2021 par habitant'!$E$3:$BE$158,15,0) -> 0
C22: 312 | D22: Alimentations et éliminations des biens-fonds du PA | E22: =HLOOKUP($D$5,'4.9 Comptes 2021 par habitant'!$E$3:$BE$158,16,0) -> 724.50469
C23: 313 | D23: Prestations de services et honoraires | E23: =HLOOKUP($D$5,'4.9 Comptes 2021 par habitant'!$E$3:$BE$158,17,0) -> 389.59427
C24: 314 | D24: Gros entretien et entretien courtant du PA | E24: =HLOOKUP($D$5,'4.9 Comptes 2021 par habitant'!$E$3:$BE$158,18,0) -> 376.0625
C25: 315 | D25: Entretien des biens mobiliers et des immobilisations corporelles du PA | E25: =HLOOKUP($D$5,'4.9 Comptes 2021 par habitant'!$E$3:$BE$158,19,0) -> 63.8625
